Workbook

Sheet Cover Page
A20: Block, Inc.
A21: Historical financials as of Q3 2023
A23: Blue numbers | B23: Hardcoded historical financials
A24: Shaded grey | B24: Historical financial metrics items that are no longer disclosed in our financials and will continue to be excluded from our financials in the future
A27: The information contained in this file speaks only as of the particular date or dates included in the accompanying pages. Block, Inc. (the "Company") does not undertake an obligation to, and disclaims any duty to, update any of the information provided.
A30: The information contained in this file contains certain financial and other information reproduced or derived from more comprehensive information contained in our quarterly shareholders letters and periodic reports and other filings with the Securities and Exchange Commission (SEC). The information contained in this file is unaudited unless otherwise noted or accompanied by an audit opinion and is not intended as a substitute for, and should be read in the context of, the information contained in these other documents. In the event of any conflict, the information contained in our quarterly shareholders letters and our periodic reports and filings with the SEC shall take precedence. The information contained in this file speaks only as of the particular date or dates included in the accompanying pages.
A32: The file also contains certain non-GAAP financial measures. The Company uses non-GAAP financial measures, among other financial measures, to evaluate its operating performance. Management believes that excluding certain items that are not comparable from period to period can help investors compare operating performance between two periods. These non-GAAP financial measures should not be considered in isolation from, or as a substitute for, financial information prepared in accordance with GAAP. Other companies, including companies in our industry, may calculate the non-GAAP financial measures differently or not at all, which reduces their usefulness as comparative measures. Definitions for each non-GAAP financial measure are available in the shareholder letter for the corresponding periods.

Sheet GAAP IS
A1: Block, Inc.
A2: Condensed Consolidated Statements of Operations
A3: (In thousands, except for per share amounts)
A4: (Unaudited, except for full year data) | C4: Three months ended | G4: Three months ended | K4: Three months ended | O4: Three months ended | S4: Three months ended | W4: Three months ended | AA4: Three months ended | AE4: Three months ended | AI4: Three months ended | AM4: Year ended | AV4: Trailing twelve months
C5: 42094 | D5: =EOMONTH(C5,3) -> 42185 | E5: =EOMONTH(D5,3) -> 42277 | F5: =EOMONTH(E5,3) -> 42369 | G5: =EOMONTH(F5,3) -> 42460 | H5: =EOMONTH(G5,3) -> 42551 | I5: =EOMONTH(H5,3) -> 42643 | J5: =EOMONTH(I5,3) -> 42735 | K5: =EOMONTH(J5,3) -> 42825 | ... U5: =EOMONTH(T5,3) -> 43738 | V5: 43830 | W5: 43921 | X5: 44012 | Y5: 44104 | Z5: 44196 | AA5: 44286 | AB5: 44377 | AC5: 44469 | AD5: =EOMONTH(AC5,3) -> 44561 | AE5: 44651 | AF5: 44742 | AG5: 44834 | AH5: 44926 | AI5: 45016 | AJ5: 45107 | AK5: 45199 | AV5: 44834 | AW5: 45199
C6: Mar 31, | D6: June 30, | E6: Sep 30, | F6: Dec 31, | G6: Mar 31, | H6: June 30, | I6: Sep 30, | J6: Dec 31, | K6: Mar 31, | L6: June 30, | M6: Sep 30, | N6: Dec 31, | O6: Mar 31, | P6: June 30, | Q6: Sep 30, | R6: Dec 31, | S6: Mar 31, | T6: June 30, | U6: Sep 30, | V6: Dec 31, | W6: Mar 31, | X6: June 30, | Y6: Sep 30, | Z6: Dec 31, | AA6: Mar 31, | AB6: June 30, | AC6: Sep 30, | AD6: Dec 31, | AE6: Mar 31, | AF6: June 30, | AG6: Sep 30, | AH6: Dec 31, | AI6: Mar 31, | AJ6: June 30, | AK6: Sep 30, | AM6: Dec 31, | AN6: Dec 31, | AO6: Dec 31, | AP6: Dec 31, | AQ6: Dec 31, | AR6: Dec 31, | AS6: Dec 31, | AT6: Dec 31, | AV6: Sep 30, | AW6: Sep 30,
C7: 2015 | D7: 2015 | E7: 2015 | F7: 2015 | G7: 2016 | H7: 2016 | I7: 2016 | J7: 2016 | K7: 2017 | L7: 2017 | M7: 2017 | N7: 2017 | O7: 2018 | P7: 2018 | Q7: 2018 | R7: 2018 | S7: 2019 | T7: 2019 | U7: 2019 | V7: 2019 | W7: 2020 | X7: 2020 | Y7: 2020 | Z7: 2020 | AA7: 2021 | AB7: 2021 | AC7: 2021 | AD7: 2021 | AE7: 2022 | AF7: 2022 | AG7: 2022 | AH7: 2022 | AI7: 2023 | AJ7: 2023 | AK7: 2023 | AM7: 2015 | AN7: 2016 | AO7: 2017 | AP7: 2018 | AQ7: 2019 | AR7: 2020 | AS7: 2021 | AT7: 2022 | AV7: 2022 | AW7: 2023
A8: Revenue
A9: Transaction-based revenue | C9: 211110 | D9: 259864 | E9: 280955 | F9: 298516 | G9: 300453 | H9: 364864 | I9: 388347 | J9: 402496 | K9: 403478 | L9: 482065 | M9: 510019 | N9: 524612 | O9: 523037 | P9: 625228 | Q9: 655384 | R9: 667802 | S9: 656762 | T9: 775510 | U9: 816622 | V9: 832180 | W9: 758101 | X9: 682572 | Y9: 925294 | Z9: 929011 | AA9: 959733 | AB9: 1227472 | AC9: 1297040 | AD9: 1308901 | AE9: 1232969 | AF9: 1475707 | AG9: 1517890 | AH9: 1474974 | AI9: 1422705 | AJ9: 1637654 | AK9: 1658668 | AM9: =SUMIFS($C9:$V9,$C$7:$V$7,AM$7) -> 1050445 | AN9: =SUMIFS($C9:$V9,$C$7:$V$7,AN$7) -> 1456160 | AO9: =SUMIFS($C9:$V9,$C$7:$V$7,AO$7) -> 1920174 | AP9: =SUMIFS($C9:$V9,$C$7:$V$7,AP$7) -> 2471451 | AQ9: =SUMIFS($C9:$V9,$C$7:$V$7,AQ$7) -> 3081074 | AR9: =SUMIFS($C9:$Z9,$C$7:$Z$7,AR$7) -> 3294978 | AS9: =SUMIFS($C9:$AD9,$C$7:$AD$7,AS$7) -> 4793146 | AT9: =SUMIFS($C9:$AH9,$C$7:$AH$7,AT$7) -> 5701540 | AV9: =SUMIFS($C9:$AJ9,$C$5:$AJ$5,"<="&AV$5,$C$5:$AJ$5,">"&EOMONTH(AV$5,-12)) -> 5535467 | AW9: =SUMIFS($C9:$AK9,$C$5:$AK$5,"<="&AW$5,$C$5:$AK$5,">"&EOMONTH(AW$5,-12)) -> 6194001
A10: Starbucks transaction-based revenue | C10: 29237 | D10: 33630 | E10: 32332 | F10: 47084 | G10: 38838 | H10: 32867 | I10: 7164 | J10: 34 | AM10: =SUMIFS($C10:$V10,$C$7:$V$7,AM$7) -> 142283 | AN10: =SUMIFS($C10:$V10,$C$7:$V$7,AN$7) -> 78903
A11: Subscription and services-based revenue | C11: 8006 | D11: 12928 | E11: 14694 | F11: 22385 | G11: 23796 | H11: 29717 | I11: 35320 | J11: 40518 | K11: 49060 | L11: 59151 | M11: 65051 | N11: 79402 | O11: 97054 | P11: 134332 | Q11: 166203 | R11: 194117 | S11: 218857 | T11: 251383 | U11: 279801 | V11: 281415 | W11: 296235 | X11: 346275 | Y11: 447522 | Z11: 449371 | AA11: 557681 | AB11: 685178 | AC11: 694770 | AD11: 772102 | AE11: 959557 | AF11: 1094856 | AG11: 1191511 | AH11: 1306849 | AI11: 1366224 | AJ11: 1461497 | AK11: 1492900 | AM11: =SUMIFS($C11:$V11,$C$7:$V$7,AM$7) -> 58013 | AN11: =SUMIFS($C11:$V11,$C$7:$V$7,AN$7) -> 129351 | AO11: =SUMIFS($C11:$V11,$C$7:$V$7,AO$7) -> 252664 | AP11: =SUMIFS($C11:$V11,$C$7:$V$7,AP$7) -> 591706 | AQ11: =SUMIFS($C11:$V11,$C$7:$V$7,AQ$7) -> 1031456 | AR11: =SUMIFS($C11:$Z11,$C$7:$Z$7,AR$7) -> 1539403 | AS11: =SUMIFS($C11:$AD11,$C$7:$AD$7,AS$7) -> 2709731 | AT11: =SUMIFS($C11:$AH11,$C$7:$AH$7,AT$7) -> 4552773 | AV11: =SUMIFS($C11:$AJ11,$C$5:$AJ$5,"<="&AV$5,$C$5:$AJ$5,">"&EOMONTH(AV$5,-12)) -> 4018026 | AW11: =SUMIFS($C11:$AK11,$C$5:$AK$5,"<="&AW$5,$C$5:$AK$5,">"&EOMONTH(AW$5,-12)) -> 5627470
A12: Hardware revenue | C12: 2204 | D12: 3591 | E12: 4207 | F12: 6375 | G12: 16182 | H12: 11085 | I12: 8171 | J12: 8869 | K12: 9016 | L12: 10289 | M12: 10089 | N12: 12021 | O12: 14417 | P12: 18362 | Q12: 17558 | R12: 18166 | S12: 18212 | T12: 22260 | U12: 21766 | V12: 22267 | W12: 20675 | X12: 19322 | Y12: 27294 | Z12: 24363 | AA12: 28788 | AB12: 43726 | AC12: 37255 | AD12: 35910 | AE12: 37326 | AF12: 48051 | AG12: 43388 | AH12: 35653 | AI12: 37451 | AJ12: 44922 | AK12: 42341 | AM12: =SUMIFS($C12:$V12,$C$7:$V$7,AM$7) -> 16377 | AN12: =SUMIFS($C12:$V12,$C$7:$V$7,AN$7) -> 44307 | AO12: =SUMIFS($C12:$V12,$C$7:$V$7,AO$7) -> 41415 | AP12: =SUMIFS($C12:$V12,$C$7:$V$7,AP$7) -> 68503 | AQ12: =SUMIFS($C12:$V12,$C$7:$V$7,AQ$7) -> 84505 | AR12: =SUMIFS($C12:$Z12,$C$7:$Z$7,AR$7) -> 91654 | AS12: =SUMIFS($C12:$AD12,$C$7:$AD$7,AS$7) -> 145679 | AT12: =SUMIFS($C12:$AH12,$C$7:$AH$7,AT$7) -> 164418 | AV12: =SUMIFS($C12:$AJ12,$C$5:$AJ$5,"<="&AV$5,$C$5:$AJ$5,">"&EOMONTH(AV$5,-12)) -> 164675 | AW12: =SUMIFS($C12:$AK12,$C$5:$AK$5,"<="&AW$5,$C$5:$AK$5,">"&EOMONTH(AW$5,-12)) -> 160367
A13: Bitcoin revenue | O13: 34095 | P13: 37016 | Q13: 42963 | R13: 52443 | S13: 65528 | T13: 125085 | U13: 148285 | V13: 177567 | W13: 306098 | X13: 875456 | Y13: 1633764 | Z13: 1756225 | AA13: 3511068 | AB13: 2724296 | AC13: 1815662 | AD13: 1961621 | AE13: 1730793 | AF13: 1785885 | AG13: 1762752 | AH13: 1833426 | AI13: 2163751 | AJ13: 2390884 | AK13: 2423584 | AP13: =SUMIFS($C13:$V13,$C$7:$V$7,AP$7) -> 166517 | AQ13: =SUMIFS($C13:$V13,$C$7:$V$7,AQ$7) -> 516465 | AR13: =SUMIFS($C13:$Z13,$C$7:$Z$7,AR$7) -> 4571543 | AS13: =SUMIFS($C13:$AD13,$C$7:$AD$7,AS$7) -> 10012647 | AT13: =SUMIFS($C13:$AH13,$C$7:$AH$7,AT$7) -> 7112856 | AV13: =SUMIFS($C13:$AJ13,$C$5:$AJ$5,"<="&AV$5,$C$5:$AJ$5,">"&EOMONTH(AV$5,-12)) -> 7241051 | AW13: =SUMIFS($C13:$AK13,$C$5:$AK$5,"<="&AW$5,$C$5:$AK$5,">"&EOMONTH(AW$5,-12)) -> 8811645
A14: Total net revenue | C14: =SUM(C9:C13) -> 250557 | D14: =SUM(D9:D13) -> 310013 | E14: =SUM(E9:E13) -> 332188 | F14: =SUM(F9:F13) -> 374360 | G14: =SUM(G9:G13) -> 379269 | H14: =SUM(H9:H13) -> 438533 | I14: =SUM(I9:I13) -> 439002 | J14: =SUM(J9:J13) -> 451917 | ... AK14: =SUM(AK9:AK13) -> 5617493 | AM14: =SUMIFS($C14:$V14,$C$7:$V$7,AM$7) -> 1267118 | AN14: =SUMIFS($C14:$V14,$C$7:$V$7,AN$7) -> 1708721 | AO14: =SUMIFS($C14:$V14,$C$7:$V$7,AO$7) -> 2214253 | AP14: =SUMIFS($C14:$V14,$C$7:$V$7,AP$7) -> 3298177 | AQ14: =SUMIFS($C14:$V14,$C$7:$V$7,AQ$7) -> 4713500 | AR14: =SUMIFS($C14:$Z14,$C$7:$Z$7,AR$7) -> 9497578 | AS14: =SUMIFS($C14:$AD14,$C$7:$AD$7,AS$7) -> 17661203 | AT14: =SUMIFS($C14:$AH14,$C$7:$AH$7,AT$7) -> 17531587 | AV14: =SUMIFS($C14:$AJ14,$C$5:$AJ$5,"<="&AV$5,$C$5:$AJ$5,">"&EOMONTH(AV$5,-12)) -> 16959219 | AW14: =SUMIFS($C14:$AK14,$C$5:$AK$5,"<="&AW$5,$C$5:$AK$5,">"&EOMONTH(AW$5,-12)) -> 20793483
A16: Cost of revenue
A17: Transaction-based costs | C17: 132107 | D17: 165823 | E17: 182007 | F17: 192730 | G17: 194276 | H17: 234857 | I17: 254061 | J17: 260006 | K17: 257778 | L17: 311092 | M17: 328043 | N17: 333377 | O17: 327911 | P17: 395349 | Q17: 414456 | R17: 420846 | S17: 409210 | T17: 490490 | U17: 519453 | V17: 519381 | W17: 466466 | X17: 389136 | Y17: 524056 | Z17: 536986 | AA17: 524281 | AB17: 682348 | AC17: 751794 | AD17: 761079 | AE17: 716236 | AF17: 875762 | AG17: 901990 | AH17: 870040 | AI17: 820787 | AJ17: 950523 | AK17: 984658 | AM17: =SUMIFS($C17:$V17,$C$7:$V$7,AM$7) -> 672667 | AN17: =SUMIFS($C17:$V17,$C$7:$V$7,AN$7) -> 943200 | AO17: =SUMIFS($C17:$V17,$C$7:$V$7,AO$7) -> 1230290 | AP17: =SUMIFS($C17:$V17,$C$7:$V$7,AP$7) -> 1558562 | AQ17: =SUMIFS($C17:$V17,$C$7:$V$7,AQ$7) -> 1938534 | AR17: =SUMIFS($C17:$Z17,$C$7:$Z$7,AR$7) -> 1916644 | AS17: =SUMIFS($C17:$AD17,$C$7:$AD$7,AS$7) -> 2719502 | AT17: =SUMIFS($C17:$AH17,$C$7:$AH$7,AT$7) -> 3364028 | AV17: =SUMIFS($C17:$AJ17,$C$5:$AJ$5,"<="&AV$5,$C$5:$AJ$5,">"&EOMONTH(AV$5,-12)) -> 3255067 | AW17: =SUMIFS($C17:$AK17,$C$5:$AK$5,"<="&AW$5,$C$5:$AK$5,">"&EOMONTH(AW$5,-12)) -> 3626008
A18: Starbucks transaction-based costs | C18: 36211 | D18: 40921 | E18: 41410 | F18: 46896 | G18: 36610 | H18: 28672 | I18: 4528 | J18: -49 | AM18: =SUMIFS($C18:$U18,$C$7:$U$7,AM$7) -> 165438 | AN18: =SUMIFS($C18:$U18,$C$7:$U$7,AN$7) -> 69761
A19: Subscription and services-based costs | C19: 3155 | D19: 5072 | E19: 5593 | F19: 8650 | G19: 9033 | H19: 10144 | I19: 12524 | J19: 11431 | K19: 15876 | L19: 17116 | M19: 18169 | N19: 24559 | O19: 30368 | P19: 39784 | Q19: 47078 | R19: 52654 | S19: 61174 | T19: 61113 | U19: 64561 | V19: 51472 | W19: 41908 | X19: 51365 | Y19: 68528 | Z19: 66848 | AA19: 88572 | AB19: 120810 | AC19: 128177 | AD19: 145497 | AE19: 182857 | AF19: 213271 | AG19: 225903 | AH19: 239714 | AI19: 264092 | AJ19: 279223 | AK19: 259262 | AM19: =SUMIFS($C19:$V19,$C$7:$V$7,AM$7) -> 22470 | AN19: =SUMIFS($C19:$U19,$C$7:$U$7,AN$7) -> 43132 | AO19: =SUMIFS($C19:$U19,$C$7:$U$7,AO$7) -> 75720 | AP19: =SUMIFS($C19:$U19,$C$7:$U$7,AP$7) -> 169884 | AQ19: =SUMIFS($C19:$V19,$C$7:$V$7,AQ$7) -> 238320 | AR19: =SUMIFS($C19:$Z19,$C$7:$Z$7,AR$7) -> 228649 | AS19: =SUMIFS($C19:$AD19,$C$7:$AD$7,AS$7) -> 483056 | AT19: =SUMIFS($C19:$AH19,$C$7:$AH$7,AT$7) -> 861745 | AV19: =SUMIFS($C19:$AJ19,$C$5:$AJ$5,"<="&AV$5,$C$5:$AJ$5,">"&EOMONTH(AV$5,-12)) -> 767528 | AW19: =SUMIFS($C19:$AK19,$C$5:$AK$5,"<="&AW$5,$C$5:$AK$5,">"&EOMONTH(AW$5,-12)) -> 1042291
A20: Hardware costs | C20: 4197 | D20: 6713 | E20: 5726 | F20: 14238 | G20: 26740 | H20: 14015 | I20: 15689 | J20: 12118 | K20: 12662 | L20: 14173 | M20: 18775 | N20: 16783 | O20: 19702 | P20: 25536 | Q20: 23229 | R20: 25647 | S20: 27525 | T20: 33852 | U20: 36256 | V20: 41089 | W20: 34808 | X20: 28320 | Y20: 45220 | Z20: 35994 | AA20: 40482 | AB20: 61403 | AC20: 51150 | AD20: 68150 | AE20: 63664 | AF20: 83494 | AG20: 76002 | AH20: 63835 | AI20: 58785 | AJ20: 74085 | AK20: 78338 | AM20: =SUMIFS($C20:$U20,$C$7:$U$7,AM$7) -> 30874 | AN20: =SUMIFS($C20:$U20,$C$7:$U$7,AN$7) -> 68562 | AO20: =SUMIFS($C20:$U20,$C$7:$U$7,AO$7) -> 62393 | AP20: =SUMIFS($C20:$U20,$C$7:$U$7,AP$7) -> 94114 | AQ20: =SUMIFS($C20:$V20,$C$7:$V$7,AQ$7) -> 138722 | AR20: =SUMIFS($C20:$Z20,$C$7:$Z$7,AR$7) -> 144342 | AS20: =SUMIFS($C20:$AD20,$C$7:$AD$7,AS$7) -> 221185 | AT20: =SUMIFS($C20:$AH20,$C$7:$AH$7,AT$7) -> 286995 | AV20: =SUMIFS($C20:$AJ20,$C$5:$AJ$5,"<="&AV$5,$C$5:$AJ$5,">"&EOMONTH(AV$5,-12)) -> 291310 | AW20: =SUMIFS($C20:$AK20,$C$5:$AK$5,"<="&AW$5,$C$5:$AK$5,">"&EOMONTH(AW$5,-12)) -> 275043
A21: Bitcoin costs | O21: 33872 | P21: 36596 | Q21: 42408 | R21: 51951 | S21: 64696 | T21: 122938 | U21: 146167 | V21: 174438 | W21: 299426 | X21: 858041 | Y21: 1601615 | Z21: 1715452 | AA21: 3436135 | AB21: 2669641 | AC21: 1774040 | AD21: 1915176 | AE21: 1687459 | AF21: 1744425 | AG21: 1726051 | AH21: 1798798 | AI21: 2113375 | AJ21: 2346633 | AK21: 2378906 | AP21: =SUMIFS($C21:$U21,$C$7:$U$7,AP$7) -> 164827 | AQ21: =SUMIFS($C21:$V21,$C$7:$V$7,AQ$7) -> 508239 | AR21: =SUMIFS($C21:$Z21,$C$7:$Z$7,AR$7) -> 4474534 | AS21: =SUMIFS($C21:$AD21,$C$7:$AD$7,AS$7) -> 9794992 | AT21: =SUMIFS($C21:$AH21,$C$7:$AH$7,AT$7) -> 6956733 | AV21: =SUMIFS($C21:$AJ21,$C$5:$AJ$5,"<="&AV$5,$C$5:$AJ$5,">"&EOMONTH(AV$5,-12)) -> 7073111 | AW21: =SUMIFS($C21:$AK21,$C$5:$AK$5,"<="&AW$5,$C$5:$AK$5,">"&EOMONTH(AW$5,-12)) -> 8637712
A22: Amortization of acquired technology assets(1) | C22: 602 | D22: 1142 | E22: 1142 | F22: 2753 | G22: 2370 | H22: 1886 | I22: 1886 | J22: 1886 | K22: 1807 | L22: 1695 | M22: 1556 | N22: 1486 | O22: 1580 | P22: 1857 | Q22: 2277 | R22: 1376 | S22: 0 | T22: 0 | U22: 0 | V22: 0 | W22: 0 | X22: 0 | Y22: 0 | Z22: 0 | AA22: 4300 | AB22: 5405 | AC22: 6351 | AD22: 6590 | AE22: 15469 | AF22: 17899 | AG22: 18506 | AH22: 18320 | AI22: 18508 | AJ22: 18392 | AK22: 17880 | AM22: =SUMIFS($C22:$U22,$C$7:$U$7,AM$7) -> 5639 | AN22: =SUMIFS($C22:$U22,$C$7:$U$7,AN$7) -> 8028 | AO22: =SUMIFS($C22:$U22,$C$7:$U$7,AO$7) -> 6544 | AP22: =SUMIFS($C22:$U22,$C$7:$U$7,AP$7) -> 7090 | AQ22: =SUMIFS($C22:$V22,$C$7:$V$7,AQ$7) -> 0 | AR22: =SUMIFS($C22:$Z22,$C$7:$Z$7,AR$7) -> 0 | AS22: 22645 | AT22: =SUMIFS($C22:$AH22,$C$7:$AH$7,AT$7) -> 70194 | AV22: =SUMIFS($C22:$AJ22,$C$5:$AJ$5,"<="&AV$5,$C$5:$AJ$5,">"&EOMONTH(AV$5,-12)) -> 58464 | AW22: =SUMIFS($C22:$AK22,$C$5:$AK$5,"<="&AW$5,$C$5:$AK$5,">"&EOMONTH(AW$5,-12)) -> 73100
A23: Total cost of revenue | C23: =SUM(C17:C22) -> 176272 | D23: =SUM(D17:D22) -> 219671 | E23: =SUM(E17:E22) -> 235878 | F23: =SUM(F17:F22) -> 265267 | G23: =SUM(G17:G22) -> 269029 | H23: =SUM(H17:H22) -> 289574 | I23: =SUM(I17:I22) -> 288688 | J23: =SUM(J17:J22) -> 285392 | ... AK23: =SUM(AK17:AK22) -> 3719044 | AM23: =SUMIFS($C23:$U23,$C$7:$U$7,AM$7) -> 897088 | AN23: =SUMIFS($C23:$U23,$C$7:$U$7,AN$7) -> 1132683 | AO23: =SUMIFS($C23:$U23,$C$7:$U$7,AO$7) -> 1374947 | AP23: =SUMIFS($C23:$U23,$C$7:$U$7,AP$7) -> 1994477 | AQ23: =SUMIFS($C23:$V23,$C$7:$V$7,AQ$7) -> 2823815 | AR23: =SUMIFS($C23:$Z23,$C$7:$Z$7,AR$7) -> 6764169 | AS23: =SUM(AS17:AS22) -> 13241380 | AT23: =SUMIFS($C23:$AH23,$C$7:$AH$7,AT$7) -> 11539695 | AV23: =SUMIFS($C23:$AJ23,$C$5:$AJ$5,"<="&AV$5,$C$5:$AJ$5,">"&EOMONTH(AV$5,-12)) -> 11445480 | AW23: =SUMIFS($C23:$AK23,$C$5:$AK$5,"<="&AW$5,$C$5:$AK$5,">"&EOMONTH(AW$5,-12)) -> 13654154
A24: Gross profit | C24: =C14-C23 -> 74285 | D24: =D14-D23 -> 90342 | E24: =E14-E23 -> 96310 | F24: =F14-F23 -> 109093 | G24: =G14-G23 -> 110240 | H24: =H14-H23 -> 148959 | I24: =I14-I23 -> 150314 | J24: =J14-J23 -> 166525 | ... AK24: =AK14-AK23 -> 1898449 | AM24: =SUMIFS($C24:$U24,$C$7:$U$7,AM$7) -> 370030 | AN24: =SUMIFS($C24:$U24,$C$7:$U$7,AN$7) -> 576038 | AO24: =SUMIFS($C24:$U24,$C$7:$U$7,AO$7) -> 839306 | AP24: =SUMIFS($C24:$U24,$C$7:$U$7,AP$7) -> 1303700 | AQ24: =SUMIFS($C24:$V24,$C$7:$V$7,AQ$7) -> 1889685 | AR24: =SUMIFS($C24:$Z24,$C$7:$Z$7,AR$7) -> 2733409 | AS24: =AS14-AS23 -> 4419823 | AT24: =SUMIFS($C24:$AH24,$C$7:$AH$7,AT$7) -> 5991892 | AV24: =SUMIFS($C24:$AJ24,$C$5:$AJ$5,"<="&AV$5,$C$5:$AJ$5,">"&EOMONTH(AV$5,-12)) -> 5513739 | AW24: =SUMIFS($C24:$AK24,$C$5:$AK$5,"<="&AW$5,$C$5:$AK$5,">"&EOMONTH(AW$5,-12)) -> 7139329
A26: Operating expenses
A27: Product development | C27: 39545 | D27: 45887 | E27: 55020 | F27: 59186 | G27: 64592 | H27: 68638 | I27: 70418 | J27: 64889 | K27: 68582 | L27: 78126 | M27: 82547 | N27: 92633 | O27: 105095 | P27: 114800 | Q27: 135773 | R27: 141811 | S27: 155240 | T27: 175090 | U27: 169661 | V27: 174174 | W27: 195876 | X27: 207730 | Y27: 227550 | Z27: 254525 | AA27: 307711 | AB27: 324058 | AC27: 360729 | AD27: 391343 | AE27: 458224 | AF27: 524827 | AG27: 548037 | AH27: 604524 | AI27: 626937 | AJ27: 694672 | AK27: 713788 | AM27: =SUMIFS($C27:$V27,$C$7:$V$7,AM$7) -> 199638 | AN27: =SUMIFS($C27:$U27,$C$7:$U$7,AN$7) -> 268537 | AO27: =SUMIFS($C27:$U27,$C$7:$U$7,AO$7) -> 321888 | AP27: =SUMIFS($C27:$U27,$C$7:$U$7,AP$7) -> 497479 | AQ27: =SUMIFS($C27:$V27,$C$7:$V$7,AQ$7) -> 674165 | AR27: =SUMIFS($C27:$Z27,$C$7:$Z$7,AR$7) -> 885681 | AS27: =SUMIFS($C27:$AD27,$C$7:$AD$7,AS$7) -> 1383841 | AT27: =SUMIFS($C27:$AH27,$C$7:$AH$7,AT$7) -> 2135612 | AV27: =SUMIFS($C27:$AJ27,$C$5:$AJ$5,"<="&AV$5,$C$5:$AJ$5,">"&EOMONTH(AV$5,-12)) -> 1922431 | AW27: =SUMIFS($C27:$AK27,$C$5:$AK$5,"<="&AW$5,$C$5:$AK$5,">"&EOMONTH(AW$5,-12)) -> 2639921
A28: Sales and marketing | C28: 36181 | D28: 31730 | E28: 39259 | F28: 38448 | G28: 38496 | H28: 39220 | I28: 46754 | J28: 49406 | K28: 49900 | L28: 59916 | M28: 66533 | N28: 76821 | O28: 77266 | P28: 98243 | Q28: 116337 | R28: 119305 | S28: 133848 | T28: 156556 | U28: 149491 | V28: 185231 | W28: 194535 | X28: 238096 | Y28: 348463 | Z28: 328576 | AA28: 349460 | AB28: 373878 | AC28: 409073 | AD28: 484778 | AE28: 501562 | AF28: 530827 | AG28: 485838 | AH28: 539724 | AI28: 496011 | AJ28: 537607 | AK28: 479381 | AM28: =SUMIFS($C28:$U28,$C$7:$U$7,AM$7) -> 145618 | AN28: =SUMIFS($C28:$U28,$C$7:$U$7,AN$7) -> 173876 | AO28: =SUMIFS($C28:$U28,$C$7:$U$7,AO$7) -> 253170 | AP28: =SUMIFS($C28:$U28,$C$7:$U$7,AP$7) -> 411151 | AQ28: =SUMIFS($C28:$V28,$C$7:$V$7,AQ$7) -> 625126 | AR28: =SUMIFS($C28:$Z28,$C$7:$Z$7,AR$7) -> 1109670 | AS28: =SUMIFS($C28:$AD28,$C$7:$AD$7,AS$7) -> 1617189 | AT28: =SUMIFS($C28:$AH28,$C$7:$AH$7,AT$7) -> 2057951 | AV28: =SUMIFS($C28:$AJ28,$C$5:$AJ$5,"<="&AV$5,$C$5:$AJ$5,">"&EOMONTH(AV$5,-12)) -> 2003005 | AW28: =SUMIFS($C28:$AK28,$C$5:$AK$5,"<="&AW$5,$C$5:$AK$5,">"&EOMONTH(AW$5,-12)) -> 2052723
A29: General and administrative | C29: 28119 | D29: 31804 | E29: 37820 | F29: 45723 | G29: 96107 | H29: 50784 | I29: 52075 | J29: 53027 | K29: 56935 | L29: 62988 | M29: 64312 | N29: 66318 | O29: 75501 | P29: 82772 | Q29: 85527 | R29: 95445 | S29: 101867 | T29: 100778 | U29: 116069 | V29: 118164 | W29: 129495 | X29: 136386 | Y29: 153902 | Z29: 159420 | AA29: 195783 | AB29: 220892 | AC29: 267348 | AD29: 298794 | AE29: 444149 | AF29: 395720 | AG29: 395437 | AH29: 451543 | AI29: 432825 | AJ29: 549293 | AK29: 480885 | AM29: =SUMIFS($C29:$U29,$C$7:$U$7,AM$7) -> 143466 | AN29: =SUMIFS($C29:$U29,$C$7:$U$7,AN$7) -> 251993 | AO29: =SUMIFS($C29:$U29,$C$7:$U$7,AO$7) -> 250553 | AP29: =SUMIFS($C29:$U29,$C$7:$U$7,AP$7) -> 339245 | AQ29: =SUMIFS($C29:$V29,$C$7:$V$7,AQ$7) -> 436878 | AR29: =SUMIFS($C29:$Z29,$C$7:$Z$7,AR$7) -> 579203 | AS29: =SUMIFS($C29:$AD29,$C$7:$AD$7,AS$7) -> 982817 | AT29: =SUMIFS($C29:$AH29,$C$7:$AH$7,AT$7) -> 1686849 | AV29: =SUMIFS($C29:$AJ29,$C$5:$AJ$5,"<="&AV$5,$C$5:$AJ$5,">"&EOMONTH(AV$5,-12)) -> 1534100 | AW29: =SUMIFS($C29:$AK29,$C$5:$AK$5,"<="&AW$5,$C$5:$AK$5,">"&EOMONTH(AW$5,-12)) -> 1914546
A30: Transaction, loan, and consumer receivable losses | C30: 16322 | D30: 8513 | E30: 16005 | F30: 13169 | G30: 7861 | H30: 17455 | I30: 12885 | J30: 13034 | K30: 11891 | L30: 18401 | M30: 19893 | N30: 16833 | O30: 18031 | P30: 21976 | Q30: 23596 | R30: 24474 | S30: 27841 | T30: 34264 | U30: 32722 | V30: 32132 | W30: 108883 | X30: 37603 | Y30: 15198 | Z30: 15986 | AA30: 20395 | AB30: 48173 | AC30: 62306 | AD30: 57117 | AE30: 91150 | AF30: 156697 | AG30: 147586 | AH30: 155250 | AI30: 127896 | AJ30: 179771 | AK30: 177338 | AM30: =SUMIFS($C30:$U30,$C$7:$U$7,AM$7) -> 54009 | AN30: =SUMIFS($C30:$U30,$C$7:$U$7,AN$7) -> 51235 | AO30: =SUMIFS($C30:$U30,$C$7:$U$7,AO$7) -> 67018 | AP30: =SUMIFS($C30:$U30,$C$7:$U$7,AP$7) -> 88077 | AQ30: =SUMIFS($C30:$V30,$C$7:$V$7,AQ$7) -> 126959 | AR30: =SUMIFS($C30:$Z30,$C$7:$Z$7,AR$7) -> 177670 | AS30: =SUMIFS($C30:$AD30,$C$7:$AD$7,AS$7) -> 187991 | AT30: =SUMIFS($C30:$AH30,$C$7:$AH$7,AT$7) -> 550683 | AV30: =SUMIFS($C30:$AJ30,$C$5:$AJ$5,"<="&AV$5,$C$5:$AJ$5,">"&EOMONTH(AV$5,-12)) -> 452550 | AW30: =SUMIFS($C30:$AK30,$C$5:$AK$5,"<="&AW$5,$C$5:$AK$5,">"&EOMONTH(AW$5,-12)) -> 640255
A31: Bitcoin impairment losses | AA31: 19860 | AB31: 45266 | AC31: 6000 | AD31: 0 | AE31: 0 | AF31: 35961 | AG31: 1619 | AH31: 8991 | AI31: 0 | AJ31: 0 | AK31: 0 | AS31: =SUMIFS($C31:$AD31,$C$7:$AD$7,AS$7) -> 71126 | AT31: =SUMIFS($C31:$AH31,$C$7:$AH$7,AT$7) -> 46571 | AV31: =SUMIFS($C31:$AJ31,$C$5:$AJ$5,"<="&AV$5,$C$5:$AJ$5,">"&EOMONTH(AV$5,-12)) -> 37580 | AW31: =SUMIFS($C31:$AK31,$C$5:$AK$5,"<="&AW$5,$C$5:$AK$5,">"&EOMONTH(AW$5,-12)) -> 8991
A32: Amortization of customer and other acquired intangible assets(2) | C32: 468 | D32: 482 | E32: 423 | F32: 384 | G32: 317 | H32: 222 | I32: 164 | J32: 147 | K32: 205 | L32: 222 | M32: 222 | N32: 234 | O32: 269 | P32: 672 | Q32: 1294 | R32: 2127 | S32: 0 | T32: 0 | U32: 0 | V32: 0 | W32: 0 | X32: 0 | Y32: 0 | Z32: 0 | AA32: 2557 | AB32: 3802 | AC32: 4763 | AD32: 4625 | AE32: 26664 | AF32: 39389 | AG32: 37361 | AH32: 35344 | AI32: 37087 | AJ32: 36865 | AK32: 56965 | AM32: =SUMIFS($C32:$U32,$C$7:$U$7,AM$7) -> 1757 | AN32: =SUMIFS($C32:$U32,$C$7:$U$7,AN$7) -> 850 | AO32: =SUMIFS($C32:$U32,$C$7:$U$7,AO$7) -> 883 | AP32: =SUMIFS($C32:$U32,$C$7:$U$7,AP$7) -> 4362 | AQ32: =SUMIFS($C32:$V32,$C$7:$V$7,AQ$7) -> 0 | AR32: =SUMIFS($C32:$Z32,$C$7:$Z$7,AR$7) -> 0 | AS32: =SUMIFS($C32:$AD32,$C$7:$AD$7,AS$7) -> 15747 | AT32: =SUMIFS($C32:$AH32,$C$7:$AH$7,AT$7) -> 138758 | AV32: =SUMIFS($C32:$AJ32,$C$5:$AJ$5,"<="&AV$5,$C$5:$AJ$5,">"&EOMONTH(AV$5,-12)) -> 108039 | AW32: =SUMIFS($C32:$AK32,$C$5:$AK$5,"<="&AW$5,$C$5:$AK$5,">"&EOMONTH(AW$5,-12)) -> 166261
A33: Total operating expenses | C33: =SUM(C27:C32) -> 120635 | D33: =SUM(D27:D32) -> 118416 | E33: =SUM(E27:E32) -> 148527 | F33: =SUM(F27:F32) -> 156910 | G33: =SUM(G27:G32) -> 207373 | H33: =SUM(H27:H32) -> 176319 | I33: =SUM(I27:I32) -> 182296 | J33: =SUM(J27:J32) -> 180503 | ... AK33: =SUM(AK27:AK32) -> 1908357 | AM33: =SUMIFS($C33:$U33,$C$7:$U$7,AM$7) -> 544488 | AN33: =SUMIFS($C33:$U33,$C$7:$U$7,AN$7) -> 746491 | AO33: =SUMIFS($C33:$U33,$C$7:$U$7,AO$7) -> 893512 | AP33: =SUMIFS($C33:$U33,$C$7:$U$7,AP$7) -> 1340314 | AQ33: =SUMIFS($C33:$V33,$C$7:$V$7,AQ$7) -> 1863128 | AR33: =SUMIFS($C33:$Z33,$C$7:$Z$7,AR$7) -> 2752224 | AS33: =SUM(AS27:AS32) -> 4258711 | AT33: =SUMIFS($C33:$AH33,$C$7:$AH$7,AT$7) -> 6616424 | AV33: =SUMIFS($C33:$AJ33,$C$5:$AJ$5,"<="&AV$5,$C$5:$AJ$5,">"&EOMONTH(AV$5,-12)) -> 6057705 | AW33: =SUMIFS($C33:$AK33,$C$5:$AK$5,"<="&AW$5,$C$5:$AK$5,">"&EOMONTH(AW$5,-12)) -> 7422697
A34: Operating income (loss) | C34: =C24-C33 -> -46350 | D34: =D24-D33 -> -28074 | E34: =E24-E33 -> -52217 | F34: =F24-F33 -> -47817 | G34: =G24-G33 -> -97133 | H34: =H24-H33 -> -27360 | I34: =I24-I33 -> -31982 | J34: =J24-J33 -> -13978 | ... W34: =W24-W33 -> -90288 | X34: -23052 | Y34: 49342 | Z34: =-18815-SUM(W34:Y34) -> 45183 | AA34: =AA24-AA33 -> 67734 | AB34: =AB24-AB33 -> 124996 | AC34: =AC24-AC33 -> 22996 | AD34: =AD24-AD33 -> -54615 | AE34: =AE24-AE33 -> -226789 | AF34: =AF24-AF33 -> -213773 | AG34: =AG24-AG33 -> -48789 | AH34: =AH24-AH33 -> -135181 | ... AK34: =AK24-AK33 -> -9908 | AM34: =SUMIFS($C34:$U34,$C$7:$U$7,AM$7) -> -174458 | AN34: =SUMIFS($C34:$U34,$C$7:$U$7,AN$7) -> -170453 | AO34: =SUMIFS($C34:$U34,$C$7:$U$7,AO$7) -> -54206 | AP34: =SUMIFS($C34:$U34,$C$7:$U$7,AP$7) -> -36614 | AQ34: =SUMIFS($C34:$V34,$C$7:$V$7,AQ$7) -> 26557 | AR34: =SUMIFS($C34:$Z34,$C$7:$Z$7,AR$7) -> -18815 | AS34: =AS24-AS33 -> 161112 | AT34: =SUMIFS($C34:$AH34,$C$7:$AH$7,AT$7) -> -624532 | AV34: =SUMIFS($C34:$AJ34,$C$5:$AJ$5,"<="&AV$5,$C$5:$AJ$5,">"&EOMONTH(AV$5,-12)) -> -543966 | AW34: =SUMIFS($C34:$AK34,$C$5:$AK$5,"<="&AW$5,$C$5:$AK$5,">"&EOMONTH(AW$5,-12)) -> -283368
A35: Gain on sale of asset group | V35: -373445
A36: Interest (income) expense, net | C36: 414 | D36: 444 | E36: 137 | F36: 168 | G36: 69 | H36: -129 | I36: -183 | J36: -290 | K36: 996 | L36: 3494 | M36: 3080 | N36: 2483 | O36: 2112 | P36: 3470 | Q36: 7224 | R36: 5176 | S36: 4681 | T36: 5143 | U36: 5632 | V36: 6060 | W36: 9206 | X36: 14769 | Y36: 14980 | Z36: 17988 | AA36: 253 | AB36: 6464 | AC36: 13409 | AD36: 12998 | AE36: 15748 | AF36: 12966 | AG36: 6042 | AH36: 1472 | AI36: -3161 | AJ36: -3944 | AK36: -21415 | AM36: =SUMIFS($C36:$V36,$C$7:$V$7,AM$7) -> 1163 | AN36: =SUMIFS($C36:$U36,$C$7:$U$7,AN$7) -> -533 | AO36: =SUMIFS($C36:$U36,$C$7:$U$7,AO$7) -> 10053 | AP36: =SUMIFS($C36:$U36,$C$7:$U$7,AP$7) -> 17982 | AQ36: =SUMIFS($C36:$V36,$C$7:$V$7,AQ$7) -> 21516 | AR36: =SUMIFS($C36:$Z36,$C$7:$Z$7,AR$7) -> 56943 | AS36: =SUMIFS($C36:$AD36,$C$7:$AD$7,AS$7) -> 33124 | AT36: =SUMIFS($C36:$AH36,$C$7:$AH$7,AT$7) -> 36228 | AV36: =SUMIFS($C36:$AJ36,$C$5:$AJ$5,"<="&AV$5,$C$5:$AJ$5,">"&EOMONTH(AV$5,-12)) -> 47754 | AW36: =SUMIFS($C36:$AK36,$C$5:$AK$5,"<="&AW$5,$C$5:$AK$5,">"&EOMONTH(AW$5,-12)) -> -27048
A37: Other (income) expense, net | C37: 796 | D37: -50 | E37: 644 | F37: -940 | G37: -786 | H37: -198 | I37: 294 | J37: 443 | K37: -497 | L37: -228 | M37: -1226 | N37: 356 | O37: 707 | P37: -815 | Q37: -37800 | R37: 19439 | S37: 11299 | T37: 1230 | U37: -5541 | V37: -6715 | W37: 5862 | X37: -25591 | Y37: -784 | Z37: -271212 | AA37: 27528 | AB37: -75788 | AC37: 12011 | AD37: 6776 | AE37: -33472 | AF37: -18766 | AG37: -18798 | AH37: -24407 | AI37: 18371 | AJ37: 1379 | AK37: -4262 | AM37: =SUMIFS($C37:$U37,$C$7:$U$7,AM$7) -> 450 | AN37: =SUMIFS($C37:$U37,$C$7:$U$7,AN$7) -> -247 | AO37: =SUMIFS($C37:$U37,$C$7:$U$7,AO$7) -> -1595 | AP37: =SUMIFS($C37:$U37,$C$7:$U$7,AP$7) -> -18469 | AQ37: =SUMIFS($C37:$V37,$C$7:$V$7,AQ$7) -> 273 | AR37: =SUMIFS($C37:$Z37,$C$7:$Z$7,AR$7) -> -291725 | AS37: =SUMIFS($C37:$AD37,$C$7:$AD$7,AS$7) -> -29473 | AT37: =SUMIFS($C37:$AH37,$C$7:$AH$7,AT$7) -> -95443 | AV37: =SUMIFS($C37:$AJ37,$C$5:$AJ$5,"<="&AV$5,$C$5:$AJ$5,">"&EOMONTH(AV$5,-12)) -> -64260 | AW37: =SUMIFS($C37:$AK37,$C$5:$AK$5,"<="&AW$5,$C$5:$AK$5,">"&EOMONTH(AW$5,-12)) -> -8919
A38: Income (loss) before income tax | C38: =C34-SUM(C36:C37) -> -47560 | D38: =D34-SUM(D36:D37) -> -28468 | E38: =E34-SUM(E36:E37) -> -52998 | F38: =F34-SUM(F36:F37) -> -47045 | G38: =G34-SUM(G36:G37) -> -96416 | H38: =H34-SUM(H36:H37) -> -27033 | I38: =I34-SUM(I36:I37) -> -32093 | J38: =J34-SUM(J36:J37) -> -14131 | ... U38: =U34-SUM(U36:U37) -> 32003 | V38: =V34-V35- SUM(V36:V37) -> 391448 | W38: =W34-W35- SUM(W36:W37) -> -105356 | X38: =X34-X35- SUM(X36:X37) -> -12230 | Y38: =Y34-Y35- SUM(Y36:Y37) -> 35146 | Z38: =Z34-Z35- SUM(Z36:Z37) -> 298407 | AA38: =AA34-AA35- SUM(AA36:AA37) -> 39953 | AB38: =AB34-AB35- SUM(AB36:AB37) -> 194320 | AC38: =AC34-AC35- SUM(AC36:AC37) -> -2424 | ... AK38: =AK34-AK35- SUM(AK36:AK37) -> 15769 | AM38: =SUMIF($C$7:$T$7,AM$7,$C38:$T38) -> -176071 | AN38: =SUMIF($C$7:$T$7,AN$7,$C38:$T38) -> -169673 | AO38: =SUMIF($C$7:$T$7,AO$7,$C38:$T38) -> -62664 | AP38: =SUMIF($C$7:$T$7,AP$7,$C38:$T38) -> -36127 | AQ38: =SUMIFS($C38:$V38,$C$7:$V$7,AQ$7) -> 378213 | AR38: =SUMIFS($C38:$Z38,$C$7:$Z$7,AR$7) -> 215967 | AS38: =AS34-AS35- SUM(AS36:AS37) -> 157461 | AT38: =SUMIFS($C38:$AH38,$C$7:$AH$7,AT$7) -> -565317 | AV38: =SUMIFS($C38:$AJ38,$C$5:$AJ$5,"<="&AV$5,$C$5:$AJ$5,">"&EOMONTH(AV$5,-12)) -> -527460 | AW38: =SUMIFS($C38:$AK38,$C$5:$AK$5,"<="&AW$5,$C$5:$AK$5,">"&EOMONTH(AW$5,-12)) -> -247401
A39: Provision (benefit) for income taxes | C39: 418 | D39: 1152 | E39: 932 | F39: 1244 | G39: 339 | H39: 312 | I39: 230 | J39: 1036 | K39: 509 | L39: 472 | M39: -647 | N39: -185 | O39: 175 | P39: 604 | Q39: 1066 | R39: 481 | S39: 129 | T39: -476 | U39: 2606 | V39: 508 | W39: 535 | X39: -752 | Y39: -1369 | Z39: 4448 | AA39: 947 | AB39: -9360 | AC39: 452 | AD39: 6597 | AE39: -1702 | AF39: 1304 | AG39: -17289 | AH39: 5375 | AI39: -2056 | AJ39: -3700 | AK39: 49529 | AM39: =SUMIFS($C39:$U39,$C$7:$U$7,AM$7) -> 3746 | AN39: =SUMIFS($C39:$U39,$C$7:$U$7,AN$7) -> 1917 | AO39: =SUMIFS($C39:$U39,$C$7:$U$7,AO$7) -> 149 | AP39: =SUMIFS($C39:$U39,$C$7:$U$7,AP$7) -> 2326 | AQ39: =SUMIFS($C39:$V39,$C$7:$V$7,AQ$7) -> 2767 | AR39: =SUMIFS($C39:$Z39,$C$7:$Z$7,AR$7) -> 2862 | AS39: =SUMIFS($C39:$AD39,$C$7:$AD$7,AS$7) -> -1364 | AT39: =SUMIFS($C39:$AH39,$C$7:$AH$7,AT$7) -> -12312 | AV39: =SUMIFS($C39:$AJ39,$C$5:$AJ$5,"<="&AV$5,$C$5:$AJ$5,">"&EOMONTH(AV$5,-12)) -> -11090 | AW39: =SUMIFS($C39:$AK39,$C$5:$AK$5,"<="&AW$5,$C$5:$AK$5,">"&EOMONTH(AW$5,-12)) -> 49148
A40: Deemed dividend on Series E preferred stock | F40: -32200
A41: Net income (loss) to common stockholders | F41: =F42+F40 -> -80489
A42: Net income (loss) | C42: =C38-C39 -> -47978 | D42: =D38-D39 -> -29620 | E42: =E38-E39 -> -53930 | F42: =F38-F39 -> -48289 | G42: =G38-G39 -> -96755 | H42: =H38-H39 -> -27345 | I42: =I38-I39 -> -32323 | J42: =J38-J39 -> -15167 | ... AK42: =AK38-AK39 -> -33760 | AM42: =SUMIF($C$7:$T$7,AM$7,$C42:$T42) -> -179817 | AN42: =SUMIF($C$7:$T$7,AN$7,$C42:$T42) -> -171590 | AO42: =SUMIF($C$7:$T$7,AO$7,$C42:$T42) -> -62813 | AP42: =SUMIF($C$7:$T$7,AP$7,$C42:$T42) -> -38453 | AQ42: =SUMIFS($C42:$V42,$C$7:$V$7,AQ$7) -> 375446 | AR42: =SUMIFS($C42:$Z42,$C$7:$Z$7,AR$7) -> 213105 | AS42: =AS38-AS39 -> 158825 | AT42: =SUMIFS($C42:$AH42,$C$7:$AH$7,AT$7) -> -553005 | AV42: =SUMIFS($C42:$AJ42,$C$5:$AJ$5,"<="&AV$5,$C$5:$AJ$5,">"&EOMONTH(AV$5,-12)) -> -516370 | AW42: =SUMIFS($C42:$AK42,$C$5:$AK$5,"<="&AW$5,$C$5:$AK$5,">"&EOMONTH(AW$5,-12)) -> -296549
A43: Net income (loss) attributable to noncontrolling interests | AB43: -343 | AC43: -2960 | AD43: -4155 | AE43: -3164 | AF43: -1263 | AG43: -4033 | AH43: -3798 | AI43: -2488 | AJ43: -3336 | AK43: -4806 | AS43: =SUMIFS($C43:$AD43,$C$7:$AD$7,AS$7) -> -7458 | AT43: =SUMIFS($C43:$AH43,$C$7:$AH$7,AT$7) -> -12258 | AV43: =SUMIFS($C43:$AJ43,$C$5:$AJ$5,"<="&AV$5,$C$5:$AJ$5,">"&EOMONTH(AV$5,-12)) -> -12615 | AW43: =SUMIFS($C43:$AK43,$C$5:$AK$5,"<="&AW$5,$C$5:$AK$5,">"&EOMONTH(AW$5,-12)) -> -14428
A44: Net income (loss) attributable to common stockholders | C44: =C42-C43 -> -47978 | D44: =D42-D43 -> -29620 | E44: =E42-E43 -> -53930 | F44: =F42-F43 -> -48289 | G44: =G42-G43 -> -96755 | H44: =H42-H43 -> -27345 | I44: =I42-I43 -> -32323 | J44: =J42-J43 -> -15167 | ... AK44: =AK42-AK43 -> -28954 | AM44: =AM42-AM43 -> -179817 | AN44: =AN42-AN43 -> -171590 | AO44: =AO42-AO43 -> -62813 | AP44: =AP42-AP43 -> -38453 | AQ44: =AQ42-AQ43 -> 375446 | AR44: =AR42-AR43 -> 213105 | AS44: =AS42-AS43 -> 166283 | AT44: =SUMIFS($C44:$AH44,$C$7:$AH$7,AT$7) -> -540747 | AV44: =SUMIFS($C44:$AJ44,$C$5:$AJ$5,"<="&AV$5,$C$5:$AJ$5,">"&EOMONTH(AV$5,-12)) -> -503755 | AW44: =SUMIFS($C44:$AK44,$C$5:$AK$5,"<="&AW$5,$C$5:$AK$5,">"&EOMONTH(AW$5,-12)) -> -282121
A46: Net income (loss) per share attributable to common stockholders
A47: Basic | C47: -0.33 | D47: -0.2 | E47: -0.35 | F47: -0.34 | G47: -0.29 | H47: -0.08 | I47: -0.09 | J47: -0.04 | K47: -0.04 | L47: -0.04 | M47: -0.04 | N47: -0.04 | O47: -0.06 | P47: -0.01 | Q47: 0.05 | R47: -0.07 | S47: -0.09 | T47: -0.02 | U47: 0.07 | V47: 0.91 | W47: -0.24 | X47: -0.03 | Y47: 0.08 | Z47: 0.65 | AA47: 0.09 | AB47: 0.45 | AC47: 0 | AD47: -0.16609449 | AE47: -0.38 | AF47: -0.36 | AG47: -0.02 | AH47: -0.19 | AI47: -0.03 | AJ47: -0.2 | AK47: -0.05 | AM47: -1.23 | AN47: -0.5 | AO47: -0.17 | AP47: -0.09 | AQ47: 0.88 | AR47: 0.48 | AS47: 0.36272337 | AT47: -0.93
A48: Diluted | C48: -0.33 | D48: -0.2 | E48: -0.35 | F48: -0.34 | G48: -0.29 | H48: -0.08 | I48: -0.09 | J48: -0.04 | K48: -0.04 | L48: -0.04 | M48: -0.04 | N48: -0.04 | O48: -0.06 | P48: -0.01 | Q48: 0.04 | R48: -0.07 | S48: -0.09 | T48: -0.02 | U48: 0.06 | V48: 0.83 | W48: -0.24 | X48: -0.03 | Y48: 0.07 | Z48: 0.59 | AA48: 0.08 | AB48: 0.4 | AC48: 0 | AD48: -0.16609449 | AE48: -0.38 | AF48: -0.36 | AG48: -0.02 | AH48: -0.19 | AI48: -0.03 | AJ48: -0.2 | AK48: -0.05 | AM48: -1.23 | AN48: -0.5 | AO48: -0.17 | AP48: -0.09 | AQ48: 0.81 | AR48: 0.44 | AS48: 0.33 | AT48: -0.93
A50: Weighted-average shares used to compute net income (loss) per share attributable to common stockholders
A51: Basic | C51: 145069 | D51: 149253 | E51: 152334 | F51: 234548 | G51: 331324 | H51: 334488 | I51: 343893 | J51: 356343 | K51: 366737 | L51: 376357 | M51: 383951 | N51: 390030 | O51: 395948 | P51: 403301 | Q51: 409690 | R51: 413984 | S51: 419289 | T51: 423305 | U51: 427124 | V51: 430136 | W51: 434940 | X51: 440117 | Y51: 444458 | Z51: 452869 | AA51: 454973 | AB51: 455431 | AC51: 460654 | AD51: 462562 | AE51: 541435 | AF51: 581350 | AG51: 592672 | AH51: 598875 | AI51: 602234 | AJ51: 606692 | AK51: 611276 | AM51: 170498 | AN51: 341555 | AO51: 379344 | AP51: 405731 | AQ51: 424999 | AR51: 443126 | AS51: 458432 | AT51: 578949
A52: Diluted | C52: 145069 | D52: 149253 | E52: 152334 | F52: 234548 | G52: 331324 | H52: 334488 | I52: 343893 | J52: 356343 | K52: 366737 | L52: 376357 | M52: 383951 | N52: 390030 | O52: 395948 | P52: 403301 | Q52: 474915 | R52: 413984 | S52: 419289 | T52: 423305 | U52: 466099 | V52: 485394 | W52: 434940 | X52: 440117 | Y52: 488069 | Z52: 502237 | AA52: 501353 | AB52: 522578 | AC52: 504120 | AD52: 462562 | AE52: 541435 | AF52: 581350 | AG52: 592672 | AH52: 598875 | AI52: 602234 | AJ52: 606692 | AK52: 611276 | AM52: 170498 | AN52: 341555 | AO52: 379344 | AP52: 405731 | AQ52: 466076 | AR52: 482167 | AS52: 525725 | AT52: 578949
A54: Year-over-year growth metrics
A55: Transaction-based revenue | G55: =G9/C9-1 -> 0.42320591 | H55: =H9/D9-1 -> 0.40405751 | I55: =I9/E9-1 -> 0.38223915 | J55: =J9/F9-1 -> 0.34832304 | K55: =K9/G9-1 -> 0.34289889 | L55: =L9/H9-1 -> 0.32121832 | M55: =M9/I9-1 -> 0.31330743 | N55: =N9/J9-1 -> 0.3033968 | ... AK55: =AK9/AG9-1 -> 0.092745851 | AN55: =AN9/AM9-1 -> 0.38623155 | AO55: =AO9/AN9-1 -> 0.31865592 | AP55: =AP9/AO9-1 -> 0.28709742 | AQ55: =AQ9/AP9-1 -> 0.24666603 | AR55: =AR9/AQ9-1 -> 0.069425142 | AS55: =AS9/AR9-1 -> 0.45468225 | AT55: =AT9/AS9-1 -> 0.18951937 | AW55: =AW9/AV9-1 -> 0.11896629
A56: Subscription and services-based revenue | G56: =G11/C11-1 -> 1.9722708 | H56: =H11/D11-1 -> 1.2986541 | I56: =I11/E11-1 -> 1.4037022 | J56: =J11/F11-1 -> 0.81005137 | K56: =K11/G11-1 -> 1.061691 | L56: =L11/H11-1 -> 0.99047683 | M56: =M11/I11-1 -> 0.84176104 | N56: =N11/J11-1 -> 0.95967224 | ... AK56: =AK11/AG11-1 -> 0.25294689 | AN56: =AN11/AM11-1 -> 1.2296899 | AO56: =AO11/AN11-1 -> 0.95332081 | AP56: =AP11/AO11-1 -> 1.341869 | AQ56: =AQ11/AP11-1 -> 0.74319003 | AR56: =AR11/AQ11-1 -> 0.49245629 | AS56: =AS11/AR11-1 -> 0.76024797 | AT56: =AT11/AS11-1 -> 0.68015681 | AW56: =AW11/AV11-1 -> 0.40055589
A57: Hardware revenue | G57: =G12/C12-1 -> 6.3421053 | H57: =H12/D12-1 -> 2.0868839 | I57: =I12/E12-1 -> 0.94223913 | J57: =J12/F12-1 -> 0.39121569 | K57: =K12/G12-1 -> -0.44283772 | L57: =L12/H12-1 -> -0.071808751 | M57: =M12/I12-1 -> 0.23473259 | N57: =N12/J12-1 -> 0.3553952 | ... AK57: =AK12/AG12-1 -> -0.024131096 | AN57: =AN12/AM12-1 -> 1.7054406 | AO57: =AO12/AN12-1 -> -0.065271853 | AP57: =AP12/AO12-1 -> 0.65406254 | AQ57: =AQ12/AP12-1 -> 0.23359561 | AR57: =AR12/AQ12-1 -> 0.084598544 | AS57: =AS12/AR12-1 -> 0.58944509 | AT57: =AT12/AS12-1 -> 0.12863213 | AW57: =AW12/AV12-1 -> -0.026160619
A58: Total net revenue | G58: =G14/C14-1 -> 0.51370347 | H58: =H14/D14-1 -> 0.41456326 | I58: =I14/E14-1 -> 0.32154683 | J58: =J14/F14-1 -> 0.20717224 | K58: =K14/G14-1 -> 0.21695683 | L58: =L14/H14-1 -> 0.25761345 | M58: =M14/I14-1 -> 0.33293015 | N58: =N14/J14-1 -> 0.36315961 | ... AK58: =AK14/AG14-1 -> 0.24403543 | AN58: =AN14/AM14-1 -> 0.34850977 | AO58: =AO14/AN14-1 -> 0.29585403 | AP58: =AP14/AO14-1 -> 0.4895213 | AQ58: =AQ14/AP14-1 -> 0.42912282 | AR58: =AR14/AQ14-1 -> 1.0149736 | AS58: =AS14/AR14-1 -> 0.85954809 | AT58: =AT14/AS14-1 -> -0.0073390244 | AW58: =AW14/AV14-1 -> 0.2260873
A60: Total gross profit | G60: =G24/C24-1 -> 0.48401427 | H60: =H24/D24-1 -> 0.64883443 | I60: =I24/E24-1 -> 0.56073097 | J60: =J24/F24-1 -> 0.52644991 | K60: =K24/G24-1 -> 0.57321299 | L60: =L24/H24-1 -> 0.39252412 | M60: =M24/I24-1 -> 0.45439547 | N60: =N24/J24-1 -> 0.44020417 | ... AK60: =AK24/AG24-1 -> 0.21144938 | AN60: =AN24/AM24-1 -> 0.55673324 | AO60: =AO24/AN24-1 -> 0.45703235 | AP60: =AP24/AO24-1 -> 0.55330714 | AQ60: =AQ24/AP24-1 -> 0.44947841 | AR60: =AR24/AQ24-1 -> 0.44648923 | AS60: =AS24/AR24-1 -> 0.61696365 | AT60: =AT24/AS24-1 -> 0.35568596 | AW60: =AW24/AV24-1 -> 0.29482534
A62: (1) Beginning in the first quarter of 2019, we aggregated amortization of acquired technology assets with other cost of revenue line items due to immateriality. Beginning in the second quarter of 2022, the cost of revenue associated with acquired technology assets was deemed material and separated out into its own line item.
A63: (2) Beginning in the first quarter of 2019, we aggregated amortization of customer and other acquired intangible assets with other operating expense line items due to immateriality. Beginning in the second quarter of 2022, the operating expense associated with customer and other acquired intangible assets was deemed material and separated out into its own line item.

Sheet Non-GAAP IS
A1: Block, Inc.
A2: Non-GAAP Disclosures
A3: (In thousands, except for per share amounts)
A4: (Unaudited) | C4: Three months ended | G4: Three months ended | K4: Three months ended | O4: Three months ended | S4: Three months ended | W4: Three months ended | AA4: Three months ended | AE4: Three months ended | AI4: Three months ended | AM4: Year ended | AV4: Trailing twelve months
C5: 42094 | D5: =EOMONTH(C5,3) -> 42185 | E5: =EOMONTH(D5,3) -> 42277 | F5: =EOMONTH(E5,3) -> 42369 | G5: =EOMONTH(F5,3) -> 42460 | H5: =EOMONTH(G5,3) -> 42551 | I5: =EOMONTH(H5,3) -> 42643 | J5: =EOMONTH(I5,3) -> 42735 | K5: =EOMONTH(J5,3) -> 42825 | ... U5: =EOMONTH(T5,3) -> 43738 | V5: 43830 | W5: 43921 | X5: 44012 | Y5: 44104 | Z5: 44196 | AA5: 44286 | AB5: 44377 | AC5: 44469 | AD5: 44561 | AE5: 44651 | AF5: 44742 | AG5: 44834 | AH5: 44926 | AI5: 45016 | AJ5: 45107 | AK5: 45199 | AV5: 44834 | AW5: 45199
C6: Mar 31, | D6: June 30, | E6: Sep 30, | F6: Dec 31, | G6: Mar 31, | H6: June 30, | I6: Sep 30, | J6: Dec 31, | K6: Mar 31, | L6: June 30, | M6: Sep 30, | N6: Dec 31, | O6: Mar 31, | P6: June 30, | Q6: Sep 30, | R6: Dec 31, | S6: Mar 31, | T6: June 30, | U6: Sep 30, | V6: Dec 31, | W6: Mar 31, | X6: June 30, | Y6: Sep 30, | Z6: Dec 31, | AA6: Mar 31, | AB6: June 30, | AC6: Sep 30, | AD6: Dec 31, | AE6: Mar 31, | AF6: June 30, | AG6: Sep 30, | AH6: Dec 31, | AI6: Mar 31, | AJ6: June 30, | AK6: Sep 30, | AM6: Dec 31, | AN6: Dec 31, | AO6: Dec 31, | AP6: Dec 31, | AQ6: Dec 31, | AR6: Dec 31, | AS6: Dec 31, | AT6: Dec 31, | AV6: Sep 30, | AW6: Sep 30,
C7: 2015 | D7: 2015 | E7: 2015 | F7: 2015 | G7: 2016 | H7: 2016 | I7: 2016 | J7: 2016 | K7: 2017 | L7: 2017 | M7: 2017 | N7: 2017 | O7: 2018 | P7: 2018 | Q7: 2018 | R7: 2018 | S7: 2019 | T7: 2019 | U7: 2019 | V7: 2019 | W7: 2020 | X7: 2020 | Y7: 2020 | Z7: 2020 | AA7: 2021 | AB7: 2021 | AC7: 2021 | AD7: 2021 | AE7: 2022 | AF7: 2022 | AG7: 2022 | AH7: 2022 | AI7: 2023 | AJ7: 2023 | AK7: 2023 | AM7: 2015 | AN7: 2016 | AO7: 2017 | AP7: 2018 | AQ7: 2019 | AR7: 2020 | AS7: 2021 | AT7: 2022 | AV7: 2022 | AW7: 2023
A8: Total net revenue, in accordance with GAAP | C8: ='GAAP IS'!C14 -> 250557 | D8: ='GAAP IS'!D14 -> 310013 | E8: ='GAAP IS'!E14 -> 332188 | F8: ='GAAP IS'!F14 -> 374360 | G8: ='GAAP IS'!G14 -> 379269 | H8: ='GAAP IS'!H14 -> 438533 | I8: ='GAAP IS'!I14 -> 439002 | J8: ='GAAP IS'!J14 -> 451917 | ... AK8: ='GAAP IS'!AK14 -> 5617493 | AM8: =SUMIFS($C8:$AD8,$C$7:$AD$7,AM$7) -> 1267118 | AN8: =SUMIFS($C8:$AD8,$C$7:$AD$7,AN$7) -> 1708721 | AO8: =SUMIFS($C8:$AD8,$C$7:$AD$7,AO$7) -> 2214253 | AP8: =SUMIFS($C8:$AD8,$C$7:$AD$7,AP$7) -> 3298177 | AQ8: =SUMIFS($C8:$AD8,$C$7:$AD$7,AQ$7) -> 4713500 | AR8: =SUMIFS($C8:$AD8,$C$7:$AD$7,AR$7) -> 9497578 | AS8: =SUMIFS($C8:$AD8,$C$7:$AD$7,AS$7) -> 17661203 | AT8: =SUMIFS($C8:$AH8,$C$7:$AH$7,AT$7) -> 17531587 | AV8: =SUMIFS($C8:$AJ8,$C$5:$AJ$5,"<="&AV$5,$C$5:$AJ$5,">"&EOMONTH(AV$5,-12)) -> 16959219 | AW8: =SUMIFS($C8:$AK8,$C$5:$AK$5,"<="&AW$5,$C$5:$AK$5,">"&EOMONTH(AW$5,-12)) -> 20793483
A9: Starbucks transaction-based revenue | C9: 29237 | D9: 33630 | E9: 32332 | F9: 47084 | G9: 38838 | H9: 32867 | I9: 7164 | J9: 34 | AM9: =SUMIFS($C9:$V9,$C$7:$V$7,AM$7) -> 142283 | AN9: =SUMIFS($C9:$V9,$C$7:$V$7,AN$7) -> 78903
A10: Transaction-based costs | C10: 132107 | D10: 165823 | E10: 182007 | F10: 192730 | G10: 194276 | H10: 234857 | I10: 254061 | J10: 260006 | K10: 257778 | L10: 311092 | M10: 328043 | N10: 333377 | O10: 327911 | P10: 395349 | Q10: 414456 | R10: 420846 | S10: 409069 | T10: 490349 | U10: 519312 | V10: ='GAAP IS'!V17 -> 519381 | W10: ='GAAP IS'!W17 -> 466466 | X10: ='GAAP IS'!X17 -> 389136 | Y10: ='GAAP IS'!Y17 -> 524056 | Z10: ='GAAP IS'!Z17 -> 536986 | AA10: ='GAAP IS'!AA17 -> 524281 | AB10: ='GAAP IS'!AB17 -> 682348 | AC10: ='GAAP IS'!AC17 -> 751794 | ... AE10: ='GAAP IS'!AE17 -> 716236 | AF10: 875762 | AG10: ='GAAP IS'!AG17 -> 901990 | AH10: ='GAAP IS'!AH17 -> 870040 | AI10: ='GAAP IS'!AI17 -> 820787 | AJ10: ='GAAP IS'!AJ17 -> 950523 | AK10: ='GAAP IS'!AK17 -> 984658 | AM10: =SUMIFS($C10:$AD10,$C$7:$AD$7,AM$7) -> 672667 | AN10: =SUMIFS($C10:$AD10,$C$7:$AD$7,AN$7) -> 943200 | AO10: =SUMIFS($C10:$AD10,$C$7:$AD$7,AO$7) -> 1230290 | AP10: =SUMIFS($C10:$AD10,$C$7:$AD$7,AP$7) -> 1558562 | AQ10: =SUMIFS($C10:$AD10,$C$7:$AD$7,AQ$7) -> 1938111 | AR10: =SUMIFS($C10:$AD10,$C$7:$AD$7,AR$7) -> 1916644 | AS10: =SUMIFS($C10:$AD10,$C$7:$AD$7,AS$7) -> 2719502 | AT10: =SUMIFS($C10:$AH10,$C$7:$AH$7,AT$7) -> 3364028 | AV10: =SUMIFS($C10:$AJ10,$C$5:$AJ$5,"<="&AV$5,$C$5:$AJ$5,">"&EOMONTH(AV$5,-12)) -> 3255067 | AW10: =SUMIFS($C10:$AK10,$C$5:$AK$5,"<="&AW$5,$C$5:$AK$5,">"&EOMONTH(AW$5,-12)) -> 3626008
A11: Bitcoin costs | O11: 33872 | P11: 36596 | Q11: 42408 | R11: 51951 | S11: 64696 | T11: 122938 | U11: 146167 | V11: ='GAAP IS'!V21 -> 174438 | W11: ='GAAP IS'!W21 -> 299426 | X11: ='GAAP IS'!X21 -> 858041 | Y11: ='GAAP IS'!Y21 -> 1601615 | Z11: ='GAAP IS'!Z21 -> 1715452 | AA11: ='GAAP IS'!AA21 -> 3436135 | AB11: ='GAAP IS'!AB21 -> 2669641 | AC11: ='GAAP IS'!AC21 -> 1774040 | ... AE11: ='GAAP IS'!AE21 -> 1687459 | AF11: 1744425 | AG11: ='GAAP IS'!AG21 -> 1726051 | AH11: ='GAAP IS'!AH21 -> 1798798 | AI11: ='GAAP IS'!AI21 -> 2113375 | AJ11: ='GAAP IS'!AJ21 -> 2346633 | AK11: ='GAAP IS'!AK21 -> 2378906 | AP11: =SUMIFS($C11:$AD11,$C$7:$AD$7,AP$7) -> 164827 | AQ11: =SUMIFS($C11:$AD11,$C$7:$AD$7,AQ$7) -> 508239 | AR11: =SUMIFS($C11:$AD11,$C$7:$AD$7,AR$7) -> 4474534 | AS11: =SUMIFS($C11:$AD11,$C$7:$AD$7,AS$7) -> 9794992 | AT11: =SUMIFS($C11:$AH11,$C$7:$AH$7,AT$7) -> 6956733 | AV11: =SUMIFS($C11:$AJ11,$C$5:$AJ$5,"<="&AV$5,$C$5:$AJ$5,">"&EOMONTH(AV$5,-12)) -> 7073111 | AW11: =SUMIFS($C11:$AK11,$C$5:$AK$5,"<="&AW$5,$C$5:$AK$5,">"&EOMONTH(AW$5,-12)) -> 8637712
A12: Deferred revenue adj. related to purchase accounting | P12: 2440 | Q12: 5892 | R12: 4521 | S12: 3456 | T12: 1849 | U12: 1224 | AP12: =SUMIFS($C12:$AD12,$C$7:$AD$7,AP$7) -> 12853 | AQ12: =SUMIFS($C12:$AD12,$C$7:$AD$7,AQ$7) -> 6529
A13: Adjusted Revenue(1) | C13: =C8-C9-C10-C11+C12 -> 89213 | D13: =D8-D9-D10-D11+D12 -> 110560 | E13: =E8-E9-E10-E11+E12 -> 117849 | F13: =F8-F9-F10-F11+F12 -> 134546 | G13: =G8-G9-G10-G11+G12 -> 146155 | H13: =H8-H9-H10-H11+H12 -> 170809 | I13: =I8-I9-I10-I11+I12 -> 177777 | J13: =J8-J9-J10-J11+J12 -> 191877 | K13: =K8-K10-K11+K12 -> 203776 | L13: =L8-L10-L11+L12 -> 240413 | M13: =M8-M10-M11+M12 -> 257116 | N13: =N8-N10-N11+N12 -> 282658 | O13: =O8-O10-O11+O12 -> 306820 | P13: =P8-P10-P11+P12 -> 385433 | Q13: =Q8-Q10-Q11+Q12 -> 431136 | R13: =R8-R10-R11+R12 -> 464252 | ... AK13: =AK8-AK10-AK11+AK12 -> 2253929 | AM13: =SUMIFS($C13:$V13,$C$7:$V$7,AM$7) -> 452168 | AN13: =SUMIFS($C13:$V13,$C$7:$V$7,AN$7) -> 686618 | AO13: =SUMIFS($C13:$AE13,$C$7:$AE$7,AO$7) -> 983963 | AP13: =SUMIFS($C13:$AE13,$C$7:$AE$7,AP$7) -> 1587641
A15: Revenue from Zesty and Weebly | P15: 12540 | Q15: 25027 | R15: 26152 | S15: 28000
A16: Deferred revenue adj. related to purchase accounting | P16: =P12 -> 2440 | Q16: =Q12 -> 5892 | R16: =R12 -> 4521 | S16: =S12 -> 3456
A17: Adjusted Revenue (excl. Weebly and Zesty) | P17: =1077490-SUM(O13,Q17) -> 370453 | Q17: =Q13-SUM(Q15:Q16) -> 400217 | R17: =R13-SUM(R15:R16) -> 433579 | S17: =S13-SUM(S15:S16) -> 457594
A19: Gross profit, in accordance with GAAP | C19: ='GAAP IS'!C24 -> 74285 | D19: ='GAAP IS'!D24 -> 90342 | E19: ='GAAP IS'!E24 -> 96310 | F19: ='GAAP IS'!F24 -> 109093 | G19: ='GAAP IS'!G24 -> 110240 | H19: ='GAAP IS'!H24 -> 148959 | I19: ='GAAP IS'!I24 -> 150314 | J19: ='GAAP IS'!J24 -> 166525 | ... AK19: ='GAAP IS'!AK24 -> 1898449 | AM19: =SUMIFS($C19:$V19,$C$7:$V$7,AM$7) -> 370030 | AN19: =SUMIFS($C19:$V19,$C$7:$V$7,AN$7) -> 576038 | AO19: =SUMIFS($C19:$V19,$C$7:$V$7,AO$7) -> 839306 | AP19: =SUMIFS($C19:$V19,$C$7:$V$7,AP$7) -> 1303700 | AQ19: =SUMIFS($C19:$V19,$C$7:$V$7,AQ$7) -> 1889685 | AR19: =SUMIFS($C19:$Z19,$C$7:$Z$7,AR$7) -> 2733409 | AS19: =SUMIFS($C19:$AD19,$C$7:$AD$7,AS$7) -> 4419822 | AT19: =SUMIFS($C19:$AH19,$C$7:$AH$7,AT$7) -> 5991892 | AV19: =SUMIFS($C19:$AJ19,$C$5:$AJ$5,"<="&AV$5,$C$5:$AJ$5,">"&EOMONTH(AV$5,-12)) -> 5513739 | AW19: =SUMIFS($C19:$AK19,$C$5:$AK$5,"<="&AW$5,$C$5:$AK$5,">"&EOMONTH(AW$5,-12)) -> 7139329
A21: Operating expenses, in accordance with GAAP | C21: ='GAAP IS'!C33 -> 120635 | D21: ='GAAP IS'!D33 -> 118416 | E21: ='GAAP IS'!E33 -> 148527 | F21: ='GAAP IS'!F33 -> 156910 | G21: ='GAAP IS'!G33 -> 207373 | H21: ='GAAP IS'!H33 -> 176319 | I21: ='GAAP IS'!I33 -> 182296 | J21: ='GAAP IS'!J33 -> 180503 | ... AK21: ='GAAP IS'!AK33 -> 1908357 | AM21: =SUMIFS($C21:$V21,$C$7:$V$7,AM$7) -> 544488 | AN21: =SUMIFS($C21:$V21,$C$7:$V$7,AN$7) -> 746491 | AO21: =SUMIFS($C21:$V21,$C$7:$V$7,AO$7) -> 893512 | AP21: =SUMIFS($C21:$V21,$C$7:$V$7,AP$7) -> 1340314 | AQ21: =SUMIFS($C21:$V21,$C$7:$V$7,AQ$7) -> 1863128 | AR21: =SUMIFS($C21:$Z21,$C$7:$Z$7,AR$7) -> 2752224 | AS21: =SUMIFS($C21:$AD21,$C$7:$AD$7,AS$7) -> 4258711 | AT21: =SUMIFS($C21:$AH21,$C$7:$AH$7,AT$7) -> 6616424 | AV21: =SUMIFS($C21:$AJ21,$C$5:$AJ$5,"<="&AV$5,$C$5:$AJ$5,">"&EOMONTH(AV$5,-12)) -> 6057705 | AW21: =SUMIFS($C21:$AK21,$C$5:$AK$5,"<="&AW$5,$C$5:$AK$5,">"&EOMONTH(AW$5,-12)) -> 7422697
A22: Share-based compensation | C22: 13461 | D22: 15232 | E22: 20793 | F22: 32806 | G22: 31198 | H22: 36922 | I22: 36779 | J22: 33887 | K22: 31670 | L22: 39575 | M22: 40019 | N22: 44495 | O22: 46793 | P22: 52089 | Q22: 58895 | R22: 59007 | S22: 61067 | T22: 79437 | U22: 77388 | V22: 79816 | W22: 77227 | X22: 96085 | Y22: 110289 | Z22: 113531 | AA22: 118524 | AB22: 146253 | AC22: 164912 | AD22: 177943 | AE22: 275314 | AF22: 256499 | AG22: 262629 | AH22: 274353 | AI22: 279449 | AJ22: 319106 | AK22: 345547 | AM22: =SUMIFS($C22:$V22,$C$7:$V$7,AM$7) -> 82292 | AN22: =SUMIFS($C22:$V22,$C$7:$V$7,AN$7) -> 138786 | AO22: =SUMIFS($C22:$V22,$C$7:$V$7,AO$7) -> 155759 | AP22: =SUMIFS($C22:$V22,$C$7:$V$7,AP$7) -> 216784 | AQ22: =SUMIFS($C22:$V22,$C$7:$V$7,AQ$7) -> 297708 | AR22: =SUMIFS($C22:$Z22,$C$7:$Z$7,AR$7) -> 397132 | AS22: =SUMIFS($C22:$AD22,$C$7:$AD$7,AS$7) -> 607632 | AT22: =SUMIFS($C22:$AH22,$C$7:$AH$7,AT$7) -> 1068795 | AV22: =SUMIFS($C22:$AJ22,$C$5:$AJ$5,"<="&AV$5,$C$5:$AJ$5,">"&EOMONTH(AV$5,-12)) -> 972385 | AW22: =SUMIFS($C22:$AK22,$C$5:$AK$5,"<="&AW$5,$C$5:$AK$5,">"&EOMONTH(AW$5,-12)) -> 1218455
A23: Depreciation and amortization | C23: 4943 | D23: 5268 | E23: 5428 | F23: 5165 | G23: 6189 | H23: 6573 | I23: 7230 | J23: 7544 | K23: 7531 | L23: 7400 | M23: 7498 | N23: 8115 | O23: 8580 | P23: 10242 | Q23: 13215 | R23: 20754 | S23: 17236 | T23: 16873 | U23: 17084 | V23: 16691 | W23: 17635 | X23: =18788 -> 18788 | Y23: 17507 | Z23: 18966 | AA23: 24901 | AB23: 22989 | AC23: 31760 | AD23: 32461 | AE23: 54587 | AF23: 72715 | AG23: 69500 | AH23: 71874 | AI23: 73951 | AJ23: 74961 | AK23: 96446 | AM23: =SUMIFS($C23:$V23,$C$7:$V$7,AM$7) -> 20804 | AN23: =SUMIFS($C23:$V23,$C$7:$V$7,AN$7) -> 27536 | AO23: =SUMIFS($C23:$V23,$C$7:$V$7,AO$7) -> 30544 | AP23: =SUMIFS($C23:$V23,$C$7:$V$7,AP$7) -> 52791 | AQ23: =SUMIFS($C23:$V23,$C$7:$V$7,AQ$7) -> 67884 | AR23: =SUMIFS($C23:$Z23,$C$7:$Z$7,AR$7) -> 72896 | AS23: =SUMIFS($C23:$AD23,$C$7:$AD$7,AS$7) -> 112111 | AT23: =SUMIFS($C23:$AH23,$C$7:$AH$7,AT$7) -> 268676 | AV23: =SUMIFS($C23:$AJ23,$C$5:$AJ$5,"<="&AV$5,$C$5:$AJ$5,">"&EOMONTH(AV$5,-12)) -> 229263 | AW23: =SUMIFS($C23:$AK23,$C$5:$AK$5,"<="&AW$5,$C$5:$AK$5,">"&EOMONTH(AW$5,-12)) -> 317232
A24: Acquisition related, integration and other costs | P24: 4363 | Q24: 345 | S24: 782 | T24: 6133 | U24: 1564 | V24: 1260 | W24: 1524 | X24: 2056 | Y24: 359 | Z24: 3543 | AA24: 26 | AB24: 14292 | AC24: 308 | AD24: 20848 | AE24: 76065 | AF24: 17067 | AG24: 23470 | AH24: 40662 | AI24: 1551 | AJ24: 102349 | AK24: 24812 | AM24: =SUMIFS($C24:$V24,$C$7:$V$7,AM$7) -> 0 | AN24: =SUMIFS($C24:$V24,$C$7:$V$7,AN$7) -> 0 | AO24: =SUMIFS($C24:$V24,$C$7:$V$7,AO$7) -> 0 | AP24: =SUMIFS($C24:$V24,$C$7:$V$7,AP$7) -> 4708 | AQ24: =SUMIFS($C24:$V24,$C$7:$V$7,AQ$7) -> 9739 | AR24: =SUMIFS($C24:$Z24,$C$7:$Z$7,AR$7) -> 7482 | AS24: =SUMIFS($C24:$AD24,$C$7:$AD$7,AS$7) -> 35474 | AT24: =SUMIFS($C24:$AH24,$C$7:$AH$7,AT$7) -> 157264 | AV24: =SUMIFS($C24:$AJ24,$C$5:$AJ$5,"<="&AV$5,$C$5:$AJ$5,">"&EOMONTH(AV$5,-12)) -> 137450 | AW24: =SUMIFS($C24:$AK24,$C$5:$AK$5,"<="&AW$5,$C$5:$AK$5,">"&EOMONTH(AW$5,-12)) -> 169374
A25: Bitcoin impairment losses | AA25: 19860 | AB25: 45266 | AC25: 6000 | AD25: 0 | AE25: 0 | AF25: 35961 | AG25: 1619 | AH25: 8991 | AI25: 0 | AJ25: 0 | AK25: 0 | AS25: =SUMIFS($C25:$AD25,$C$7:$AD$7,AS$7) -> 71126 | AT25: =SUMIFS($C25:$AH25,$C$7:$AH$7,AT$7) -> 46571 | AV25: =SUMIFS($C25:$AJ25,$C$5:$AJ$5,"<="&AV$5,$C$5:$AJ$5,">"&EOMONTH(AV$5,-12)) -> 37580 | AW25: =SUMIFS($C25:$AK25,$C$5:$AK$5,"<="&AW$5,$C$5:$AK$5,">"&EOMONTH(AW$5,-12)) -> 8991
A26: Litigation settlement expense | G26: 50000 | H26: -2000 | AN26: =SUMIFS($C26:$V26,$C$7:$V$7,AN$7) -> 48000
A27: Loss (gain) on disposal of property and equipment | C27: 240 | F27: 30 | G27: -38 | H27: 169 | I27: -219 | J27: 39 | L27: 2 | M27: 62 | N27: 36 | O27: -98 | P27: 73 | Q27: 806 | R27: -1005 | S27: 19 | T27: 281 | U27: 128 | V27: 580 | W27: 218 | X27: 1481 | Y27: 396 | Z27: 475 | AA27: 615 | AB27: 374 | AC27: 877 | AD27: 767 | AE27: 534 | AF27: 548 | AG27: -447 | AH27: 984 | AI27: 191 | AJ27: 343 | AK27: 1355 | AM27: =SUMIFS($C27:$V27,$C$7:$V$7,AM$7) -> 270 | AN27: =SUMIFS($C27:$V27,$C$7:$V$7,AN$7) -> -49 | AO27: =SUMIFS($C27:$V27,$C$7:$V$7,AO$7) -> 100 | AP27: =SUMIFS($C27:$V27,$C$7:$V$7,AP$7) -> -224 | AQ27: =SUMIFS($C27:$V27,$C$7:$V$7,AQ$7) -> 1008 | AR27: =SUMIFS($C27:$Z27,$C$7:$Z$7,AR$7) -> 2570 | AS27: =SUMIFS($C27:$AD27,$C$7:$AD$7,AS$7) -> 2633 | AT27: =SUMIFS($C27:$AH27,$C$7:$AH$7,AT$7) -> 1619 | AV27: =SUMIFS($C27:$AJ27,$C$5:$AJ$5,"<="&AV$5,$C$5:$AJ$5,">"&EOMONTH(AV$5,-12)) -> 1402 | AW27: =SUMIFS($C27:$AK27,$C$5:$AK$5,"<="&AW$5,$C$5:$AK$5,">"&EOMONTH(AW$5,-12)) -> 2873
A28: Non-GAAP operating expenses | C28: =C21-SUM(C22:C27) -> 101991 | D28: =D21-SUM(D22:D27) -> 97916 | E28: =E21-SUM(E22:E27) -> 122306 | F28: =F21-SUM(F22:F27) -> 118909 | G28: =G21-SUM(G22:G27) -> 120024 | H28: =H21-SUM(H22:H27) -> 134655 | I28: =I21-SUM(I22:I27) -> 138506 | J28: =J21-SUM(J22:J27) -> 139033 | ... AK28: =AK21-SUM(AK22:AK27) -> 1440197 | AM28: =SUMIFS($C28:$V28,$C$7:$V$7,AM$7) -> 441122 | AN28: =SUMIFS($C28:$V28,$C$7:$V$7,AN$7) -> 532218 | AO28: =SUMIFS($C28:$V28,$C$7:$V$7,AO$7) -> 707109 | AP28: =SUMIFS($C28:$V28,$C$7:$V$7,AP$7) -> 1066255 | AQ28: =SUMIFS($C28:$V28,$C$7:$V$7,AQ$7) -> 1486789 | AR28: =SUMIFS($C28:$Z28,$C$7:$Z$7,AR$7) -> 2272144 | AS28: =SUMIFS($C28:$AD28,$C$7:$AD$7,AS$7) -> 3429735 | AT28: =SUMIFS($C28:$AH28,$C$7:$AH$7,AT$7) -> 5073499 | AV28: =SUMIFS($C28:$AJ28,$C$5:$AJ$5,"<="&AV$5,$C$5:$AJ$5,">"&EOMONTH(AV$5,-12)) -> 4679625 | AW28: =SUMIFS($C28:$AK28,$C$5:$AK$5,"<="&AW$5,$C$5:$AK$5,">"&EOMONTH(AW$5,-12)) -> 5705772
A30: Other adjustments(2) | C30: 7577 | D30: 8433 | E30: 10220 | F30: 3747 | G30: 701 | H30: -1750 | I30: -185 | J30: 2301 | K30: =(K60-K22+(K61-K23)+K71) -> 1906 | L30: =(L60-L22+(L61-L23)+L71) -> 1743 | M30: =(M60-M22+(M61-M23)+M71) -> 1616 | N30: =(N60-N22+(N61-N23)+N71) -> 1547 | O30: =(O60-O22+(O61-O23)+O71) -> 1611 | P30: =(P60-P22+(P61-P23)+P71) -> 4202 | Q30: =(Q60-Q22+(Q61-Q23)+Q71) -> 7603 | R30: =(R60-R22+(R61-R23)+R71) -> 5662 | ... AK30: =(AK60-AK22+(AK61-AK23)+AK71) -> 19236 | AM30: =SUMIFS($C30:$V30,$C$7:$V$7,AM$7) -> 29977 | AN30: =SUMIFS($C30:$V30,$C$7:$V$7,AN$7) -> 1067 | AO30: =SUMIFS($C30:$V30,$C$7:$V$7,AO$7) -> 6812 | AP30: =SUMIFS($C30:$V30,$C$7:$V$7,AP$7) -> 19078 | AQ30: =SUMIFS($C30:$V30,$C$7:$V$7,AQ$7) -> 13957 | AR30: =SUMIFS($C30:$Z30,$C$7:$Z$7,AR$7) -> 12806 | AS30: =SUMIFS($C30:$AD30,$C$7:$AD$7,AS$7) -> 23569 | AT30: =SUMIFS($C30:$AH30,$C$7:$AH$7,AT$7) -> 72571 | AV30: =SUMIFS($C30:$AJ30,$C$5:$AJ$5,"<="&AV$5,$C$5:$AJ$5,">"&EOMONTH(AV$5,-12)) -> 60130 | AW30: =SUMIFS($C30:$AK30,$C$5:$AK$5,"<="&AW$5,$C$5:$AK$5,">"&EOMONTH(AW$5,-12)) -> 77601
A32: Adjusted EBITDA | C32: =C19-C28+C30 -> -20129 | D32: =D19-D28+D30 -> 859 | E32: =E19-E28+E30 -> -15776 | F32: =F19-F28+F30 -> -6069 | G32: =G19-G28+G30 -> -9083 | H32: =H19-H28+H30 -> 12554 | I32: =I19-I28+I30 -> 11623 | J32: =J19-J28+J30 -> 29793 | ... AK32: =AK19-AK28+AK30 -> 477488 | AM32: =SUMIFS($C32:$V32,$C$7:$V$7,AM$7) -> -41115 | AN32: =SUMIFS($C32:$V32,$C$7:$V$7,AN$7) -> 44887 | AO32: =SUMIFS($C32:$V32,$C$7:$V$7,AO$7) -> 139009 | AP32: =SUMIFS($C32:$V32,$C$7:$V$7,AP$7) -> 256523 | AQ32: =SUMIFS($C32:$V32,$C$7:$V$7,AQ$7) -> 416853 | AR32: =SUMIFS($C32:$AB32,$C$7:$AB$7,AR$7) -> 474071 | AS32: =AS19-AS28+AS30 -> 1013656 | AT32: =SUMIFS($C32:$AH32,$C$7:$AH$7,AT$7) -> 990964 | AV32: =SUMIFS($C32:$AJ32,$C$5:$AJ$5,"<="&AV$5,$C$5:$AJ$5,">"&EOMONTH(AV$5,-12)) -> 894244 | AW32: =SUMIFS($C32:$AK32,$C$5:$AK$5,"<="&AW$5,$C$5:$AK$5,">"&EOMONTH(AW$5,-12)) -> 1511158
A34: GAAP product development | C34: ='GAAP IS'!C27 -> 39545 | D34: ='GAAP IS'!D27 -> 45887 | E34: ='GAAP IS'!E27 -> 55020 | F34: ='GAAP IS'!F27 -> 59186 | G34: ='GAAP IS'!G27 -> 64592 | H34: ='GAAP IS'!H27 -> 68638 | I34: ='GAAP IS'!I27 -> 70418 | J34: ='GAAP IS'!J27 -> 64889 | ... AK34: ='GAAP IS'!AK27 -> 713788 | AM34: =SUMIFS($C34:$V34,$C$7:$V$7,AM$7) -> 199638 | AN34: =SUMIFS($C34:$V34,$C$7:$V$7,AN$7) -> 268537 | AO34: =SUMIFS($C34:$V34,$C$7:$V$7,AO$7) -> 321888 | AP34: =SUMIFS($C34:$V34,$C$7:$V$7,AP$7) -> 497479 | AQ34: =SUMIFS($C34:$V34,$C$7:$V$7,AQ$7) -> 674165 | AR34: =SUMIFS($C34:$Z34,$C$7:$Z$7,AR$7) -> 885681 | AS34: =SUMIFS($C34:$AD34,$C$7:$AD$7,AS$7) -> 1383841 | AT34: =SUMIFS($C34:$AH34,$C$7:$AH$7,AT$7) -> 2135612 | AV34: =SUMIFS($C34:$AJ34,$C$5:$AJ$5,"<="&AV$5,$C$5:$AJ$5,">"&EOMONTH(AV$5,-12)) -> 1922431 | AW34: =SUMIFS($C34:$AK34,$C$5:$AK$5,"<="&AW$5,$C$5:$AK$5,">"&EOMONTH(AW$5,-12)) -> 2639921
A35: Share-based compensation | C35: 8958 | D35: 10391 | E35: 13938 | F35: 21451 | G35: 21947 | H35: 24168 | I35: 23949 | J35: 21340 | K35: 19356 | L35: 25136 | M35: 25254 | N35: 28564 | O35: 30482 | P35: 33806 | Q35: 39525 | R35: 40788 | S35: 42649 | T35: 56144 | U35: 56321 | V35: 55726 | W35: 57400 | X35: 69565 | Y35: 78682 | Z35: 83906 | AA35: 86895 | AB35: 106161 | AC35: 121209 | AD35: 132331 | AE35: 145075 | AF35: 179137 | AG35: 184569 | AH35: 192934 | AI35: 197857 | AJ35: 223411 | AK35: 245244 | AM35: =SUMIFS($C35:$V35,$C$7:$V$7,AM$7) -> 54738 | AN35: =SUMIFS($C35:$V35,$C$7:$V$7,AN$7) -> 91404 | AO35: =SUMIFS($C35:$V35,$C$7:$V$7,AO$7) -> 98310 | AP35: =SUMIFS($C35:$V35,$C$7:$V$7,AP$7) -> 144601 | AQ35: =SUMIFS($C35:$V35,$C$7:$V$7,AQ$7) -> 210840 | AR35: =SUMIFS($C35:$Z35,$C$7:$Z$7,AR$7) -> 289553 | AS35: =SUMIFS($C35:$AD35,$C$7:$AD$7,AS$7) -> 446596 | AT35: =SUMIFS($C35:$AH35,$C$7:$AH$7,AT$7) -> 701715 | AV35: =SUMIFS($C35:$AJ35,$C$5:$AJ$5,"<="&AV$5,$C$5:$AJ$5,">"&EOMONTH(AV$5,-12)) -> 641112 | AW35: =SUMIFS($C35:$AK35,$C$5:$AK$5,"<="&AW$5,$C$5:$AK$5,">"&EOMONTH(AW$5,-12)) -> 859446
A36: Depreciation and amortization | C36: 2881 | D36: 3055 | E36: 3171 | F36: 2240 | G36: 3141 | H36: 3128 | I36: 3282 | J36: 3639 | K36: 3712 | L36: 3436 | M36: 4586 | N36: 5221 | O36: 5473 | P36: 5974 | Q36: 7831 | R36: 14029 | S36: 11142 | T36: 11478 | U36: 11933 | V36: 11446 | W36: 12336 | X36: 12696 | Y36: 11546 | Z36: 12647 | AA36: 17395 | AB36: 15400 | AC36: 22987 | AD36: 20299 | AE36: 26850.91 | AF36: 33705 | AG36: 31767 | AH36: 29943 | AI36: 30537 | AJ36: 41829 | AK36: 37520 | AM36: =SUMIFS($C36:$V36,$C$7:$V$7,AM$7) -> 11347 | AN36: =SUMIFS($C36:$V36,$C$7:$V$7,AN$7) -> 13190 | AO36: =SUMIFS($C36:$V36,$C$7:$V$7,AO$7) -> 16955 | AP36: =SUMIFS($C36:$V36,$C$7:$V$7,AP$7) -> 33307 | AQ36: =SUMIFS($C36:$V36,$C$7:$V$7,AQ$7) -> 45999 | AR36: =SUMIFS($C36:$Z36,$C$7:$Z$7,AR$7) -> 49225 | AS36: =SUMIFS($C36:$AD36,$C$7:$AD$7,AS$7) -> 76081 | AT36: =SUMIFS($C36:$AH36,$C$7:$AH$7,AT$7) -> 122265.91 | AV36: =SUMIFS($C36:$AJ36,$C$5:$AJ$5,"<="&AV$5,$C$5:$AJ$5,">"&EOMONTH(AV$5,-12)) -> 112621.91 | AW36: =SUMIFS($C36:$AK36,$C$5:$AK$5,"<="&AW$5,$C$5:$AK$5,">"&EOMONTH(AW$5,-12)) -> 139829
A37: Loss (gain) on disposal of property equipment | H37: 169 | I37: -169 | Q37: 712 | R37: -986 | S37: -71 | V37: 379 | W37: 158 | X37: 147 | Y37: 381 | Z37: 198 | AA37: 339 | AB37: 6 | AC37: 840 | AD37: 385 | AE37: -19 | AF37: 29 | AG37: 451 | AH37: 0 | AI37: 324 | AJ37: -12 | AK37: 562 | AM37: =SUMIFS($C37:$V37,$C$7:$V$7,AM$7) -> 0 | AN37: =SUMIFS($C37:$V37,$C$7:$V$7,AN$7) -> 0 | AO37: =SUMIFS($C37:$V37,$C$7:$V$7,AO$7) -> 0 | AP37: =SUMIFS($C37:$V37,$C$7:$V$7,AP$7) -> -274 | AQ37: =SUMIFS($C37:$V37,$C$7:$V$7,AQ$7) -> 308 | AR37: =SUMIFS($C37:$Z37,$C$7:$Z$7,AR$7) -> 884 | AS37: =SUMIFS($C37:$AD37,$C$7:$AD$7,AS$7) -> 1570 | AT37: =SUMIFS($C37:$AH37,$C$7:$AH$7,AT$7) -> 461 | AV37: =SUMIFS($C37:$AJ37,$C$5:$AJ$5,"<="&AV$5,$C$5:$AJ$5,">"&EOMONTH(AV$5,-12)) -> 846 | AW37: =SUMIFS($C37:$AK37,$C$5:$AK$5,"<="&AW$5,$C$5:$AK$5,">"&EOMONTH(AW$5,-12)) -> 874
C38: =C34-SUM(C35:C37) -> 27706 | D38: =D34-SUM(D35:D37) -> 32441 | E38: =E34-SUM(E35:E37) -> 37911 | F38: =F34-SUM(F35:F37) -> 35495 | G38: =G34-SUM(G35:G37) -> 39504 | H38: =H34-SUM(H35:H37) -> 41173 | I38: =I34-SUM(I35:I37) -> 43356 | J38: =J34-SUM(J35:J37) -> 39910 | ... AK38: =AK34-SUM(AK35:AK37) -> 430462 | AM38: =SUMIFS($C38:$V38,$C$7:$V$7,AM$7) -> 133553 | AN38: =SUMIFS($C38:$V38,$C$7:$V$7,AN$7) -> 163943 | AO38: =SUMIFS($C38:$V38,$C$7:$V$7,AO$7) -> 206623 | AP38: =SUMIFS($C38:$V38,$C$7:$V$7,AP$7) -> 319845 | AQ38: =SUMIFS($C38:$V38,$C$7:$V$7,AQ$7) -> 417018 | AR38: =SUMIFS($C38:$Z38,$C$7:$Z$7,AR$7) -> 546019 | AS38: =AS34-SUM(AS35:AS37) -> 859594 | AT38: =SUMIFS($C38:$AH38,$C$7:$AH$7,AT$7) -> 1311170.1 | AV38: =SUMIFS($C38:$AJ38,$C$5:$AJ$5,"<="&AV$5,$C$5:$AJ$5,">"&EOMONTH(AV$5,-12)) -> 1167851.1 | AW38: =SUMIFS($C38:$AK38,$C$5:$AK$5,"<="&AW$5,$C$5:$AK$5,">"&EOMONTH(AW$5,-12)) -> 1639772
A40: GAAP sales and marketing | C40: ='GAAP IS'!C28 -> 36181 | D40: ='GAAP IS'!D28 -> 31730 | E40: ='GAAP IS'!E28 -> 39259 | F40: ='GAAP IS'!F28 -> 38448 | G40: ='GAAP IS'!G28 -> 38496 | H40: ='GAAP IS'!H28 -> 39220 | I40: ='GAAP IS'!I28 -> 46754 | J40: ='GAAP IS'!J28 -> 49406 | ... AK40: ='GAAP IS'!AK28 -> 479381 | AM40: =SUMIFS($C40:$V40,$C$7:$V$7,AM$7) -> 145618 | AN40: =SUMIFS($C40:$V40,$C$7:$V$7,AN$7) -> 173876 | AO40: =SUMIFS($C40:$V40,$C$7:$V$7,AO$7) -> 253170 | AP40: =SUMIFS($C40:$V40,$C$7:$V$7,AP$7) -> 411151 | AQ40: =SUMIFS($C40:$V40,$C$7:$V$7,AQ$7) -> 625126 | AR40: =SUMIFS($C40:$Z40,$C$7:$Z$7,AR$7) -> 1109670 | AS40: =SUMIFS($C40:$AD40,$C$7:$AD$7,AS$7) -> 1617189 | AT40: =SUMIFS($C40:$AH40,$C$7:$AH$7,AT$7) -> 2057951 | AV40: =SUMIFS($C40:$AJ40,$C$5:$AJ$5,"<="&AV$5,$C$5:$AJ$5,">"&EOMONTH(AV$5,-12)) -> 2003005 | AW40: =SUMIFS($C40:$AK40,$C$5:$AK$5,"<="&AW$5,$C$5:$AK$5,">"&EOMONTH(AW$5,-12)) -> 2052723
A41: Share-based compensation | C41: 1429 | D41: 1345 | E41: 1750 | F41: 2836 | G41: 2903 | H41: 3363 | I41: 3697 | J41: 4159 | K41: 3935 | L41: 4355 | M41: 4579 | N41: 4699 | O41: 4961 | P41: 5634 | Q41: 6108 | R41: 6094 | S41: 6202 | T41: 7833 | U41: 6269 | V41: 6416 | W41: 6407 | X41: 8884 | Y41: 12063 | Z41: 9273 | AA41: 10880 | AB41: 13777 | AC41: 16023 | AD41: 16390 | AE41: 21256 | AF41: 25133 | AG41: 28744 | AH41: 30098 | AI41: 29365 | AJ41: 32790 | AK41: 35703 | AM41: =SUMIFS($C41:$V41,$C$7:$V$7,AM$7) -> 7360 | AN41: =SUMIFS($C41:$V41,$C$7:$V$7,AN$7) -> 14122 | AO41: =SUMIFS($C41:$V41,$C$7:$V$7,AO$7) -> 17568 | AP41: =SUMIFS($C41:$V41,$C$7:$V$7,AP$7) -> 22797 | AQ41: =SUMIFS($C41:$V41,$C$7:$V$7,AQ$7) -> 26720 | AR41: =SUMIFS($C41:$Z41,$C$7:$Z$7,AR$7) -> 36627 | AS41: =SUMIFS($C41:$AD41,$C$7:$AD$7,AS$7) -> 57070 | AT41: =SUMIFS($C41:$AH41,$C$7:$AH$7,AT$7) -> 105231 | AV41: =SUMIFS($C41:$AJ41,$C$5:$AJ$5,"<="&AV$5,$C$5:$AJ$5,">"&EOMONTH(AV$5,-12)) -> 91523 | AW41: =SUMIFS($C41:$AK41,$C$5:$AK$5,"<="&AW$5,$C$5:$AK$5,">"&EOMONTH(AW$5,-12)) -> 127956
A42: Depreciation and amortization | C42: 4 | E42: 3 | F42: 3 | G42: 2 | H42: 6 | I42: 5 | J42: 17 | K42: 77 | L42: 98 | M42: 650 | N42: 590 | O42: 609 | P42: 952 | Q42: 1608 | R42: 1238 | S42: 1078 | T42: 1085 | U42: 1093 | V42: 1188 | W42: 964 | X42: 1033 | Y42: 1060 | Z42: 1095 | AA42: 1273 | AB42: 2450 | AC42: -7 | AD42: 1426 | AE42: 1491 | AF42: 1438 | AG42: 1591 | AH42: 1677 | AI42: 1458 | AJ42: 1970 | AK42: 1945 | AM42: =SUMIFS($C42:$V42,$C$7:$V$7,AM$7) -> 10 | AN42: =SUMIFS($C42:$V42,$C$7:$V$7,AN$7) -> 30 | AO42: =SUMIFS($C42:$V42,$C$7:$V$7,AO$7) -> 1415 | AP42: =SUMIFS($C42:$V42,$C$7:$V$7,AP$7) -> 4407 | AQ42: =SUMIFS($C42:$V42,$C$7:$V$7,AQ$7) -> 4444 | AR42: =SUMIFS($C42:$Z42,$C$7:$Z$7,AR$7) -> 4152 | AS42: =SUMIFS($C42:$AD42,$C$7:$AD$7,AS$7) -> 5142 | AT42: =SUMIFS($C42:$AH42,$C$7:$AH$7,AT$7) -> 6197 | AV42: =SUMIFS($C42:$AJ42,$C$5:$AJ$5,"<="&AV$5,$C$5:$AJ$5,">"&EOMONTH(AV$5,-12)) -> 5946 | AW42: =SUMIFS($C42:$AK42,$C$5:$AK$5,"<="&AW$5,$C$5:$AK$5,">"&EOMONTH(AW$5,-12)) -> 7050
A43: Loss (gain) on disposal of property equipment | F43: 53 | G43: 18 | I43: 14 | J43: 41 | K43: 58 | L43: 2 | M43: 62 | N43: 36 | O43: 4 | P43: 76 | Q43: 91 | R43: 68 | S43: 151 | T43: 194 | U43: 83 | V43: 95 | W43: 60 | X43: -59 | Z43: -3 | AA43: 0 | AB43: 0 | AC43: 0 | AD43: 0 | AE43: 420 | AF43: 80 | AG43: -448 | AH43: 192 | AI43: 0 | AJ43: 0 | AK43: 0 | AM43: =SUMIFS($C43:$V43,$C$7:$V$7,AM$7) -> 53 | AN43: =SUMIFS($C43:$V43,$C$7:$V$7,AN$7) -> 73 | AO43: =SUMIFS($C43:$V43,$C$7:$V$7,AO$7) -> 158 | AP43: =SUMIFS($C43:$V43,$C$7:$V$7,AP$7) -> 239 | AQ43: =SUMIFS($C43:$V43,$C$7:$V$7,AQ$7) -> 523 | AR43: =SUMIFS($C43:$Z43,$C$7:$Z$7,AR$7) -> -2 | AS43: =SUMIFS($C43:$AD43,$C$7:$AD$7,AS$7) -> 0 | AT43: =SUMIFS($C43:$AH43,$C$7:$AH$7,AT$7) -> 244 | AV43: =SUMIFS($C43:$AJ43,$C$5:$AJ$5,"<="&AV$5,$C$5:$AJ$5,">"&EOMONTH(AV$5,-12)) -> 52 | AW43: =SUMIFS($C43:$AK43,$C$5:$AK$5,"<="&AW$5,$C$5:$AK$5,">"&EOMONTH(AW$5,-12)) -> 192
A44: Non-GAAP sales and marketing | C44: =C40-SUM(C41:C43) -> 34748 | D44: =D40-SUM(D41:D43) -> 30385 | E44: =E40-SUM(E41:E43) -> 37506 | F44: =F40-SUM(F41:F43) -> 35556 | G44: =G40-SUM(G41:G43) -> 35573 | H44: =H40-SUM(H41:H43) -> 35851 | I44: =I40-SUM(I41:I43) -> 43038 | J44: =J40-SUM(J41:J43) -> 45189 | ... AK44: =AK40-SUM(AK41:AK43) -> 441733 | AM44: =SUMIFS($C44:$V44,$C$7:$V$7,AM$7) -> 138195 | AN44: =SUMIFS($C44:$V44,$C$7:$V$7,AN$7) -> 159651 | AO44: =SUMIFS($C44:$V44,$C$7:$V$7,AO$7) -> 234029 | AP44: =SUMIFS($C44:$V44,$C$7:$V$7,AP$7) -> 383708 | AQ44: =SUMIFS($C44:$V44,$C$7:$V$7,AQ$7) -> 593439 | AR44: =SUMIFS($C44:$Z44,$C$7:$Z$7,AR$7) -> 1068893 | AS44: =AS40-SUM(AS41:AS43) -> 1554977 | AT44: =SUMIFS($C44:$AH44,$C$7:$AH$7,AT$7) -> 1946279 | AV44: =SUMIFS($C44:$AJ44,$C$5:$AJ$5,"<="&AV$5,$C$5:$AJ$5,">"&EOMONTH(AV$5,-12)) -> 1905484 | AW44: =SUMIFS($C44:$AK44,$C$5:$AK$5,"<="&AW$5,$C$5:$AK$5,">"&EOMONTH(AW$5,-12)) -> 1917525
A46: GAAP general and administrative | C46: ='GAAP IS'!C29 -> 28119 | D46: ='GAAP IS'!D29 -> 31804 | E46: ='GAAP IS'!E29 -> 37820 | F46: ='GAAP IS'!F29 -> 45723 | G46: ='GAAP IS'!G29 -> 96107 | H46: ='GAAP IS'!H29 -> 50784 | I46: ='GAAP IS'!I29 -> 52075 | J46: ='GAAP IS'!J29 -> 53027 | ... AK46: ='GAAP IS'!AK29 -> 480885 | AM46: =SUMIFS($C46:$V46,$C$7:$V$7,AM$7) -> 143466 | AN46: =SUMIFS($C46:$V46,$C$7:$V$7,AN$7) -> 251993 | AO46: =SUMIFS($C46:$V46,$C$7:$V$7,AO$7) -> 250553 | AP46: =SUMIFS($C46:$V46,$C$7:$V$7,AP$7) -> 339245 | AQ46: =SUMIFS($C46:$V46,$C$7:$V$7,AQ$7) -> 436878 | AR46: =SUMIFS($C46:$Z46,$C$7:$Z$7,AR$7) -> 579203 | AS46: =SUMIFS($C46:$AD46,$C$7:$AD$7,AS$7) -> 982817 | AT46: =SUMIFS($C46:$AH46,$C$7:$AH$7,AT$7) -> 1686849 | AV46: =SUMIFS($C46:$AJ46,$C$5:$AJ$5,"<="&AV$5,$C$5:$AJ$5,">"&EOMONTH(AV$5,-12)) -> 1534100 | AW46: =SUMIFS($C46:$AK46,$C$5:$AK$5,"<="&AW$5,$C$5:$AK$5,">"&EOMONTH(AW$5,-12)) -> 1914546
A47: Share-based compensation | C47: 3074 | D47: 3496 | E47: 5105 | F47: 8519 | G47: 6348 | H47: 9391 | I47: 9133 | J47: 8388 | K47: 8379 | L47: 10084 | M47: 10186 | N47: 11232 | O47: 11350 | P47: 12649 | Q47: 13262 | R47: 12125 | S47: 12216 | T47: 15460 | U47: 14798 | V47: 17674 | W47: 13420 | X47: 17636 | Y47: 19544 | Z47: 20352 | AA47: 20749 | AB47: 26315 | AC47: 27680 | AD47: 29222 | AE47: 108983 | AF47: 52229 | AG47: 49316 | AH47: 51321 | AI47: 52227 | AJ47: 62905 | AK47: 64600 | AM47: =SUMIFS($C47:$V47,$C$7:$V$7,AM$7) -> 20194 | AN47: =SUMIFS($C47:$V47,$C$7:$V$7,AN$7) -> 33260 | AO47: =SUMIFS($C47:$V47,$C$7:$V$7,AO$7) -> 39881 | AP47: =SUMIFS($C47:$V47,$C$7:$V$7,AP$7) -> 49386 | AQ47: =SUMIFS($C47:$V47,$C$7:$V$7,AQ$7) -> 60148 | AR47: =SUMIFS($C47:$Z47,$C$7:$Z$7,AR$7) -> 70952 | AS47: =SUMIFS($C47:$AD47,$C$7:$AD$7,AS$7) -> 103966 | AT47: =SUMIFS($C47:$AH47,$C$7:$AH$7,AT$7) -> 261849 | AV47: =SUMIFS($C47:$AJ47,$C$5:$AJ$5,"<="&AV$5,$C$5:$AJ$5,">"&EOMONTH(AV$5,-12)) -> 239750 | AW47: =SUMIFS($C47:$AK47,$C$5:$AK$5,"<="&AW$5,$C$5:$AK$5,">"&EOMONTH(AW$5,-12)) -> 231053
A48: Acquisition related, integration and other costs | P48: 4363 | Q48: 345 | S48: 782 | T48: 6133 | U48: 1564 | V48: 1260 | W48: 1524 | X48: 2056 | Y48: 359 | Z48: 3543 | AA48: 26 | AB48: 14292 | AC48: 308 | AD48: 20848 | AE48: 76065 | AF48: 17067 | AG48: 23470 | AH48: 40662 | AI48: 1551 | AJ48: 102349 | AK48: 24812 | AP48: =SUMIFS($C48:$V48,$C$7:$V$7,AP$7) -> 4708 | AQ48: =SUMIFS($C48:$V48,$C$7:$V$7,AQ$7) -> 9739 | AR48: =SUMIFS($C48:$Z48,$C$7:$Z$7,AR$7) -> 7482 | AS48: =SUMIFS($C48:$AD48,$C$7:$AD$7,AS$7) -> 35474 | AT48: =SUMIFS($C48:$AH48,$C$7:$AH$7,AT$7) -> 157264 | AV48: =SUMIFS($C48:$AJ48,$C$5:$AJ$5,"<="&AV$5,$C$5:$AJ$5,">"&EOMONTH(AV$5,-12)) -> 137450 | AW48: =SUMIFS($C48:$AK48,$C$5:$AK$5,"<="&AW$5,$C$5:$AK$5,">"&EOMONTH(AW$5,-12)) -> 169374
A49: Depreciation and amortization | C49: 1590 | D49: 1731 | E49: 1831 | F49: 2538 | G49: 2729 | H49: 3217 | I49: 3779 | J49: 3741 | K49: 3537 | L49: 3644 | M49: 2040 | N49: 2070 | O49: 2229 | P49: 2644 | Q49: 2482 | R49: 3360 | S49: 2931 | T49: 3016 | U49: 3055 | V49: 3167 | W49: 3445 | X49: 4154 | Y49: 3918 | Z49: 4147 | AA49: 4770 | AB49: 5139 | AC49: 8780 | AD49: 8287 | AE49: 7352 | AF49: 13036 | AG49: 11129 | AH49: 15578 | AI49: 16879 | AJ49: 6228 | AK49: 11719 | AM49: =SUMIFS($C49:$V49,$C$7:$V$7,AM$7) -> 7690 | AN49: =SUMIFS($C49:$V49,$C$7:$V$7,AN$7) -> 13466 | AO49: =SUMIFS($C49:$V49,$C$7:$V$7,AO$7) -> 11291 | AP49: =SUMIFS($C49:$V49,$C$7:$V$7,AP$7) -> 10715 | AQ49: =SUMIFS($C49:$V49,$C$7:$V$7,AQ$7) -> 12169 | AR49: =SUMIFS($C49:$Z49,$C$7:$Z$7,AR$7) -> 15664 | AS49: =SUMIFS($C49:$AD49,$C$7:$AD$7,AS$7) -> 26976 | AT49: =SUMIFS($C49:$AH49,$C$7:$AH$7,AT$7) -> 47095 | AV49: =SUMIFS($C49:$AJ49,$C$5:$AJ$5,"<="&AV$5,$C$5:$AJ$5,">"&EOMONTH(AV$5,-12)) -> 39804 | AW49: =SUMIFS($C49:$AK49,$C$5:$AK$5,"<="&AW$5,$C$5:$AK$5,">"&EOMONTH(AW$5,-12)) -> 50404
A50: Litigation settlement expense | G50: 50000 | H50: -2000 | AN50: =SUMIFS($C50:$V50,$C$7:$V$7,AN$7) -> 48000
A51: Loss (gain) on disposal of property equipment | C51: 240 | F51: -23 | G51: -56 | I51: -64 | J51: -2 | K51: -58 | O51: -102 | P51: -3 | Q51: 3 | R51: -87 | S51: -61 | T51: 87 | U51: 45 | V51: 106 | X51: 1393 | Y51: 15 | Z51: 280 | AA51: 276 | AB51: 368 | AC51: 37 | AD51: 382 | AE51: 133 | AF51: 439 | AG51: -450 | AH51: 792 | AI51: -133 | AJ51: 355 | AK51: 793 | AM51: =SUMIFS($C51:$V51,$C$7:$V$7,AM$7) -> 217 | AN51: =SUMIFS($C51:$V51,$C$7:$V$7,AN$7) -> -122 | AO51: =SUMIFS($C51:$V51,$C$7:$V$7,AO$7) -> -58 | AP51: =SUMIFS($C51:$V51,$C$7:$V$7,AP$7) -> -189 | AQ51: =SUMIFS($C51:$V51,$C$7:$V$7,AQ$7) -> 177 | AR51: =SUMIFS($C51:$Z51,$C$7:$Z$7,AR$7) -> 1688 | AS51: =SUMIFS($C51:$AD51,$C$7:$AD$7,AS$7) -> 1063 | AT51: =SUMIFS($C51:$AH51,$C$7:$AH$7,AT$7) -> 914 | AV51: =SUMIFS($C51:$AJ51,$C$5:$AJ$5,"<="&AV$5,$C$5:$AJ$5,">"&EOMONTH(AV$5,-12)) -> 504 | AW51: =SUMIFS($C51:$AK51,$C$5:$AK$5,"<="&AW$5,$C$5:$AK$5,">"&EOMONTH(AW$5,-12)) -> 1807
A52: Non-GAAP general and administrative | C52: =C46-SUM(C47:C51) -> 23215 | D52: =D46-SUM(D47:D51) -> 26577 | E52: =E46-SUM(E47:E51) -> 30884 | F52: =F46-SUM(F47:F51) -> 34689 | G52: =G46-SUM(G47:G51) -> 37086 | H52: =H46-SUM(H47:H51) -> 40176 | I52: =I46-SUM(I47:I51) -> 39227 | J52: =J46-SUM(J47:J51) -> 40900 | ... AK52: =AK46-SUM(AK47:AK51) -> 378961 | AM52: =SUMIFS($C52:$V52,$C$7:$V$7,AM$7) -> 115365 | AN52: =SUMIFS($C52:$V52,$C$7:$V$7,AN$7) -> 157389 | AO52: =SUMIFS($C52:$V52,$C$7:$V$7,AO$7) -> 199439 | AP52: =SUMIFS($C52:$V52,$C$7:$V$7,AP$7) -> 274625 | AQ52: =SUMIFS($C52:$V52,$C$7:$V$7,AQ$7) -> 354645 | AR52: =SUMIFS($C52:$Z52,$C$7:$Z$7,AR$7) -> 483417 | AS52: =AS46-SUM(AS47:AS51) -> 815338 | AT52: =SUMIFS($C52:$AH52,$C$7:$AH$7,AT$7) -> 1219727 | AV52: =SUMIFS($C52:$AJ52,$C$5:$AJ$5,"<="&AV$5,$C$5:$AJ$5,">"&EOMONTH(AV$5,-12)) -> 1116592 | AW52: =SUMIFS($C52:$AK52,$C$5:$AK$5,"<="&AW$5,$C$5:$AK$5,">"&EOMONTH(AW$5,-12)) -> 1461908
A54: Adjusted EBITDA reconciliation
A55: Net income (loss) attributable to noncontrolling interests | AB55: ='GAAP IS'!AB43 -> -343 | AC55: ='GAAP IS'!AC43 -> -2960 | AD55: -4155 | AE55: ='GAAP IS'!AE43 -> -3164 | AF55: ='GAAP IS'!AF43 -> -1263 | AG55: ='GAAP IS'!AG43 -> -4033 | AH55: ='GAAP IS'!AH43 -> -3798 | AI55: ='GAAP IS'!AI43 -> -2488 | AJ55: ='GAAP IS'!AJ43 -> -3336 | AK55: ='GAAP IS'!AK43 -> -4806 | AS55: =SUMIFS($C55:$AH55,$C$7:$AH$7,AS$7) -> -7458 | AT55: =SUMIFS($C55:$AH55,$C$7:$AH$7,AT$7) -> -12258 | AV55: =SUMIFS($C55:$AJ55,$C$5:$AJ$5,"<="&AV$5,$C$5:$AJ$5,">"&EOMONTH(AV$5,-12)) -> -12615 | AW55: =SUMIFS($C55:$AK55,$C$5:$AK$5,"<="&AW$5,$C$5:$AK$5,">"&EOMONTH(AW$5,-12)) -> -14428
A56: Net income (loss) attributable to common stockholders | C56: ='GAAP IS'!C44 -> -47978 | D56: ='GAAP IS'!D44 -> -29620 | E56: ='GAAP IS'!E44 -> -53930 | F56: ='GAAP IS'!F44 -> -48289 | G56: ='GAAP IS'!G44 -> -96755 | H56: ='GAAP IS'!H44 -> -27345 | I56: ='GAAP IS'!I44 -> -32323 | J56: ='GAAP IS'!J44 -> -15167 | ... AC56: ='GAAP IS'!AC44 -> 84 | AD56: -76829 | AE56: ='GAAP IS'!AE44 -> -204199 | AF56: ='GAAP IS'!AF44 -> -208014 | AG56: ='GAAP IS'!AG44 -> -14711 | AH56: ='GAAP IS'!AH44 -> -113823 | AI56: ='GAAP IS'!AI44 -> -16838 | AJ56: ='GAAP IS'!AJ44 -> -122506 | AK56: ='GAAP IS'!AK44 -> -28954 | AM56: =SUMIFS($C56:$AH56,$C$7:$AH$7,AM$7) -> -179817 | AN56: =SUMIFS($C56:$AH56,$C$7:$AH$7,AN$7) -> -171590 | AO56: =SUMIFS($C56:$AH56,$C$7:$AH$7,AO$7) -> -62813 | AP56: =SUMIFS($C56:$AH56,$C$7:$AH$7,AP$7) -> -38453 | AQ56: =SUMIFS($C56:$AH56,$C$7:$AH$7,AQ$7) -> 375446 | AR56: =SUMIFS($C56:$AH56,$C$7:$AH$7,AR$7) -> 213105 | AS56: =SUMIFS($C56:$AH56,$C$7:$AH$7,AS$7) -> 166284 | AT56: =SUMIFS($C56:$AH56,$C$7:$AH$7,AT$7) -> -540747 | AV56: =SUMIFS($C56:$AJ56,$C$5:$AJ$5,"<="&AV$5,$C$5:$AJ$5,">"&EOMONTH(AV$5,-12)) -> -503753 | AW56: =SUMIFS($C56:$AK56,$C$5:$AK$5,"<="&AW$5,$C$5:$AK$5,">"&EOMONTH(AW$5,-12)) -> -282121
A57: GAAP net income (loss) | C57: ='GAAP IS'!C42 -> -47978 | D57: ='GAAP IS'!D42 -> -29620 | E57: ='GAAP IS'!E42 -> -53930 | F57: ='GAAP IS'!F42 -> -48289 | G57: ='GAAP IS'!G42 -> -96755 | H57: ='GAAP IS'!H42 -> -27345 | I57: ='GAAP IS'!I42 -> -32323 | J57: ='GAAP IS'!J42 -> -15167 | ... AK57: ='GAAP IS'!AK42 -> -33760 | AM57: =SUMIFS($C57:$V57,$C$7:$V$7,AM$7) -> -179817 | AN57: =SUMIFS($C57:$V57,$C$7:$V$7,AN$7) -> -171590 | AO57: =SUMIFS($C57:$V57,$C$7:$V$7,AO$7) -> -62813 | AP57: =SUMIFS($C57:$V57,$C$7:$V$7,AP$7) -> -38453 | AQ57: =SUMIFS($C57:$V57,$C$7:$V$7,AQ$7) -> 375446 | AR57: =SUMIFS($C57:$Z57,$C$7:$Z$7,AR$7) -> 213105 | AS57: =SUMIFS($C57:$AD57,$C$7:$AD$7,AS$7) -> 158824 | AT57: =SUMIFS($C57:$AH57,$C$7:$AH$7,AT$7) -> -553005 | AV57: =SUMIFS($C57:$AJ57,$C$5:$AJ$5,"<="&AV$5,$C$5:$AJ$5,">"&EOMONTH(AV$5,-12)) -> -516370 | AW57: =SUMIFS($C57:$AK57,$C$5:$AK$5,"<="&AW$5,$C$5:$AK$5,">"&EOMONTH(AW$5,-12)) -> -296549
A58: Starbucks transaction-based revenue | C58: -29237 | D58: -33630 | E58: -32332 | F58: -47084 | G58: -38838 | H58: -32867 | I58: -7164 | J58: -34 | AM58: =SUMIFS($C58:$V58,$C$7:$V$7,AM$7) -> -142283 | AN58: =SUMIFS($C58:$V58,$C$7:$V$7,AN$7) -> -78903
A59: Starbucks transaction-based costs | C59: 36211 | D59: 40921 | E59: 41410 | F59: 46896 | G59: 36610 | H59: 28672 | I59: 4528 | J59: -49 | AM59: =SUMIFS($C59:$V59,$C$7:$V$7,AM$7) -> 165438 | AN59: =SUMIFS($C59:$V59,$C$7:$V$7,AN$7) -> 69761
A60: Share-based compensation expense | C60: 13461 | D60: 15232 | E60: 20793 | F60: 32806 | G60: 31198 | H60: 36922 | I60: 36779 | J60: 33887 | K60: 31670 | L60: 39593 | M60: 40048 | N60: 44525 | O60: 46824 | P60: 52119 | Q60: 58913 | R60: 59025 | S60: 61088 | T60: 79466 | U60: 77426 | V60: 79883 | W60: 77303 | X60: 96180 | Y60: 110389 | Z60: 113628 | AA60: 118623 | AB60: 146365 | AC60: 165011 | AD60: 178043 | AE60: 275423 | AF60: 256638 | AG60: 262733 | AH60: 274495 | AI60: 279591 | AJ60: 319248 | AK60: 345690 | AM60: =SUMIFS($C60:$V60,$C$7:$V$7,AM$7) -> 82292 | AN60: =SUMIFS($C60:$V60,$C$7:$V$7,AN$7) -> 138786 | AO60: =SUMIFS($C60:$V60,$C$7:$V$7,AO$7) -> 155836 | AP60: =SUMIFS($C60:$V60,$C$7:$V$7,AP$7) -> 216881 | AQ60: =SUMIFS($C60:$V60,$C$7:$V$7,AQ$7) -> 297863 | AR60: =SUMIFS($C60:$Z60,$C$7:$Z$7,AR$7) -> 397500 | AS60: =SUMIFS($C60:$AD60,$C$7:$AD$7,AS$7) -> 608042 | AT60: =SUMIFS($C60:$AH60,$C$7:$AH$7,AT$7) -> 1069289 | AV60: =SUMIFS($C60:$AJ60,$C$5:$AJ$5,"<="&AV$5,$C$5:$AJ$5,">"&EOMONTH(AV$5,-12)) -> 972837 | AW60: =SUMIFS($C60:$AK60,$C$5:$AK$5,"<="&AW$5,$C$5:$AK$5,">"&EOMONTH(AW$5,-12)) -> 1219024
A61: Depreciation and amortization | C61: 5546 | D61: 6410 | E61: 6570 | F61: 9100 | G61: 9118 | H61: 9018 | I61: 9681 | J61: 9928 | K61: 9437 | L61: 9125 | M61: 9085 | N61: 9632 | O61: 10160 | P61: 12328 | Q61: 15835 | R61: 22638 | S61: 18971 | T61: 18783 | U61: 19125 | V61: 18719 | W61: 20061 | X61: 21056 | Y61: 20624 | Z61: 22471 | AA61: 29201 | AB61: 28394 | AC61: 38110 | AD61: 39051 | AE61: 70056 | AF61: 90839 | AG61: 88721 | AH61: 90907 | AI61: 93173 | AJ61: 94545 | AK61: 115518 | AM61: =SUMIFS($C61:$V61,$C$7:$V$7,AM$7) -> 27626 | AN61: =SUMIFS($C61:$V61,$C$7:$V$7,AN$7) -> 37745 | AO61: =SUMIFS($C61:$V61,$C$7:$V$7,AO$7) -> 37279 | AP61: =SUMIFS($C61:$V61,$C$7:$V$7,AP$7) -> 60961 | AQ61: =SUMIFS($C61:$V61,$C$7:$V$7,AQ$7) -> 75598 | AR61: =SUMIFS($C61:$Z61,$C$7:$Z$7,AR$7) -> 84212 | AS61: =SUMIFS($C61:$AD61,$C$7:$AD$7,AS$7) -> 134756 | AT61: =SUMIFS($C61:$AH61,$C$7:$AH$7,AT$7) -> 340523 | AV61: =SUMIFS($C61:$AJ61,$C$5:$AJ$5,"<="&AV$5,$C$5:$AJ$5,">"&EOMONTH(AV$5,-12)) -> 288667 | AW61: =SUMIFS($C61:$AK61,$C$5:$AK$5,"<="&AW$5,$C$5:$AK$5,">"&EOMONTH(AW$5,-12)) -> 394143
A62: Litigation settlement expense | G62: 50000 | H62: -2000 | AN62: =SUMIFS($C62:$V62,$C$7:$V$7,AN$7) -> 48000
A63: Acquisition related, integration and other costs | P63: 4363 | Q63: 345 | S63: 782 | T63: 6133 | U63: 1564 | V63: 1260 | W63: 1524 | X63: 2056 | Y63: 359 | Z63: 3543 | AA63: 26 | AB63: 14292 | AC63: 308 | AD63: 20848 | AE63: 76065 | AF63: 17067 | AG63: 23470 | AH63: 40662 | AI63: 1551 | AJ63: 102349 | AK63: 24812 | AP63: =SUMIFS($C63:$V63,$C$7:$V$7,AP$7) -> 4708 | AQ63: =SUMIFS($C63:$V63,$C$7:$V$7,AQ$7) -> 9739 | AR63: =SUMIFS($C63:$Z63,$C$7:$Z$7,AR$7) -> 7482 | AS63: =SUMIFS($C63:$AD63,$C$7:$AD$7,AS$7) -> 35474 | AT63: =SUMIFS($C63:$AH63,$C$7:$AH$7,AT$7) -> 157264 | AV63: =SUMIFS($C63:$AJ63,$C$5:$AJ$5,"<="&AV$5,$C$5:$AJ$5,">"&EOMONTH(AV$5,-12)) -> 137450 | AW63: =SUMIFS($C63:$AK63,$C$5:$AK$5,"<="&AW$5,$C$5:$AK$5,">"&EOMONTH(AW$5,-12)) -> 169374
A64: Interest expense (income), net | C64: 414 | D64: 444 | E64: 137 | F64: 168 | G64: 69 | H64: -129 | I64: -183 | J64: -290 | K64: 996 | L64: 3494 | M64: 3080 | N64: 2483 | O64: 2112 | P64: 3470 | Q64: 7224 | R64: 5176 | S64: 4681 | T64: 5143 | U64: 5632 | V64: 6060 | W64: 9206 | X64: 14769 | Y64: 14980 | Z64: 17988 | AA64: 253 | AB64: 6464 | AC64: 13409 | AD64: 12998 | AE64: 15748 | AF64: 12966 | AG64: 6042 | AH64: 1472 | AI64: -3161 | AJ64: -3944 | AK64: -21415 | AM64: =SUMIFS($C64:$V64,$C$7:$V$7,AM$7) -> 1163 | AN64: =SUMIFS($C64:$V64,$C$7:$V$7,AN$7) -> -533 | AO64: =SUMIFS($C64:$V64,$C$7:$V$7,AO$7) -> 10053 | AP64: =SUMIFS($C64:$V64,$C$7:$V$7,AP$7) -> 17982 | AQ64: =SUMIFS($C64:$V64,$C$7:$V$7,AQ$7) -> 21516 | AR64: =SUMIFS($C64:$Z64,$C$7:$Z$7,AR$7) -> 56943 | AS64: =SUMIFS($C64:$AD64,$C$7:$AD$7,AS$7) -> 33124 | AT64: =SUMIFS($C64:$AH64,$C$7:$AH$7,AT$7) -> 36228 | AV64: =SUMIFS($C64:$AJ64,$C$5:$AJ$5,"<="&AV$5,$C$5:$AJ$5,">"&EOMONTH(AV$5,-12)) -> 47754 | AW64: =SUMIFS($C64:$AK64,$C$5:$AK$5,"<="&AW$5,$C$5:$AK$5,">"&EOMONTH(AW$5,-12)) -> -27048
A65: Other expense (income), net | C65: 796 | D65: -50 | E65: 644 | F65: -940 | G65: -786 | H65: -198 | I65: 294 | J65: 443 | K65: -497 | L65: -228 | M65: -1226 | N65: 356 | O65: 707 | P65: -815 | Q65: -37800 | R65: 19439 | S65: 11299 | T65: 1230 | U65: -5541 | V65: -6715 | W65: 5862 | X65: -25591 | Y65: -784 | Z65: -271212 | AA65: 27528 | AB65: -75788 | AC65: 12011 | AD65: 6775 | AE65: -33472 | AF65: -18766 | AG65: -18798 | AH65: -24407 | AI65: 18371 | AJ65: 1379 | AK65: -4262 | AM65: =SUMIFS($C65:$V65,$C$7:$V$7,AM$7) -> 450 | AN65: =SUMIFS($C65:$V65,$C$7:$V$7,AN$7) -> -247 | AO65: =SUMIFS($C65:$V65,$C$7:$V$7,AO$7) -> -1595 | AP65: =SUMIFS($C65:$V65,$C$7:$V$7,AP$7) -> -18469 | AQ65: =SUMIFS($C65:$V65,$C$7:$V$7,AQ$7) -> 273 | AR65: =SUMIFS($C65:$Z65,$C$7:$Z$7,AR$7) -> -291725 | AS65: =SUMIFS($C65:$AD65,$C$7:$AD$7,AS$7) -> -29474 | AT65: =SUMIFS($C65:$AH65,$C$7:$AH$7,AT$7) -> -95443 | AV65: =SUMIFS($C65:$AJ65,$C$5:$AJ$5,"<="&AV$5,$C$5:$AJ$5,">"&EOMONTH(AV$5,-12)) -> -64261 | AW65: =SUMIFS($C65:$AK65,$C$5:$AK$5,"<="&AW$5,$C$5:$AK$5,">"&EOMONTH(AW$5,-12)) -> -8919
A66: Bitcoin impairment losses | AA66: 19860 | AB66: 45266 | AC66: 6000 | AD66: 0 | AE66: 0 | AF66: 35961 | AG66: 1619 | AH66: 8991 | AI66: 0 | AJ66: 0 | AK66: 0 | AS66: =SUMIFS($C66:$AD66,$C$7:$AD$7,AS$7) -> 71126 | AT66: =SUMIFS($C66:$AH66,$C$7:$AH$7,AT$7) -> 46571 | AV66: =SUMIFS($C66:$AJ66,$C$5:$AJ$5,"<="&AV$5,$C$5:$AJ$5,">"&EOMONTH(AV$5,-12)) -> 37580 | AW66: =SUMIFS($C66:$AK66,$C$5:$AK$5,"<="&AW$5,$C$5:$AK$5,">"&EOMONTH(AW$5,-12)) -> 8991
A67: Provision (benefit) for income taxes | C67: 418 | D67: 1152 | E67: 932 | F67: 1244 | G67: 339 | H67: 312 | I67: 230 | J67: 1036 | K67: 509 | L67: 472 | M67: -647 | N67: -185 | O67: 175 | P67: 604 | Q67: 1066 | R67: 481 | S67: 129 | T67: -476 | U67: 2606 | V67: 508 | W67: 535 | X67: -752 | Y67: -1369 | Z67: 4448 | AA67: 947 | AB67: -9360 | AC67: 452 | AD67: 6597 | AE67: -1702 | AF67: 1304 | AG67: -17289 | AH67: 5375 | AI67: -2056 | AJ67: -3700 | AK67: 49529 | AM67: =SUMIFS($C67:$V67,$C$7:$V$7,AM$7) -> 3746 | AN67: =SUMIFS($C67:$V67,$C$7:$V$7,AN$7) -> 1917 | AO67: =SUMIFS($C67:$V67,$C$7:$V$7,AO$7) -> 149 | AP67: =SUMIFS($C67:$V67,$C$7:$V$7,AP$7) -> 2326 | AQ67: =SUMIFS($C67:$V67,$C$7:$V$7,AQ$7) -> 2767 | AR67: =SUMIFS($C67:$Z67,$C$7:$Z$7,AR$7) -> 2862 | AS67: =SUMIFS($C67:$AD67,$C$7:$AD$7,AS$7) -> -1364 | AT67: =SUMIFS($C67:$AH67,$C$7:$AH$7,AT$7) -> -12312 | AV67: =SUMIFS($C67:$AJ67,$C$5:$AJ$5,"<="&AV$5,$C$5:$AJ$5,">"&EOMONTH(AV$5,-12)) -> -11090 | AW67: =SUMIFS($C67:$AK67,$C$5:$AK$5,"<="&AW$5,$C$5:$AK$5,">"&EOMONTH(AW$5,-12)) -> 49148
A68: Loss (gain) on disposal of property and equipment | C68: 240 | F68: 30 | G68: -38 | H68: 169 | I68: -219 | J68: 39 | L68: 2 | M68: 62 | N68: 36 | O68: -98 | P68: 73 | Q68: 806 | R68: -1005 | S68: 19 | T68: 281 | U68: 128 | V68: 580 | W68: 218 | X68: 1481 | Y68: 396 | Z68: 475 | AA68: 615 | AB68: 374 | AC68: 877 | AD68: 767 | AE68: 534 | AF68: 548 | AG68: -447 | AH68: 984 | AI68: 191 | AJ68: 343 | AK68: 1355 | AM68: =SUMIFS($C68:$V68,$C$7:$V$7,AM$7) -> 270 | AN68: =SUMIFS($C68:$V68,$C$7:$V$7,AN$7) -> -49 | AO68: =SUMIFS($C68:$V68,$C$7:$V$7,AO$7) -> 100 | AP68: =SUMIFS($C68:$V68,$C$7:$V$7,AP$7) -> -224 | AQ68: =SUMIFS($C68:$V68,$C$7:$V$7,AQ$7) -> 1008 | AR68: =SUMIFS($C68:$Z68,$C$7:$Z$7,AR$7) -> 2570 | AS68: =SUMIFS($C68:$AD68,$C$7:$AD$7,AS$7) -> 2633 | AT68: =SUMIFS($C68:$AH68,$C$7:$AH$7,AT$7) -> 1619 | AV68: =SUMIFS($C68:$AJ68,$C$5:$AJ$5,"<="&AV$5,$C$5:$AJ$5,">"&EOMONTH(AV$5,-12)) -> 1402 | AW68: =SUMIFS($C68:$AK68,$C$5:$AK$5,"<="&AW$5,$C$5:$AK$5,">"&EOMONTH(AW$5,-12)) -> 2873
A69: Impairment of intangible assets
A70: Gain on sale of asset group | V70: -373445
A71: Acquired deferred revenue and cost adjustment | P71: 2086 | Q71: 4965 | R71: 3760 | S71: 2879 | T71: 1484 | U71: 986 | V71: 739 | W71: 513 | X71: 210 | Y71: 210 | Z71: 189 | AA71: 188 | AB71: 135 | AC71: 104 | AD71: 87 | AE71: 72 | AF71: 62 | AG71: 53 | AH71: 43 | AI71: 33 | AJ71: 24 | AK71: 21 | AP71: =SUMIFS($C71:$V71,$C$7:$V$7,AP$7) -> 10811 | AQ71: =SUMIFS($C71:$V71,$C$7:$V$7,AQ$7) -> 6088 | AR71: =SUMIFS($C71:$Z71,$C$7:$Z$7,AR$7) -> 1122 | AS71: =SUMIFS($C71:$AD71,$C$7:$AD$7,AS$7) -> 514 | AT71: =SUMIFS($C71:$AH71,$C$7:$AH$7,AT$7) -> 230 | AV71: =SUMIFS($C71:$AJ71,$C$5:$AJ$5,"<="&AV$5,$C$5:$AJ$5,">"&EOMONTH(AV$5,-12)) -> 274 | AW71: =SUMIFS($C71:$AK71,$C$5:$AK$5,"<="&AW$5,$C$5:$AK$5,">"&EOMONTH(AW$5,-12)) -> 121
A72: Adjusted EBITDA | C72: =SUM(C57:C71) -> -20129 | D72: =SUM(D57:D71) -> 859 | E72: =SUM(E57:E71) -> -15776 | F72: =SUM(F57:F71) -> -6069 | G72: =SUM(G57:G71) -> -9083 | H72: =SUM(H57:H71) -> 12554 | I72: =SUM(I57:I71) -> 11623 | J72: =SUM(J57:J71) -> 29793 | ... AK72: =SUM(AK57:AK71) -> 477488 | AM72: =SUMIFS($C72:$V72,$C$7:$V$7,AM$7) -> -41115 | AN72: =SUMIFS($C72:$V72,$C$7:$V$7,AN$7) -> 44887 | AO72: =SUMIFS($C72:$V72,$C$7:$V$7,AO$7) -> 139009 | AP72: =SUMIFS($C72:$V72,$C$7:$V$7,AP$7) -> 256523 | AQ72: =SUMIFS($C72:$V72,$C$7:$V$7,AQ$7) -> 416853 | AR72: =SUMIFS($C72:$Z72,$C$7:$Z$7,AR$7) -> 474071 | AS72: =SUM(AS57:AS71) -> 1013655 | AT72: =SUMIFS($C72:$AH72,$C$7:$AH$7,AT$7) -> 990964 | AV72: =SUMIFS($C72:$AJ72,$C$5:$AJ$5,"<="&AV$5,$C$5:$AJ$5,">"&EOMONTH(AV$5,-12)) -> 894243 | AW72: =SUMIFS($C72:$AK72,$C$5:$AK$5,"<="&AW$5,$C$5:$AK$5,">"&EOMONTH(AW$5,-12)) -> 1511158
A73: Adjustments for Adjusted Operating Income (Loss)(3)
A74: Share-based compensation | AE74: =AE60 -> 275423 | AF74: =AF60 -> 256638 | AG74: =AG60 -> 262733 | AH74: =AH60 -> 274495 | AI74: =AI60 -> 279591 | AJ74: =AJ60 -> 319248 | AK74: =AK60 -> 345690 | AT74: =AT60 -> 1069289 | AW74: =SUMIFS($C74:$AK74,$C$5:$AK$5,"<="&AW$5,$C$5:$AK$5,">"&EOMONTH(AW$5,-12)) -> 1219024
A75: Acquisition related share-based acceleration costs | AE75: -66337 | AT75: =-AT119 -> -66337
A76: Depreciation and amortization | AE76: =AE61 -> 70056 | AF76: =AF61 -> 90839 | AG76: =AG61 -> 88721 | AH76: =AH61 -> 90907 | AI76: =AI61 -> 93173 | AJ76: =AJ61 -> 94545 | AK76: =AK61 -> 115518 | AT76: =AT61 -> 340523 | AW76: =SUMIFS($C76:$AK76,$C$5:$AK$5,"<="&AW$5,$C$5:$AK$5,">"&EOMONTH(AW$5,-12)) -> 394143
A77: Amortization of acquired intangible assets | AE77: =-('GAAP IS'!AE22+'GAAP IS'!AE32) -> -42133 | AF77: =-('GAAP IS'!AF22+'GAAP IS'!AF32) -> -57288 | AG77: =-('GAAP IS'!AG22+'GAAP IS'!AG32) -> -55867 | AH77: =-('GAAP IS'!AH22+'GAAP IS'!AH32) -> -53664 | AI77: =-('GAAP IS'!AI22+'GAAP IS'!AI32) -> -55595 | AJ77: =-('GAAP IS'!AJ22+'GAAP IS'!AJ32) -> -55257 | AK77: =-('GAAP IS'!AK22+'GAAP IS'!AK32) -> -74845 | AT77: =-('GAAP IS'!AT22+'GAAP IS'!AT32) -> -208952 | AW77: =SUMIFS($C77:$AK77,$C$5:$AK$5,"<="&AW$5,$C$5:$AK$5,">"&EOMONTH(AW$5,-12)) -> -239361
A78: Acquired deferred revenue and cost adjustment | AE78: =AE71 -> 72 | AF78: =AF71 -> 62 | AG78: =AG71 -> 53 | AH78: =AH71 -> 43 | AI78: =AI71 -> 33 | AJ78: =AJ71 -> 24 | AK78: =AK71 -> 21 | AT78: =AT71 -> 230 | AW78: =SUMIFS($C78:$AK78,$C$5:$AK$5,"<="&AW$5,$C$5:$AK$5,">"&EOMONTH(AW$5,-12)) -> 121
A79: Loss (gain) on disposal of property and equipment | AE79: =AE68 -> 534 | AF79: =AF68 -> 548 | AG79: =AG68 -> -447 | AH79: =AH68 -> 984 | AI79: =AI68 -> 191 | AJ79: =AJ68 -> 343 | AK79: =AK68 -> 1355 | AT79: =AT68 -> 1619 | AW79: =SUMIFS($C79:$AK79,$C$5:$AK$5,"<="&AW$5,$C$5:$AK$5,">"&EOMONTH(AW$5,-12)) -> 2873
A80: Adjusted Operating Income (Loss) | AE80: =AE72-SUM(AE74:AE79) -> -42254 | AF80: =AF72-SUM(AF74:AF79) -> -103457 | AG80: =AG72-SUM(AG74:AG79) -> 32167 | AH80: =AH72-SUM(AH74:AH79) -> -31864 | AI80: =AI72-SUM(AI74:AI79) -> 50974 | AJ80: =AJ72-SUM(AJ74:AJ79) -> 25499 | AK80: =AK72-SUM(AK74:AK79) -> 89749 | AT80: =AT72-SUM(AT74:AT79) -> -145408 | AW80: =SUMIFS($C80:$AK80,$C$5:$AK$5,"<="&AW$5,$C$5:$AK$5,">"&EOMONTH(AW$5,-12)) -> 134358
A82: Adjusted Net Income (Loss) reconciliation
A83: Net income (loss) attributable to noncontrolling interests | AB83: ='GAAP IS'!AB43 -> -343 | AC83: ='GAAP IS'!AC43 -> -2960 | AD83: -4155 | AE83: ='GAAP IS'!AE43 -> -3164 | AF83: ='GAAP IS'!AF43 -> -1263 | AG83: ='GAAP IS'!AG43 -> -4033 | AH83: ='GAAP IS'!AH43 -> -3798 | AI83: ='GAAP IS'!AI43 -> -2488 | AJ83: ='GAAP IS'!AJ43 -> -3336 | AK83: ='GAAP IS'!AK43 -> -4806 | AS83: =SUMIFS($C83:$AH83,$C$7:$AH$7,AS$7) -> -7458 | AT83: =SUMIFS($C83:$AH83,$C$7:$AH$7,AT$7) -> -12258 | AV83: =SUMIFS($C83:$AJ83,$C$5:$AJ$5,"<="&AV$5,$C$5:$AJ$5,">"&EOMONTH(AV$5,-12)) -> -12615 | AW83: =SUMIFS($C83:$AK83,$C$5:$AK$5,"<="&AW$5,$C$5:$AK$5,">"&EOMONTH(AW$5,-12)) -> -14428
A84: Net income (loss) attributable to common stockholders | C84: ='GAAP IS'!C44 -> -47978 | D84: ='GAAP IS'!D44 -> -29620 | E84: ='GAAP IS'!E44 -> -53930 | F84: ='GAAP IS'!F44 -> -48289 | G84: ='GAAP IS'!G44 -> -96755 | H84: ='GAAP IS'!H44 -> -27345 | I84: ='GAAP IS'!I44 -> -32323 | J84: ='GAAP IS'!J44 -> -15167 | ... AC84: ='GAAP IS'!AC44 -> 84 | AD84: -76829 | AE84: ='GAAP IS'!AE44 -> -204199 | AF84: ='GAAP IS'!AF44 -> -208014 | AG84: ='GAAP IS'!AG44 -> -14711 | AH84: ='GAAP IS'!AH44 -> -113823 | AI84: ='GAAP IS'!AI44 -> -16838 | AJ84: ='GAAP IS'!AJ44 -> -122506 | AK84: ='GAAP IS'!AK44 -> -28954 | AM84: =SUMIFS($C84:$AH84,$C$7:$AH$7,AM$7) -> -179817 | AN84: =SUMIFS($C84:$AH84,$C$7:$AH$7,AN$7) -> -171590 | AO84: =SUMIFS($C84:$AH84,$C$7:$AH$7,AO$7) -> -62813 | AP84: =SUMIFS($C84:$AH84,$C$7:$AH$7,AP$7) -> -38453 | AQ84: =SUMIFS($C84:$AH84,$C$7:$AH$7,AQ$7) -> 375446 | AR84: =SUMIFS($C84:$AH84,$C$7:$AH$7,AR$7) -> 213105 | AS84: =SUMIFS($C84:$AH84,$C$7:$AH$7,AS$7) -> 166284 | AT84: =SUMIFS($C84:$AH84,$C$7:$AH$7,AT$7) -> -540747 | AV84: =SUMIFS($C84:$AJ84,$C$5:$AJ$5,"<="&AV$5,$C$5:$AJ$5,">"&EOMONTH(AV$5,-12)) -> -503753 | AW84: =SUMIFS($C84:$AK84,$C$5:$AK$5,"<="&AW$5,$C$5:$AK$5,">"&EOMONTH(AW$5,-12)) -> -282121
A85: GAAP net income (loss) | C85: ='GAAP IS'!C42 -> -47978 | D85: ='GAAP IS'!D42 -> -29620 | E85: ='GAAP IS'!E42 -> -53930 | F85: ='GAAP IS'!F42 -> -48289 | G85: ='GAAP IS'!G42 -> -96755 | H85: ='GAAP IS'!H42 -> -27345 | I85: ='GAAP IS'!I42 -> -32323 | J85: ='GAAP IS'!J42 -> -15167 | ... AC85: ='GAAP IS'!AC42 -> -2876 | AD85: -80984 | AE85: -207363 | AF85: ='GAAP IS'!AF42 -> -209277 | AG85: ='GAAP IS'!AG42 -> -18744 | AH85: ='GAAP IS'!AH42 -> -117621 | AI85: ='GAAP IS'!AI42 -> -19326 | AJ85: ='GAAP IS'!AJ42 -> -125842 | AK85: ='GAAP IS'!AK42 -> -33760 | AM85: =SUMIFS($C85:$V85,$C$7:$V$7,AM$7) -> -179817 | AN85: =SUMIFS($C85:$V85,$C$7:$V$7,AN$7) -> -171590 | AO85: =SUMIFS($C85:$V85,$C$7:$V$7,AO$7) -> -62813 | AP85: =SUMIFS($C85:$V85,$C$7:$V$7,AP$7) -> -38453 | AQ85: =SUMIFS($C85:$V85,$C$7:$V$7,AQ$7) -> 375446 | AR85: =SUMIFS($C85:$Z85,$C$7:$Z$7,AR$7) -> 213105 | AS85: =SUMIFS($C85:$AD85,$C$7:$AD$7,AS$7) -> 158826 | AT85: =SUMIFS($C85:$AH85,$C$7:$AH$7,AT$7) -> -553005 | AV85: =SUMIFS($C85:$AJ85,$C$5:$AJ$5,"<="&AV$5,$C$5:$AJ$5,">"&EOMONTH(AV$5,-12)) -> -516368 | AW85: =SUMIFS($C85:$AK85,$C$5:$AK$5,"<="&AW$5,$C$5:$AK$5,">"&EOMONTH(AW$5,-12)) -> -296549
A86: Starbucks transaction-based revenue | G86: -38838 | H86: -32867 | I86: -7164 | J86: -34 | AM86: -142283 | AN86: =SUMIFS($C86:$V86,$C$7:$V$7,AN$7) -> -78903
A87: Starbucks transaction-based costs | G87: 36610 | H87: 28672 | I87: 4528 | J87: -49 | AM87: 165438 | AN87: =SUMIFS($C87:$V87,$C$7:$V$7,AN$7) -> 69761
A88: Share-based compensation expense | G88: 31198 | H88: 36922 | I88: 36779 | J88: 33887 | K88: 31670 | L88: 39593 | M88: 40048 | N88: 44525 | O88: 46824 | P88: 52119 | Q88: 58913 | R88: 59025 | S88: 61088 | T88: 79466 | U88: 77426 | V88: 79883 | W88: 77303 | X88: 96180 | Y88: 110389 | Z88: 113628 | AA88: 118623 | AB88: 146365 | AC88: 165011 | AD88: 178043 | AE88: 275423 | AF88: 256638 | AG88: 262733 | AH88: 274495 | AI88: 279591 | AJ88: 319248 | AK88: 345690 | AM88: 82292 | AN88: =SUMIFS($C88:$V88,$C$7:$V$7,AN$7) -> 138786 | AO88: =SUMIFS($C88:$V88,$C$7:$V$7,AO$7) -> 155836 | AP88: =SUMIFS($C88:$V88,$C$7:$V$7,AP$7) -> 216881 | AQ88: =SUMIFS($C88:$V88,$C$7:$V$7,AQ$7) -> 297863 | AR88: =SUMIFS($C88:$Z88,$C$7:$Z$7,AR$7) -> 397500 | AS88: =SUMIFS($C88:$AD88,$C$7:$AD$7,AS$7) -> 608042 | AT88: =SUMIFS($C88:$AH88,$C$7:$AH$7,AT$7) -> 1069289 | AV88: =SUMIFS($C88:$AJ88,$C$5:$AJ$5,"<="&AV$5,$C$5:$AJ$5,">"&EOMONTH(AV$5,-12)) -> 972837 | AW88: =SUMIFS($C88:$AK88,$C$5:$AK$5,"<="&AW$5,$C$5:$AK$5,">"&EOMONTH(AW$5,-12)) -> 1219024
A89: Acquisition related, integration and other costs | P89: 4363 | Q89: 345 | S89: 782 | T89: 6133 | U89: 1564 | V89: 1260 | W89: 1524 | X89: 2056 | Y89: 359 | Z89: 3543 | AA89: 26 | AB89: 14292 | AC89: 308 | AD89: 20848 | AE89: 76065 | AF89: 17067 | AG89: 23470 | AH89: 40662 | AI89: 1551 | AJ89: 102349 | AK89: 24812 | AP89: =SUMIFS($C89:$V89,$C$7:$V$7,AP$7) -> 4708 | AQ89: =SUMIFS($C89:$V89,$C$7:$V$7,AQ$7) -> 9739 | AR89: =SUMIFS($C89:$Z89,$C$7:$Z$7,AR$7) -> 7482 | AS89: =SUMIFS($C89:$AD89,$C$7:$AD$7,AS$7) -> 35474 | AT89: =SUMIFS($C89:$AH89,$C$7:$AH$7,AT$7) -> 157264 | AV89: =SUMIFS($C89:$AJ89,$C$5:$AJ$5,"<="&AV$5,$C$5:$AJ$5,">"&EOMONTH(AV$5,-12)) -> 137450 | AW89: =SUMIFS($C89:$AK89,$C$5:$AK$5,"<="&AW$5,$C$5:$AK$5,">"&EOMONTH(AW$5,-12)) -> 169374
A90: Amortization of intangible assets | G90: 2713 | H90: 2134 | I90: 2076 | J90: 2090 | K90: 2121 | L90: 1943 | M90: 1804 | N90: 1747 | O90: 1875 | P90: 2816 | Q90: 4384 | R90: 4029 | S90: 3487 | T90: 3958 | U90: 3841 | V90: 3714 | W90: 4152 | X90: 4134 | Y90: 5236 | Z90: 5717 | AA90: 6884 | AB90: 9234 | AC90: 11140 | AD90: 13264 | AE90: 42160 | AF90: 57288 | AG90: 55867 | AH90: 53637 | AI90: 55595 | AJ90: 55257 | AK90: 74845 | AM90: 7503 | AN90: =SUMIFS($C90:$V90,$C$7:$V$7,AN$7) -> 9013 | AO90: =SUMIFS($C90:$V90,$C$7:$V$7,AO$7) -> 7615 | AP90: =SUMIFS($C90:$V90,$C$7:$V$7,AP$7) -> 13104 | AQ90: =SUMIFS($C90:$V90,$C$7:$V$7,AQ$7) -> 15000 | AR90: =SUMIFS($C90:$Z90,$C$7:$Z$7,AR$7) -> 19239 | AS90: =SUMIFS($C90:$AD90,$C$7:$AD$7,AS$7) -> 40522 | AT90: =SUMIFS($C90:$AH90,$C$7:$AH$7,AT$7) -> 208952 | AV90: =SUMIFS($C90:$AJ90,$C$5:$AJ$5,"<="&AV$5,$C$5:$AJ$5,">"&EOMONTH(AV$5,-12)) -> 168579 | AW90: =SUMIFS($C90:$AK90,$C$5:$AK$5,"<="&AW$5,$C$5:$AK$5,">"&EOMONTH(AW$5,-12)) -> 239334
A91: Litigation settlement expense | G91: 50000 | H91: -2000 | AN91: =SUMIFS($C91:$V91,$C$7:$V$7,AN$7) -> 48000
A92: Amortization of debt discount and issuance costs | K92: 1390 | L92: 4221 | M92: 4277 | N92: 4335 | O92: 4393 | P92: 6830 | Q92: 11627 | R92: 10005 | S92: 9608 | T92: 9725 | U92: 9843 | V92: 9963 | W92: 12528 | X92: 17580 | Y92: 17516 | Z92: 20355 | AA92: 1832 | AB92: 2305 | AC92: 2868 | AD92: 2817 | AE92: 3630 | AF92: 3826 | AG92: 3851 | AH92: 3855 | AI92: 2949 | AJ92: 2885 | AK92: 2973 | AO92: =SUMIFS($C92:$V92,$C$7:$V$7,AO$7) -> 14223 | AP92: =SUMIFS($C92:$V92,$C$7:$V$7,AP$7) -> 32855 | AQ92: =SUMIFS($C92:$V92,$C$7:$V$7,AQ$7) -> 39139 | AR92: =SUMIFS($C92:$Z92,$C$7:$Z$7,AR$7) -> 67979 | AS92: =SUMIFS($C92:$AD92,$C$7:$AD$7,AS$7) -> 9822 | AT92: =SUMIFS($C92:$AH92,$C$7:$AH$7,AT$7) -> 15162 | AV92: =SUMIFS($C92:$AJ92,$C$5:$AJ$5,"<="&AV$5,$C$5:$AJ$5,">"&EOMONTH(AV$5,-12)) -> 14124 | AW92: =SUMIFS($C92:$AK92,$C$5:$AK$5,"<="&AW$5,$C$5:$AK$5,">"&EOMONTH(AW$5,-12)) -> 12662
A93: Loss (gain) on revaluation of equity investment | Q93: -36908 | R93: 16566 | S93: 14087 | T93: 4842 | U93: -2462 | V93: -4141 | X93: -20998 | Z93: -274299 | AA93: 28900 | AB93: -76744 | AC93: 6836 | AD93: 5515 | AE93: -49741 | AF93: 5115 | AG93: 712 | AH93: -29543 | AI93: 14885 | AJ93: 1370 | AK93: 583 | AP93: =SUMIFS($C93:$V93,$C$7:$V$7,AP$7) -> -20342 | AQ93: =SUMIFS($C93:$V93,$C$7:$V$7,AQ$7) -> 12326 | AR93: =SUMIFS($C93:$Z93,$C$7:$Z$7,AR$7) -> -295297 | AS93: =SUMIFS($C93:$AD93,$C$7:$AD$7,AS$7) -> -35493 | AT93: =SUMIFS($C93:$AH93,$C$7:$AH$7,AT$7) -> -73457 | AV93: =SUMIFS($C93:$AJ93,$C$5:$AJ$5,"<="&AV$5,$C$5:$AJ$5,">"&EOMONTH(AV$5,-12)) -> -38399 | AW93: =SUMIFS($C93:$AK93,$C$5:$AK$5,"<="&AW$5,$C$5:$AK$5,">"&EOMONTH(AW$5,-12)) -> -12705
A94: Loss on extinguishment of long-term debt | Q94: 1625 | R94: 3403 | W94: 990 | Y94: 1403 | Z94: 4258 | AA94: 0 | AB94: 0 | AC94: 0 | AD94: 0 | AE94: 0 | AF94: 0 | AG94: 0 | AH94: 0 | AI94: 0 | AJ94: 0 | AK94: 0 | AP94: =SUMIFS($C94:$V94,$C$7:$V$7,AP$7) -> 5028 | AR94: =SUMIFS($C94:$Z94,$C$7:$Z$7,AR$7) -> 6651 | AS94: =SUMIFS($C94:$AD94,$C$7:$AD$7,AS$7) -> 0 | AT94: =SUMIFS($C94:$AH94,$C$7:$AH$7,AT$7) -> 0 | AV94: =SUMIFS($C94:$AJ94,$C$5:$AJ$5,"<="&AV$5,$C$5:$AJ$5,">"&EOMONTH(AV$5,-12)) -> 0 | AW94: =SUMIFS($C94:$AK94,$C$5:$AK$5,"<="&AW$5,$C$5:$AK$5,">"&EOMONTH(AW$5,-12)) -> 0
A95: Bitcoin impairment losses | AA95: 19860 | AB95: 45266 | AC95: 6000 | AD95: 0 | AE95: 0 | AF95: 35961 | AG95: 1619 | AH95: 8991 | AI95: 0 | AJ95: 0 | AK95: 0 | AS95: =SUMIFS($C95:$AD95,$C$7:$AD$7,AS$7) -> 71126 | AT95: =SUMIFS($C95:$AH95,$C$7:$AH$7,AT$7) -> 46571 | AV95: =SUMIFS($C95:$AJ95,$C$5:$AJ$5,"<="&AV$5,$C$5:$AJ$5,">"&EOMONTH(AV$5,-12)) -> 37580 | AW95: =SUMIFS($C95:$AK95,$C$5:$AK$5,"<="&AW$5,$C$5:$AK$5,">"&EOMONTH(AW$5,-12)) -> 8991
A96: Loss (gain) on disposal of property and equipment | G96: -38 | H96: 169 | I96: -219 | J96: 39 | L96: 2 | M96: 62 | N96: 36 | O96: -98 | P96: 73 | Q96: 806 | R96: -1005 | S96: 19 | T96: 281 | U96: 128 | V96: 580 | W96: 218 | X96: 1481 | Y96: 396 | Z96: 475 | AA96: 615 | AB96: 374 | AC96: 877 | AD96: 767 | AE96: 534 | AF96: 548 | AG96: -447 | AH96: 984 | AI96: 191 | AJ96: 343 | AK96: 1355 | AM96: 270 | AN96: =SUMIFS($C96:$V96,$C$7:$V$7,AN$7) -> -49 | AO96: =SUMIFS($C96:$V96,$C$7:$V$7,AO$7) -> 100 | AP96: =SUMIFS($C96:$V96,$C$7:$V$7,AP$7) -> -224 | AQ96: =SUMIFS($C96:$V96,$C$7:$V$7,AQ$7) -> 1008 | AR96: =SUMIFS($C96:$Z96,$C$7:$Z$7,AR$7) -> 2570 | AS96: =SUMIFS($C96:$AD96,$C$7:$AD$7,AS$7) -> 2633 | AT96: =SUMIFS($C96:$AH96,$C$7:$AH$7,AT$7) -> 1619 | AV96: =SUMIFS($C96:$AJ96,$C$5:$AJ$5,"<="&AV$5,$C$5:$AJ$5,">"&EOMONTH(AV$5,-12)) -> 1402 | AW96: =SUMIFS($C96:$AK96,$C$5:$AK$5,"<="&AW$5,$C$5:$AK$5,">"&EOMONTH(AW$5,-12)) -> 2873
A97: Impairment of intangible assets
A98: Gain on sale of asset group | V98: -373445 | AQ98: =SUMIFS($C98:$V98,$C$7:$V$7,AQ$7) -> -373445
A99: Acquired deferred revenue and cost adjustment | P99: 2086 | Q99: 4965 | R99: 3760 | S99: 2879 | T99: 1484 | U99: 986 | V99: 739 | W99: 513 | X99: 210 | Y99: 210 | Z99: 189 | AA99: 188 | AB99: 135 | AC99: 104 | AD99: 87 | AE99: 72 | AF99: 62 | AG99: 53 | AH99: 43 | AI99: 33 | AJ99: 24 | AK99: 21 | AP99: =SUMIFS($C99:$V99,$C$7:$V$7,AP$7) -> 10811 | AQ99: =SUMIFS($C99:$V99,$C$7:$V$7,AQ$7) -> 6088 | AR99: =SUMIFS($C99:$Z99,$C$7:$Z$7,AR$7) -> 1122 | AS99: =SUMIFS($C99:$AD99,$C$7:$AD$7,AS$7) -> 514 | AT99: =SUMIFS($C99:$AH99,$C$7:$AH$7,AT$7) -> 230 | AV99: =SUMIFS($C99:$AJ99,$C$5:$AJ$5,"<="&AV$5,$C$5:$AJ$5,">"&EOMONTH(AV$5,-12)) -> 274 | AW99: =SUMIFS($C99:$AK99,$C$5:$AK$5,"<="&AW$5,$C$5:$AK$5,">"&EOMONTH(AW$5,-12)) -> 121
A100: Tax effect of non-GAAP net income adjustments | AE100: -38326 | AF100: -57734 | AG100: -65940.37 | AH100: -102523 | AI100: -84607 | AJ100: -109646.73 | AK100: -71050 | AT100: =SUMIFS($C100:$AH100,$C$7:$AH$7,AT$7) -> -264523.37 | AV100: =SUMIFS($C100:$AJ100,$C$5:$AJ$5,"<="&AV$5,$C$5:$AJ$5,">"&EOMONTH(AV$5,-12)) -> -162000.37 | AW100: =SUMIFS($C100:$AK100,$C$5:$AK$5,"<="&AW$5,$C$5:$AK$5,">"&EOMONTH(AW$5,-12)) -> -367826.73
A101: Adjusted Net Income (Loss) - basic | C101: =SUM(C85:C99) -> -47978 | D101: =SUM(D85:D99) -> -29620 | E101: =SUM(E85:E99) -> -53930 | F101: =SUM(F85:F99) -> -48289 | G101: =SUM(G85:G99) -> -15110 | H101: =SUM(H85:H99) -> 5685 | I101: =SUM(I85:I99) -> 3677 | J101: =SUM(J85:J99) -> 20766 | ... N101: =SUM(N85:N99) -> 34980 | O101: =SUM(O85:O100) -> 29008 | P101: =SUM(P85:P100) -> 62381 | Q101: =SUM(Q85:Q100) -> 65400 | R101: =SUM(R85:R100) -> 67579 | S101: =SUM(S85:S100) -> 53799 | T101: =SUM(T85:T100) -> 99149 | U101: =SUM(U85:U100) -> 120723 | V101: =SUM(V85:V100) -> 109493 | ... AK101: =SUM(AK85:AK100) -> 345469 | AM101: =SUM(AM85:AM99) -> -66597 | AN101: =SUMIFS($C101:$V101,$C$7:$V$7,AN$7) -> 15018 | AO101: =SUMIFS($C101:$V101,$C$7:$V$7,AO$7) -> 114961 | AP101: =SUMIFS($C101:$V101,$C$7:$V$7,AP$7) -> 224368 | AQ101: =SUMIFS($C101:$V101,$C$7:$V$7,AQ$7) -> 383164 | AR101: =SUMIFS($C101:$Z101,$C$7:$Z$7,AR$7) -> 420351 | AS101: =SUMIFS($C101:$AD101,$C$7:$AD$7,AS$7) -> 891466 | AT101: =SUMIFS($C101:$AH101,$C$7:$AH$7,AT$7) -> 608101.63 | AV101: =SUMIFS($C101:$AJ101,$C$5:$AJ$5,"<="&AV$5,$C$5:$AJ$5,">"&EOMONTH(AV$5,-12)) -> 615478.63 | AW101: =SUMIFS($C101:$AK101,$C$5:$AK$5,"<="&AW$5,$C$5:$AK$5,">"&EOMONTH(AW$5,-12)) -> 975298.27
A102: Cash interest expense on convertible notes | R102: 1292 | S102: 1277 | T102: 1277 | U102: 1277 | V102: 1277 | W102: 0 | X102: 1565 | Y102: 1544 | Z102: 1596 | AA102: 1728 | AB102: 1611 | AC102: 1494 | AD102: 1266 | AE102: 1241 | AF102: 1247 | AG102: 1263 | AH102: 1263 | AI102: 1236 | AJ102: 958 | AK102: 680 | AP102: =SUMIFS($C102:$V102,$C$7:$V$7,AP$7) -> 1292 | AQ102: =SUMIFS($C102:$V102,$C$7:$V$7,AQ$7) -> 5108 | AR102: 6078 | AS102: =SUMIFS($C102:$AD102,$C$7:$AD$7,AS$7) -> 6099 | AT102: =SUMIFS($C102:$AH102,$C$7:$AH$7,AT$7) -> 5014 | AV102: =SUMIFS($C102:$AJ102,$C$5:$AJ$5,"<="&AV$5,$C$5:$AJ$5,">"&EOMONTH(AV$5,-12)) -> 5017 | AW102: =SUMIFS($C102:$AK102,$C$5:$AK$5,"<="&AW$5,$C$5:$AK$5,">"&EOMONTH(AW$5,-12)) -> 4137
A103: Adjusted Net Income (Loss) - diluted | C103: =C101+C102 -> -47978 | D103: =D101+D102 -> -29620 | E103: =E101+E102 -> -53930 | F103: =F101+F102 -> -48289 | G103: =G101+G102 -> -15110 | H103: =H101+H102 -> 5685 | I103: =I101+I102 -> 3677 | J103: =J101+J102 -> 20766 | ... AK103: =AK101+AK102 -> 346149 | AM103: =AM101 -> -66597 | AN103: =SUMIFS($C103:$V103,$C$7:$V$7,AN$7) -> 15018 | AO103: =SUMIFS($C103:$V103,$C$7:$V$7,AO$7) -> 114961 | AP103: =SUMIFS($C103:$V103,$C$7:$V$7,AP$7) -> 225660 | AQ103: =SUMIFS($C103:$V103,$C$7:$V$7,AQ$7) -> 388272 | AR103: =SUM(AR101:AR102) -> 426429 | AS103: =SUMIFS($C103:$AD103,$C$7:$AD$7,AS$7) -> 897565 | AT103: =SUMIFS($C103:$AH103,$C$7:$AH$7,AT$7) -> 613115.63 | AV103: =SUMIFS($C103:$AJ103,$C$5:$AJ$5,"<="&AV$5,$C$5:$AJ$5,">"&EOMONTH(AV$5,-12)) -> 620495.63 | AW103: =SUMIFS($C103:$AK103,$C$5:$AK$5,"<="&AW$5,$C$5:$AK$5,">"&EOMONTH(AW$5,-12)) -> 979435.27
A105: Adjusted Net Income (Loss) per share:
A106: Basic | C106: -0.33 | D106: -0.2 | E106: -0.35 | F106: -0.21 | G106: -0.05 | H106: 0.02 | I106: 0.01 | J106: =J$101/J$110 -> 0.058275313 | K106: 0.05 | L106: 0.08 | M106: 0.08 | N106: 0.09 | O106: 0.07 | P106: 0.15 | Q106: 0.16 | R106: 0.16 | S106: 0.13 | T106: 0.23 | U106: 0.28 | V106: 0.25 | W106: -0.02 | X106: 0.2 | Y106: 0.39 | Z106: 0.37 | AA106: 0.47 | AB106: 0.76 | AC106: 0.41 | AD106: 0.30343392 | AE106: 0.18922678 | AF106: 0.18834437 | AG106: 0.44404662 | AH106: 0.22 | AI106: 0.42 | AJ106: 0.41 | AK106: 0.57 | AM106: -1.09 | AN106: 0.04 | AO106: 0.3 | AP106: 0.54 | AQ106: 0.89 | AR106: 0.95 | AS106: 1.9445981 | AT106: 1.05
A107: Diluted | G107: -0.05 | H107: 0.02 | I107: 0.01 | J107: =J$103/J$111 -> 0.054285796 | K107: 0.05 | L107: 0.07 | M107: 0.07 | N107: 0.08 | O107: 0.06 | P107: 0.13 | Q107: 0.13 | R107: 0.14 | S107: 0.11 | T107: 0.21 | U107: 0.25 | V107: 0.23 | W107: -0.02 | X107: 0.18 | Y107: 0.34 | Z107: 0.32 | AA107: 0.41 | AB107: 0.66 | AC107: 0.37 | AD107: 0.2707022 | AE107: 0.1777267 | AF107: 0.17882449 | AG107: 0.42447518 | AH107: 0.22 | AI107: 0.4 | AJ107: 0.39 | AK107: 0.55 | AN107: 0.03 | AO107: 0.27 | AP107: 0.46 | AQ107: 0.8 | AR107: 0.84 | AS107: 1.7072899 | AT107: 1
A109: Weighted-average shares used to compute Adjusted Net Income (Loss) per share:
A110: Basic | C110: 145069 | D110: 149253 | E110: 152334 | F110: 234548 | G110: 331324 | H110: 334488 | I110: 343893 | J110: 356343 | K110: 366737 | L110: 376357 | M110: 383951 | N110: 390030 | O110: 395948 | P110: 403301 | Q110: 409690 | R110: 413984 | S110: 419289 | T110: 423305 | U110: 427124 | V110: 430136 | W110: 434940 | X110: 440117 | Y110: 444458 | Z110: 452869 | AA110: 454973 | AB110: 455431 | AC110: 460654 | AD110: 462562 | AE110: 541435 | AF110: 581350 | AG110: 592672 | AH110: 598875 | AI110: 602234 | AJ110: 606692 | AK110: 611276 | AM110: 170498 | AN110: 341555 | AO110: 379344 | AP110: 405731 | AQ110: 424999 | AR110: 443126 | AS110: 458432 | AT110: 578949
A111: Diluted | G111: 331324 | H111: 365731 | I111: 370746 | J111: 382531 | K111: 404319 | L111: 418468 | M111: 432284 | N111: 450703 | O111: 461761 | P111: 470022 | Q111: 495621 | R111: 488177 | S111: 487056 | T111: 486532 | U111: 486404 | V111: 485394 | W111: 434940 | X111: 500243 | Y111: 514806 | Z111: 523586 | AA111: 524540 | AB111: 522577 | AC111: 525003 | AD111: 523169 | AE111: 583452 | AF111: 619272 | AG111: 622974 | AH111: 622520 | AI111: 627423 | AJ111: 626669 | AK111: 628059 | AM111: 170498 | AN111: 341555 | AO111: 426519 | AP111: 478895 | AQ111: 486381 | AR111: 507229 | AS111: 525725 | AT111: 615034
A113: Adjusted Operating Income (Loss)(3)
...

Sheet Operating Metrics
A1: Block, Inc.
A2: Operating Metrics
A3: (In millions, except inflows per active)
A4: (Unaudited) | C4: Three months ended | G4: Three months ended | K4: Three months ended | O4: Three months ended | S4: Three months ended | W4: Three months ended | AA4: Three months ended | AE4: Three months ended | AI4: Three months ended | AM4: Year ended | AV4: Trailing twelve months ended
C5: 42094 | D5: =EOMONTH(C5,3) -> 42185 | E5: =EOMONTH(D5,3) -> 42277 | F5: =EOMONTH(E5,3) -> 42369 | G5: =EOMONTH(F5,3) -> 42460 | H5: =EOMONTH(G5,3) -> 42551 | I5: =EOMONTH(H5,3) -> 42643 | J5: =EOMONTH(I5,3) -> 42735 | K5: =EOMONTH(J5,3) -> 42825 | ... V5: =EOMONTH(U5,3) -> 43830 | W5: 43921 | X5: 44012 | Y5: 44104 | Z5: 44196 | AA5: 44286 | AB5: 44377 | AC5: 44469 | AD5: 44561 | AE5: 44651 | AF5: 44742 | AG5: 44834 | AH5: 44926 | AI5: 45016 | AJ5: 45107 | AK5: 45199 | AV5: 44834 | AW5: 45199
C6: Mar 31, | D6: June 30, | E6: Sep 30, | F6: Dec 31, | G6: Mar 31, | H6: June 30, | I6: Sep 30, | J6: Dec 31, | K6: Mar 31, | L6: June 30, | M6: Sep 30, | N6: Dec 31, | O6: Mar 31, | P6: June 30, | Q6: Sep 30, | R6: Dec 31, | S6: Mar 31, | T6: June 30, | U6: Sep 30, | V6: Dec 31, | W6: Mar 31, | X6: June 30, | Y6: Sep 30, | Z6: Dec 31, | AA6: Mar 31, | AB6: June 30, | AC6: Sep 30, | AD6: Dec 31, | AE6: Mar 31, | AF6: June 30, | AG6: Sep 30, | AH6: Dec 31, | AI6: Mar 31, | AJ6: June 30, | AK6: Sep 30, | AM6: Dec 31, | AN6: Dec 31, | AO6: Dec 31, | AP6: Dec 31, | AQ6: Dec 31, | AR6: Dec 31, | AS6: Dec 31, | AT6: Dec 31, | AV6: Sep 30, | AW6: Sep 30,
C7: 2015 | D7: 2015 | E7: 2015 | F7: 2015 | G7: 2016 | H7: 2016 | I7: 2016 | J7: 2016 | K7: 2017 | L7: 2017 | M7: 2017 | N7: 2017 | O7: 2018 | P7: 2018 | Q7: 2018 | R7: 2018 | S7: 2019 | T7: 2019 | U7: 2019 | V7: 2019 | W7: 2020 | X7: 2020 | Y7: 2020 | Z7: 2020 | AA7: 2021 | AB7: 2021 | AC7: 2021 | AD7: 2021 | AE7: 2022 | AF7: 2022 | AG7: 2022 | AH7: 2022 | AI7: 2023 | AJ7: 2023 | AK7: 2023 | AM7: 2015 | AN7: 2016 | AO7: 2017 | AP7: 2018 | AQ7: 2019 | AR7: 2020 | AS7: 2021 | AT7: 2022 | AV7: 2022 | AW7: 2023
A9: Block Operating Metrics
A10: Gross payment volume (GPV) | C10: 7117 | D10: 8793 | E10: 9540 | F10: 10193 | G10: 10290 | H10: 12450.837 | I10: 13248.135 | J10: 13693.983 | K10: 13647 | L10: 16421.173 | M10: 17386.205 | N10: 17888.4 | O10: 17826.54 | P10: 21371.512 | Q10: 22497.848 | R10: 22957.891 | S10: 22586.5 | T10: 26784.714 | U10: 28228.259 | V10: 28639.221 | W10: 25742.64 | X10: 22800.998 | Y10: 31728.726 | Z10: 32022.498 | AA10: 33138.01 | AB10: 42828.485 | AC10: 45425.946 | AD10: 46327.747 | AE10: 43504.382 | AF10: 52498.807 | AG10: 54373.094 | AH10: 53159.646 | AI10: 51117.478 | AJ10: 59011.767 | AK10: 60075.944 | AM10: =SUMIFS($C10:$U10,$C$7:$U$7,AM$7) -> 35643 | AN10: =SUMIFS($C10:$U10,$C$7:$U$7,AN$7) -> 49682.955 | AO10: =SUMIFS($C10:$U10,$C$7:$U$7,AO$7) -> 65342.778 | AP10: =SUMIFS($C10:$U10,$C$7:$U$7,AP$7) -> 84653.791 | AQ10: =SUMIFS($C10:$V10,$C$7:$V$7,AQ$7) -> 106238.69 | AR10: =SUMIFS($C10:$Z10,$C$7:$Z$7,AR$7) -> 112294.86 | AS10: =SUMIFS($C10:$AD10,$C$7:$AD$7,AS$7) -> 167720.19 | AT10: =SUMIFS($C10:$AH10,$C$7:$AH$7,AT$7) -> 203535.93 | AV10: =SUMIFS($C10:$AJ10,$C$5:$AJ$5,"<="&AV$5,$C$5:$AJ$5,">"&EOMONTH(AV$5,-12)) -> 196704.03 | AW10: =SUMIFS($C10:$AK10,$C$5:$AK$5,"<="&AW$5,$C$5:$AK$5,">"&EOMONTH(AW$5,-12)) -> 223364.84
A11: YoY growth | G11: =G10/C10-1 -> 0.44583392 | H11: =H10/D10-1 -> 0.4159942 | I11: =I10/E10-1 -> 0.3886934 | J11: =J10/F10-1 -> 0.34346934 | K11: =K10/G10-1 -> 0.32623907 | L11: =L10/H10-1 -> 0.31888105 | M11: =M10/I10-1 -> 0.31235113 | N11: =N10/J10-1 -> 0.30629635 | ... V11: =V10/R10-1 -> 0.24746742 | W11: 0.01 | X11: =X10/T10-1 -> -0.14873095 | Y11: =Y10/U10-1 -> 0.12400577 | Z11: =Z10/V10-1 -> 0.11813439 | AA11: =AA10/W10-1 -> 0.28728095 | AB11: =AB10/X10-1 -> 0.87836011 | AC11: =AC10/Y10-1 -> 0.43169776 | AD11: =AD10/Z10-1 -> 0.44672496 | AE11: =AE10/AA10-1 -> 0.31282422 | ... AK11: =AK10/AG10-1 -> 0.10488368 | AN11: =AN10/AM10-1 -> 0.39390497 | AO11: =AO10/AN10-1 -> 0.31519508 | AP11: =AP10/AO10-1 -> 0.29553401 | AQ11: =AQ10/AP10-1 -> 0.25497858 | AR11: =AR10/AQ10-1 -> 0.057005294 | AS11: =AS10/AR10-1 -> 0.49356956 | AT11: =AT10/AS10-1 -> 0.2135446 | AW11: =AW10/AV10-1 -> 0.13553767
A13: Sales and marketing expense, in accordance with GAAP | C13: ='GAAP IS'!C28/1000 -> 36.181 | D13: ='GAAP IS'!D28/1000 -> 31.73 | E13: ='GAAP IS'!E28/1000 -> 39.259 | F13: ='GAAP IS'!F28/1000 -> 38.448 | G13: ='GAAP IS'!G28/1000 -> 38.496 | H13: ='GAAP IS'!H28/1000 -> 39.22 | I13: ='GAAP IS'!I28/1000 -> 46.754 | J13: ='GAAP IS'!J28/1000 -> 49.406 | ... AK13: ='GAAP IS'!AK28/1000 -> 479.381 | AM13: =SUMIFS($C13:$U13,$C$7:$U$7,AM$7) -> 145.618 | AN13: =SUMIFS($C13:$U13,$C$7:$U$7,AN$7) -> 173.876 | AO13: =SUMIFS($C13:$U13,$C$7:$U$7,AO$7) -> 253.17 | AP13: =SUMIFS($C13:$V13,$C$7:$V$7,AP$7) -> 411.151 | AQ13: =SUMIFS($C13:$AD13,$C$7:$AD$7,AQ$7) -> 625.126 | AR13: =SUMIFS($C13:$AD13,$C$7:$AD$7,AR$7) -> 1109.67 | AS13: =SUMIFS($C13:$AD13,$C$7:$AD$7,AS$7) -> 1617.189 | AT13: =SUMIFS($C13:$AH13,$C$7:$AH$7,AT$7) -> 2057.951 | AV13: =SUMIFS($C13:$AJ13,$C$5:$AJ$5,"<="&AV$5,$C$5:$AJ$5,">"&EOMONTH(AV$5,-12)) -> 2003.005 | AW13: =SUMIFS($C13:$AK13,$C$5:$AK$5,"<="&AW$5,$C$5:$AK$5,">"&EOMONTH(AW$5,-12)) -> 2052.723
A14: Cash App marketing costs(1) | C14: 2.772567 | D14: 2.147135 | E14: 3.871413 | F14: 3.319601 | G14: 4.487267 | H14: 3.071632 | I14: 6.056444 | J14: 6.149538 | K14: 8.775124 | L14: 10.024905 | M14: 12.436387 | N14: 16.672914 | O14: 21.692951 | P14: 32.404162 | Q14: 43.112598 | R14: 46.430798 | S14: 59.368071 | T14: 69.801192 | U14: 68.444305 | V14: 92.438589 | W14: 107.554 | X14: 149.35235 | Y14: 216.98 | Z14: 223.396 | AA14: 221.074 | AB14: 223.964 | AC14: 240.207 | AD14: 312.14 | AE14: 249.694 | AF14: 249.065 | AG14: 251.852 | AH14: 284.67 | AI14: 271.847 | AJ14: 273.84 | AK14: 248.588 | AM14: =SUMIFS($C14:$U14,$C$7:$U$7,AM$7) -> 12.110716 | AN14: =SUMIFS($C14:$U14,$C$7:$U$7,AN$7) -> 19.764881 | AO14: =SUMIFS($C14:$U14,$C$7:$U$7,AO$7) -> 47.90933 | AP14: =SUMIFS($C14:$V14,$C$7:$V$7,AP$7) -> 143.64051 | AQ14: =SUMIFS($C14:$AD14,$C$7:$AD$7,AQ$7) -> 290.05216 | AR14: =SUMIFS($C14:$AD14,$C$7:$AD$7,AR$7) -> 697.28235 | AS14: =SUMIFS($C14:$AD14,$C$7:$AD$7,AS$7) -> 997.385 | AT14: =SUMIFS($C14:$AH14,$C$7:$AH$7,AT$7) -> 1035.281 | AV14: =SUMIFS($C14:$AJ14,$C$5:$AJ$5,"<="&AV$5,$C$5:$AJ$5,">"&EOMONTH(AV$5,-12)) -> 1062.751 | AW14: =SUMIFS($C14:$AK14,$C$5:$AK$5,"<="&AW$5,$C$5:$AK$5,">"&EOMONTH(AW$5,-12)) -> 1078.945
A15: YoY Growth | G15: =G14/C14-1 -> 0.61845214 | H15: =H14/D14-1 -> 0.43057237 | I15: =I14/E14-1 -> 0.56440142 | J15: =J14/F14-1 -> 0.85249312 | K15: =K14/G14-1 -> 0.95556092 | L15: =L14/H14-1 -> 2.2637064 | M15: =M14/I14-1 -> 1.053414 | N15: =N14/J14-1 -> 1.7112466 | ... Y15: =Y14/U14-1 -> 2.1701688 | Z15: 1.28 | AA15: 0.94 | AB15: 0.44 | AC15: 0.06 | AD15: =AD14/Z14-1 -> 0.39724973 | AE15: =AE14/AA14-1 -> 0.12945891 | AF15: =AF14/AB14-1 -> 0.11207605 | AG15: =AG14/AC14-1 -> 0.04847902 | AH15: =AH14/AD14-1 -> -0.088005382 | AI15: =AI14/AE14-1 -> 0.088720594 | AJ15: =AJ14/AF14-1 -> 0.099472025 | AK15: =AK14/AG14-1 -> -0.012959992 | AN15: =AN14/AM14-1 -> 0.63201589 | AO15: =AO14/AN14-1 -> 1.4239625 | AP15: =AP14/AO14-1 -> 1.998174 | AQ15: =AQ14/AP14-1 -> 1.0192922 | AR15: =AR14/AQ14-1 -> 1.4039895 | AS15: =AS14/AR14-1 -> 0.430389 | AT15: =AT14/AS14-1 -> 0.037995358 | AW15: =AW14/AV14-1 -> 0.015237812
A17: Other sales and marketing expenses(2) | C17: =C13-C14 -> 33.408433 | D17: =D13-D14 -> 29.582865 | E17: =E13-E14 -> 35.387587 | F17: =F13-F14 -> 35.128399 | G17: =G13-G14 -> 34.008733 | H17: =H13-H14 -> 36.148368 | I17: =I13-I14 -> 40.697556 | J17: =J13-J14 -> 43.256462 | ... AK17: =AK13-AK14 -> 230.793 | AM17: =SUMIFS($C17:$T17,$C$7:$T$7,AM$7) -> 133.50728 | AN17: =SUMIFS($C17:$T17,$C$7:$T$7,AN$7) -> 154.11112 | AO17: =SUMIFS($C17:$T17,$C$7:$T$7,AO$7) -> 205.26067 | AP17: =SUMIFS($C17:$T17,$C$7:$T$7,AP$7) -> 267.51049 | AQ17: =SUMIFS($C17:$V17,$C$7:$V$7,AQ$7) -> 335.07384 | AR17: =SUMIFS($C17:$AD17,$C$7:$AD$7,AR$7) -> 412.38765 | AS17: =SUMIFS($C17:$AD17,$C$7:$AD$7,AS$7) -> 619.804 | AT17: =SUMIFS($C17:$AH17,$C$7:$AH$7,AT$7) -> 1022.67 | AV17: =SUMIFS($C17:$AJ17,$C$5:$AJ$5,"<="&AV$5,$C$5:$AJ$5,">"&EOMONTH(AV$5,-12)) -> 940.254 | AW17: =SUMIFS($C17:$AK17,$C$5:$AK$5,"<="&AW$5,$C$5:$AK$5,">"&EOMONTH(AW$5,-12)) -> 973.778
A18: YoY Growth | G18: =G17/C17-1 -> 0.017968517 | H18: =H17/D17-1 -> 0.22193601 | I18: =I17/E17-1 -> 0.15005174 | J18: =J17/F17-1 -> 0.23138154 | K18: =K17/G17-1 -> 0.20924458 | L18: =L17/H17-1 -> 0.38017559 | M18: =M17/I17-1 -> 0.32923493 | N18: =N17/J17-1 -> 0.39049944 | ... AF18: =AF17/AB17-1 -> 0.87949091 | AG18: 0.38 | AH18: =AH17/AD17-1 -> 0.477392 | AI18: =AI17/AE17-1 -> -0.10999412 | AJ18: =AJ17/AF17-1 -> -0.063865958 | AK18: =AK17/AG17-1 -> -0.013646116 | AN18: =AN17/AM17-1 -> 0.15432742 | AO18: =AO17/AN17-1 -> 0.33190046 | AP18: =AP17/AO17-1 -> 0.30327203 | AQ18: =AQ17/AP17-1 -> 0.25256337 | AR18: =AR17/AQ17-1 -> 0.23073663 | AS18: =AS17/AR17-1 -> 0.50296449 | AT18: =AT17/AS17-1 -> 0.64998935 | AW18: =AW17/AV17-1 -> 0.035654196
A19: Square sales and marketing costs | AS19: 588.207 | AT19: 725.704
A20: YoY Growth | AT20: =AT19/AS19-1 -> 0.23375614
A22: Caviar sales and marketing costs | O22: ='Pro Forma ex-Caviar'!C29/1000 -> 4.165 | P22: ='Pro Forma ex-Caviar'!D29/1000 -> 3.883 | Q22: ='Pro Forma ex-Caviar'!E29/1000 -> 3.428 | R22: ='Pro Forma ex-Caviar'!F29/1000 -> 4.533 | S22: ='Pro Forma ex-Caviar'!G29/1000 -> 5.229 | T22: ='Pro Forma ex-Caviar'!H29/1000 -> 5.593 | U22: ='Pro Forma ex-Caviar'!I29/1000 -> 6.205 | V22: ='Pro Forma ex-Caviar'!J29/1000 -> 1.893
A24: Sales and marketing excluding Cash App marketing costs and Caviar sales and marketing costs(1) | O24: =O17-O22 -> 51.408049 | P24: =P17-P22 -> 61.955838 | Q24: =Q17-Q22 -> 69.796402 | R24: =R17-R22 -> 68.341202 | S24: =S17-S22 -> 69.250929 | T24: =T17-T22 -> 81.161808 | U24: =U17-U22 -> 74.841695 | V24: =V17-V22 -> 90.899411 | ... AK24: =AK17-AK22 -> 230.793 | AP24: =SUMIFS($C24:$T24,$C$7:$T$7,AP$7) -> 251.50149 | AQ24: =SUMIFS($C24:$V24,$C$7:$V$7,AQ$7) -> 316.15384 | AR24: =SUMIFS($C24:$AD24,$C$7:$AD$7,AR$7) -> 412.38765 | AS24: =SUMIFS($C24:$AD24,$C$7:$AD$7,AS$7) -> 619.804 | AT24: =SUMIFS($C24:$AH24,$C$7:$AH$7,AT$7) -> 1022.67 | AV24: =SUMIFS($C24:$AJ24,$C$5:$AJ$5,"<="&AV$5,$C$5:$AJ$5,">"&EOMONTH(AV$5,-12)) -> 940.254 | AW24: =SUMIFS($C24:$AK24,$C$5:$AK$5,"<="&AW$5,$C$5:$AK$5,">"&EOMONTH(AW$5,-12)) -> 973.778
A25: YoY Growth | S25: =S24/O24-1 -> 0.34708339 | T25: =T24/P24-1 -> 0.30999452 | U25: =U24/Q24-1 -> 0.072285861 | V25: =V24/R24-1 -> 0.33008212 | W25: =W24/S24-1 -> 0.25602647 | X25: =X24/T24-1 -> 0.093416413 | Y25: =Y24/U24-1 -> 0.75681483 | Z25: 0.21 | AA25: 0.59 | AB25: 0.81 | AC25: 0.38 | AD25: =AD24/Z24-1 -> 0.64135767 | AE25: =AE24/AA24-1 -> 0.96180269 | AF25: =AF24/AB24-1 -> 0.87949091 | AG25: 0.38 | AH25: =AH24/AD24-1 -> 0.477392 | AI25: =AI24/AE24-1 -> -0.10999412 | AJ25: =AJ24/AF24-1 -> -0.063865958 | AK25: =AK24/AG24-1 -> -0.013646116 | AQ25: =AQ24/AP24-1 -> 0.25706548 | AR25: =AR24/AQ24-1 -> 0.30438918 | AS25: =AS24/AR24-1 -> 0.50296449 | AT25: =AT24/AS24-1 -> 0.64998935 | AW25: =AW24/AV24-1 -> 0.035654196
A27: Adjusted Free Cash Flow
A28: Net cash provided by operating activities | AG28: 15.737 | AK28: 491.165 | AV28: 324.888 | AW28: 944.253
A29: Consumer receivables cash flows included within investing activities in the GAAP statement of cash flows:
A30: Payments for originations of consumer receivables | AG30: -4742.095 | AK30: -5855.172 | AV30: -12286.091 | AW30: -22477.453
A31: Proceeds from principal repayments and sales of consumer receivables | AG31: 4850.579 | AK31: 5880.142 | AV31: 12538.992 | AW31: 22467.567
A32: Less: Purchase of property and equipment | AG32: -36.289 | AK32: -37.682 | AV32: -158.001 | AW32: -148.563
A33: Reversal of:
A34: Changes in settlements receivable | AG34: 364.469 | AK34: 1722.168 | AV34: 801.784 | AW34: 2224.068
A35: Changes in customers payable | AG35: -267.059 | AK35: -1575.458 | AV35: -535.817 | AW35: -1851.863
A36: Changes in settlements payable | AG36: -64.86 | AK36: -192.313 | AV36: -79.994 | AW36: -185.714
A37: Sales, principal payments and forgiveness of PPP loans | AG37: -32.582 | AK37: -5.381 | AV37: -705.21 | AW37: -27.134
A38: Adjusted Free Cash Flow | AG38: =SUM(AG28:AG37) -> 87.9 | AK38: =SUM(AK28:AK37) -> 427.469 | AV38: =SUM(AV28:AV37) -> -99.449 | AW38: =SUM(AW28:AW37) -> 945.161
A40: Square Operating Metrics
A41: Square GPV | AD41: 42550 | AE41: 39540 | AF41: 48270 | AG41: 50040 | AH41: 48610 | AI41: 46220 | AJ41: 54150 | AK41: 55690 | AT41: =SUMIFS($C41:$AH41,$C$7:$AH$7,AT$7) -> 186460 | AW41: =SUMIFS($C41:$AK41,$C$5:$AK$5,"<="&AW$5,$C$5:$AK$5,">"&EOMONTH(AW$5,-12)) -> 204670
A42: YoY growth | AD42: 0.45 | AE42: 0.33 | AF42: 0.25 | AG42: 0.2 | AH42: 0.14 | AI42: 0.17 | AJ42: 0.12 | AK42: 0.11
A44: Square GPV mix by seller size
A45: Micro (<$125K GPV) | G45: 0.605 | H45: 0.579 | I45: 0.564 | J45: 0.565 | K45: 0.566 | L45: 0.535 | M45: 0.52 | N45: 0.521 | O45: 0.519 | P45: 0.489 | Q45: 0.474 | R45: 0.477 | S45: 0.475 | T45: 0.449 | U45: 0.436 | V45: 0.44 | W45: 0.456 | X45: 0.432 | Y45: 0.391 | Z45: 0.397 | AA45: 0.391 | AB45: 0.346 | AC45: 0.336 | AD45: 0.34 | AE45: 0.35 | AF45: 0.32 | AG45: 0.31 | AH45: 0.33 | AI45: 0.33 | AJ45: 0.31 | AK45: 0.3
A46: SMB ($125K-$500K GPV) | G46: 0.262 | H46: 0.269 | I46: 0.274 | J46: 0.269 | K46: 0.27 | L46: 0.277 | M46: 0.277 | N46: 0.277 | O46: 0.279 | P46: 0.284 | Q46: 0.284 | R46: 0.281 | S46: 0.284 | T46: 0.287 | U46: 0.286 | V46: 0.283 | W46: 0.287 | X46: 0.301 | Y46: 0.303 | Z46: 0.303 | AA46: 0.305 | AB46: 0.301 | AC46: 0.294 | AD46: 0.291 | AE46: 0.3 | AF46: 0.29 | AG46: 0.29 | AH46: 0.29 | AI46: 0.3 | AJ46: 0.29 | AK46: 0.29
A47: Mid-market (>$500K GPV) | G47: 0.135 | H47: 0.154 | I47: 0.162 | J47: 0.166 | K47: 0.164 | L47: 0.189 | M47: 0.203 | N47: 0.202 | O47: 0.202 | P47: 0.227 | Q47: 0.242 | R47: 0.242 | S47: 0.241 | T47: 0.265 | U47: 0.279 | V47: 0.278 | W47: 0.257 | X47: 0.27 | Y47: 0.306 | Z47: 0.3 | AA47: 0.304 | AB47: 0.354 | AC47: 0.371 | AD47: 0.369 | AE47: 0.35 | AF47: 0.39 | AG47: 0.4 | AH47: 0.39 | AI47: 0.38 | AJ47: 0.4 | AK47: 0.41
A48: Larger Sellers (>$125K GPV) | G48: 0.4 | H48: 0.42 | I48: 0.44 | J48: 0.43 | K48: 0.43 | L48: 0.47 | M48: 0.48 | N48: 0.48 | O48: 0.48 | P48: 0.51 | Q48: 0.53 | R48: 0.52 | S48: 0.52 | T48: 0.55 | U48: 0.56 | V48: 0.56 | W48: 0.54 | X48: 0.57 | Y48: 0.61 | Z48: 0.6 | AA48: 0.61 | AB48: 0.65 | AC48: 0.66 | AD48: 0.66 | AE48: 0.65 | AF48: 0.68 | AG48: 0.69 | AH48: 0.68 | AI48: 0.68 | AJ48: 0.69 | AK48: 0.7
A50: Square international gross profit | O50: 8 | P50: 10 | Q50: 13 | R50: 16 | S50: 16 | T50: 18 | U50: 20 | V50: 23 | W50: 22 | X50: 17 | Y50: 31 | Z50: 39 | AA50: 39 | AB50: 48 | AC50: 53 | AD50: 62 | AE50: 85.754 | AF50: 114.598 | AG50: 120.918 | AH50: 139.052 | AI50: 122.345 | AJ50: 141.198 | AK50: 151.422 | AP50: =SUMIFS($C50:$U50,$C$7:$U$7,AP$7) -> 47 | AQ50: =SUMIFS($C50:$V50,$C$7:$V$7,AQ$7) -> 77 | AR50: =SUMIFS($C50:$Z50,$C$7:$Z$7,AR$7) -> 109 | AS50: =SUMIFS($C50:$AD50,$C$7:$AD$7,AS$7) -> 202 | AT50: =SUMIFS($C50:$AH50,$C$7:$AH$7,AT$7) -> 460.322 | AV50: =SUMIFS($C50:$AJ50,$C$5:$AJ$5,"<="&AV$5,$C$5:$AJ$5,">"&EOMONTH(AV$5,-12)) -> 383.27 | AW50: =SUMIFS($C50:$AK50,$C$5:$AK$5,"<="&AW$5,$C$5:$AK$5,">"&EOMONTH(AW$5,-12)) -> 554.017
A51: BNPL Platform contribution to Square international gross profit | AE51: 27.587 | AF51: 47.822 | AG51: 45.828 | AH51: 55.866 | AI51: 47.628 | AJ51: 51.261 | AK51: 56.306
A52: Total Square international gross profit ex BNPL Platform | AE52: =AE50-AE51 -> 58.167 | AF52: =AF50-AF51 -> 66.776 | AG52: =AG50-AG51 -> 75.09 | AH52: =AH50-AH51 -> 83.186 | AI52: =AI50-AI51 -> 74.717 | AJ52: =AJ50-AJ51 -> 89.937 | AK52: =AK50-AK51 -> 95.116
A54: PPP loan forgiveness revenue and gross profit | Z54: 2.3692101 | AA54: 9.4002381 | AB54: 14.880109 | AC54: 13.284479 | AD54: 58.621759 | AE54: 51.454326 | AF54: 9.1456357 | AG54: 4.8997612 | AH54: 2.093696 | AI54: 0.69253663 | AJ54: 0.38810312 | AK54: 0.31660833 | AR54: =SUMIFS($C54:$Z54,$C$7:$Z$7,AR$7) -> 2.3692101 | AS54: =SUMIFS($C54:$AD54,$C$7:$AD$7,AS$7) -> 96.186585 | AT54: =SUMIFS($C54:$AH54,$C$7:$AH$7,AT$7) -> 67.593419 | AV54: =SUMIFS($C54:$AJ54,$C$5:$AJ$5,"<="&AV$5,$C$5:$AJ$5,">"&EOMONTH(AV$5,-12)) -> 124.12148 | AW54: =SUMIFS($C54:$AK54,$C$5:$AK$5,"<="&AW$5,$C$5:$AK$5,">"&EOMONTH(AW$5,-12)) -> 3.4909441
A56: Square loans originations | O56: 339 | P56: 390 | Q56: 405 | R56: 472 | S56: 508 | T56: 528 | U56: 563 | V56: 671 | W56: 548 | X56: 873 | Y56: 155 | Z56: 254 | AA56: 923 | AB56: 778 | AC56: 594 | AD56: 850 | AE56: 756 | AF56: 1010 | AG56: 1140 | AH56: 1160 | AI56: 1100 | AJ56: 1100 | AK56: 1170 | AP56: =SUMIFS($C56:$U56,$C$7:$U$7,AP$7) -> 1606 | AQ56: =SUMIFS($C56:$V56,$C$7:$V$7,AQ$7) -> 2270 | AR56: =SUMIFS($C56:$Z56,$C$7:$Z$7,AR$7) -> 1830 | AS56: =SUMIFS($C56:$AD56,$C$7:$AD$7,AS$7) -> 3145 | AT56: =SUMIFS($C56:$AH56,$C$7:$AH$7,AT$7) -> 4066 | AV56: =SUMIFS($C56:$AJ56,$C$5:$AJ$5,"<="&AV$5,$C$5:$AJ$5,">"&EOMONTH(AV$5,-12)) -> 3756 | AW56: =SUMIFS($C56:$AK56,$C$5:$AK$5,"<="&AW$5,$C$5:$AK$5,">"&EOMONTH(AW$5,-12)) -> 4530
A58: Cash App Operating Metrics
A59: Total Cash App revenue | T59: ='Segment Information'!D21/1000 -> 260.493 | U59: ='Segment Information'!E21/1000 -> 307.04 | V59: ='Segment Information'!F21/1000 -> 360.664 | W59: ='Segment Information'!G21/1000 -> 527.642 | X59: ='Segment Information'!H21/1000 -> 1200.269 | Y59: ='Segment Information'!I21/1000 -> 2068.595 | Z59: ='Segment Information'!J21/1000 -> 2171.88 | AA59: ='Segment Information'!K21/1000 -> 4039.616 | ... AK59: ='Segment Information'!U21/1000 -> 3584.958 | AR59: =SUMIFS($C59:$Z59,$C$7:$Z$7,AR$7) -> 5968.386 | AS59: =SUMIFS($C59:$AD59,$C$7:$AD$7,AS$7) -> 12315.499 | AT59: =SUMIFS($C59:$AH59,$C$7:$AH$7,AT$7) -> 10626.11 | AV59: =SUMIFS($C59:$AJ59,$C$5:$AJ$5,"<="&AV$5,$C$5:$AJ$5,">"&EOMONTH(AV$5,-12)) -> 10321.42 | AW59: =SUMIFS($C59:$AK59,$C$5:$AK$5,"<="&AW$5,$C$5:$AK$5,">"&EOMONTH(AW$5,-12)) -> 13269.46
A60: Bitcoin revenue | T60: ='GAAP IS'!T13/1000 -> 125.085 | U60: ='GAAP IS'!U13/1000 -> 148.285 | V60: ='GAAP IS'!V13/1000 -> 177.567 | W60: ='GAAP IS'!W13/1000 -> 306.098 | X60: ='GAAP IS'!X13/1000 -> 875.456 | Y60: ='GAAP IS'!Y13/1000 -> 1633.764 | Z60: ='GAAP IS'!Z13/1000 -> 1756.225 | AA60: ='GAAP IS'!AA13/1000 -> 3511.068 | ... AK60: ='GAAP IS'!AK13/1000 -> 2423.584 | AR60: =SUMIFS($C60:$Z60,$C$7:$Z$7,AR$7) -> 4571.543 | AS60: =SUMIFS($C60:$AD60,$C$7:$AD$7,AS$7) -> 10012.647 | AT60: =SUMIFS($C60:$AH60,$C$7:$AH$7,AT$7) -> 7112.856 | AV60: =SUMIFS($C60:$AJ60,$C$5:$AJ$5,"<="&AV$5,$C$5:$AJ$5,">"&EOMONTH(AV$5,-12)) -> 7241.051 | AW60: =SUMIFS($C60:$AK60,$C$5:$AK$5,"<="&AW$5,$C$5:$AK$5,">"&EOMONTH(AW$5,-12)) -> 8811.645
A61: Total Cash App revenue ex-bitcoin | T61: =T59-T60 -> 135.408 | U61: =U59-U60 -> 158.755 | V61: =V59-V60 -> 183.097 | W61: =W59-W60 -> 221.544 | X61: =X59-X60 -> 324.813 | Y61: =Y59-Y60 -> 434.831 | Z61: =Z59-Z60 -> 415.655 | AA61: =AA59-AA60 -> 528.548 | ... AK61: =AK59-AK60 -> 1161.374 | AR61: =AR59-AR60 -> 1396.843 | AS61: =AS59-AS60 -> 2302.852 | AT61: =SUMIFS($C61:$AH61,$C$7:$AH$7,AT$7) -> 3513.254 | AV61: =SUMIFS($C61:$AJ61,$C$5:$AJ$5,"<="&AV$5,$C$5:$AJ$5,">"&EOMONTH(AV$5,-12)) -> 3080.369 | AW61: =SUMIFS($C61:$AK61,$C$5:$AK$5,"<="&AW$5,$C$5:$AK$5,">"&EOMONTH(AW$5,-12)) -> 4457.815
A63: Cash App Inflows Framework(3)
A64: Actives (end of quarter month) | R64: 15 | V64: 24 | X64: 30 | Z64: 36 | AB64: 40 | AD64: 44 | AE64: 46 | AF64: 47 | AG64: 49 | AH64: 51 | AI64: 53 | AJ64: 54 | AK64: 55
A65: Inflows per active | AE65: 1052 | AF65: 1048 | AG65: 1046 | AH65: 1048 | AI65: 1136 | AJ65: 1134 | AK65: 1132
A66: Monetization rate | AE66: 0.0119 | AI66: 0.0141 | AJ66: 0.0144 | AK66: 0.0143
A68: Cash App Card actives (end of quarter month) | T68: 3.5 | X68: 7 | AA68: 10 | AD68: 13 | AE68: 15 | AG68: 18 | AI68: 20 | AK68: 22
A69: Cash App direct deposit actives (end of quarter month) | AE69: 1.5 | AI69: 2
A71: BNPL Platform gross merchandise value (GMV) | AF71: 5300 | AG71: 5400 | AI71: 5600 | AJ71: 6400 | AK71: 6700
A72: YoY growth | AF72: 0.13 | AG72: 0.1 | AH72: 0.14 | AI72: 0.17 | AJ72: 0.22 | AK72: 0.24
A73: BNPL Platform losses as a percent of GMV | AE73: 0.0117 | AF73: 0.0102 | AG73: 0.0096 | AI73: 0.007 | AJ73: 0.0101 | AK73: 0.0084
A75: Note: Numbers may be rounded. Information presented within this file was previously made available in prior Shareholder Letters, Investor Day presentations, and earnings calls.
A76: Note: GPV includes Square GPV and Cash App Business GPV. Square GPV is defined as the total dollar amount of all card payments processed by sellers using Square, net of refunds, and ACH transfers. Cash App Business GPV comprises Cash App activity related to peer-to-peer transactions received by business accounts and peer-to-peer payments sent from a credit card. GPV does not include transactions from our “buy now, pay later” (BNPL) platform because GPV is related only to transaction-based revenue and not to subscription and services-based revenue. GPV excludes card payments processed for Starbucks.
A77: Note: On January 31, 2022, we completed our acquisition of Afterpay, a global BNPL platform. Afterpay began contributing to our results in February 2022. We recognize revenue from our BNPL platform as subscription and services-based revenue, and have allocated 50% of revenue and gross profit from our BNPL platform to each of Square and Cash App. Revenue from our BNPL platform includes fees generated from consumer receivables, late fees, and certain affiliate and advertising fees from the platform.
A78: (1) Cash App marketing costs do not include personnel or other immaterial costs. In the third quarter of 2022, we reclassified marketing expenses related to our BNPL platform from ‘Cash App sales and marketing’ expenses to ‘other sales and marketing’ expenses. In the first quarter of 2022, this amount was $29 million. In the second quarter of 2022, this amount was $38 million. Accordingly, year over year “Cash App sales and marketing” and “other sales and marketing” expense growth rates provided in this file are calculated assuming this reclassification took place in the first quarter of 2022.
A79: (2) Other sales and marketing expenses include expenses related to Square, our BNPL platform, and TIDAL. Beginning in the fourth quarter of 2020, Cash App marketing costs include referrals. Therefore, Cash App marketing costs beginning in the fourth quarter of 2020 are not directly comparable to prior periods and the year-over-year growth rates will differ.
A80: (3) A transacting active is a Cash App account that has at least one financial transaction using any product or service within Cash App during a specified period. A transacting active for a specific Cash App product has at least one financial transaction using that product during the specified period and is referred to as an active. Examples of transactions include sending or receiving a peer-to-peer payment, transferring money into or out of Cash App, making a purchase using Cash App Card, earning a dividend on a stock investment, and paying back a loan, among others. Certain of these accounts may share an alias identifier with one or more other transacting active accounts. This could represent, among other things, one customer with multiple accounts or multiple customers sharing one alias identifier (for example, families). Inflows per transacting active refers to total inflows in the quarter divided by monthly actives for the last month of the quarter. Inflows refers to funds entering the Cash App ecosystem. Inflows does not include the movement of funds when funds remain in the Cash App ecosystem or when funds leave the Cash App ecosystem, or inflows related to the Afterpay or Verse apps. Inflows from Verse actives were not material to overall inflows. We calculate monetization rate by dividing Cash App gross profit, excluding contributions from our BNPL platform, by Cash App inflows.

Sheet Segment Information
A1: Block, Inc.
A2: Segment Information
A3: (In thousands, except for per share amounts)
A4: (Unaudited, except for full year data) | D4: Three months ended | H4: Three months ended | K4: Three months ended | O4: Three months ended | S4: Three months ended | W4: Year ended
C5: 43555 | D5: 43646 | E5: 43738 | F5: 43830 | G5: 43921 | H5: 44012 | I5: 44104 | J5: 44196 | K5: 44286 | L5: 44377 | M5: 44469 | N5: 44561 | O5: 44651 | P5: 44742 | Q5: 44834 | R5: 44926 | S5: 45016 | T5: 45107 | U5: 45199 | W5: 43465 | X5: 43830 | Y5: 44196 | Z5: 44561 | AA5: 44926
C6: March 31, | D6: June 30, | E6: Sep 30, | F6: Dec 31, | G6: March 31, | H6: June 30, | I6: Sep 30, | J6: Dec 31, | K6: Mar 31, | L6: June 30, | M6: Sep 30, | N6: Dec 31, | O6: Mar 31, | P6: June 30, | Q6: Sep 30, | R6: Dec 31, | S6: Mar 31, | T6: June 30, | U6: Sep 30, | W6: Dec 31, | X6: Dec 31, | Y6: Dec 31, | Z6: Dec 31, | AA6: Dec 31,
A7: Square | C7: 2019 | D7: 2019 | E7: 2019 | F7: 2019 | G7: 2020 | H7: 2020 | I7: 2020 | J7: 2020 | K7: 2021 | L7: 2021 | M7: 2021 | N7: 2021 | O7: 2022 | P7: 2022 | Q7: 2022 | R7: 2022 | S7: 2023 | T7: 2023 | U7: 2023 | W7: 2018 | X7: 2019 | Y7: 2020 | Z7: 2021 | AA7: 2022
A8: Transaction-based revenue | C8: =1400026-D8 -> 641482 | D8: 758544 | E8: 797406 | F8: 810777 | G8: =1359197-H8 -> 730282 | H8: 628915 | I8: 844573 | J8: =Y8-SUM(G8:I8) -> 857461 | K8: 867774 | L8: 1116522 | M8: 1193848 | N8: 1205157 | O8: 1123728 | P8: 1359639 | Q8: 1399431 | R8: 1352571 | S8: 1288042 | T8: 1503913 | U8: 1537885 | W8: 2428736 | X8: 3008209 | Y8: 3061231 | Z8: 4383302 | AA8: 5235369
A9: Subscription and services-based revenue | C9: =165284-D9 -> 75732 | D9: 89552 | E9: 99315 | F9: 104675 | G9: =177629-H9 -> 102510 | H9: 75119 | I9: 93412 | J9: =Y9-SUM(G9:I9) -> 105266 | K9: 121092 | L9: 151240 | M9: 162341 | N9: 229694 | O9: 282650 | P9: 317835 | Q9: 331703 | R9: 367855 | S9: 341741 | T9: 380596 | U9: 402126 | W9: 222279 | X9: 369274 | Y9: 376307 | Z9: 664367 | AA9: 1300043
A10: Hardware revenue | C10: =40472-D10 -> 18212 | D10: 22260 | E10: 21766 | F10: 22267 | G10: =39997-H10 -> 20675 | H10: 19322 | I10: 27294 | J10: =Y10-SUM(G10:I10) -> 24363 | K10: 28788 | L10: 43726 | M10: 37255 | N10: 35910 | O10: 37326 | P10: 48051 | Q10: 43388 | R10: 35653 | S10: 37451 | T10: 44922 | U10: 42341 | W10: 68503 | X10: 84505 | Y10: 91654 | Z10: 145679 | AA10: 164418
A11: Bitcoin revenue
A12: Revenue | C12: =SUM(C8:C11) -> 735426 | D12: =SUM(D8:D11) -> 870356 | E12: =SUM(E8:E11) -> 918487 | F12: =SUM(F8:F11) -> 937719 | G12: =SUM(G8:G11) -> 853467 | H12: =SUM(H8:H11) -> 723356 | I12: =SUM(I8:I11) -> 965279 | J12: =SUM(J8:J11) -> 987090 | ... P12: =SUM(P8:P11) -> 1725525 | Q12: 1774522 | R12: 1756079 | S12: =SUM(S8:S11) -> 1667234 | T12: =SUM(T8:T11) -> 1929431 | U12: =SUM(U8:U11) -> 1982352 | W12: =SUM(W8:W11) -> 2719518 | X12: =SUM(X8:X11) -> 3461988 | Y12: =SUM(Y8:Y11) -> 3529192 | Z12: =SUM(Z8:Z11) -> 5193348 | AA12: 6699830
A13: Cost of revenue | C13: 434923 | D13: 523148 | E13: 554603 | F13: 558887 | G13: 497698 | H13: 407656 | I13: 555948 | J13: 560059 | K13: 549638 | L13: 726351 | M13: 787219 | N13: 813469 | O13: 782483 | P13: 970086 | Q13: 991554 | R13: 954730 | S13: 896959 | T13: 1041158 | U13: 1083383 | W13: 1647022 | X13: 2071561 | Y13: 2021361 | Z13: =Z12-Z14 -> 2876677 | AA13: 3698852
A14: Gross profit | C14: =C12-C13 -> 300503 | D14: =D12-D13 -> 347208 | E14: =E12-E13 -> 363884 | F14: =F12-F13 -> 378832 | G14: =G12-G13 -> 355769 | H14: =H12-H13 -> 315700 | I14: =I12-I13 -> 409331 | J14: =J12-J13 -> 427031 | ... U14: =U12-U13 -> 898969 | W14: 1072496 | X14: =X12-X13 -> 1390427 | Y14: =Y12-Y13 -> 1507831 | Z14: 2316671 | AA14: =AA12-AA13 -> 3000978
A16: Cash App
A17: Transaction-based revenue | C17: =32246-D17 -> 15280 | D17: 16966 | E17: 19216 | F17: =X17-SUM(C17:E17) -> 21403 | G17: =81476-H17 -> 27819 | H17: 53657 | I17: 80721 | J17: =Y17-SUM(G17:I17) -> 71550 | K17: 91959 | L17: 110950 | M17: 103192 | N17: 103743 | O17: 109241 | P17: 116068 | Q17: 118459 | R17: 122403 | S17: 134663 | T17: 133741 | U17: 120783 | W17: 42715 | X17: 72865 | Y17: 233747 | Z17: 409844 | AA17: 466171
A18: Subscription and services-based revenue | C18: =215036-D18 -> 96594 | D18: 118442 | E18: 139539 | F18: =X18-SUM(C18:E18) -> 161694 | G18: =464881-H18 -> 193725 | H18: 271156 | I18: 354110 | J18: =Y18-SUM(G18:I18) -> 344105 | K18: 436589 | L18: 494945 | M18: 474778 | N18: 486695 | O18: 622309 | P18: 720180 | Q18: 803673 | R18: 900921 | S18: 973891 | T18: 1030822 | U18: 1040591 | W18: 220819 | X18: 516269 | Y18: 1163096 | Z18: 1893008 | AA18: 3047084
A19: Hardware revenue
A20: Bitcoin revenue | C20: =190613-D20 -> 65528 | D20: 125085 | E20: 148285 | F20: =X20-SUM(C20:E20) -> 177567 | G20: =1181554-H20 -> 306098 | H20: 875456 | I20: 1633764 | J20: =Y20-SUM(G20:I20) -> 1756225 | K20: 3511068 | L20: 2724296 | M20: 1815662 | N20: 1961621 | O20: 1730793 | P20: 1785885 | Q20: 1762752 | R20: 1833426 | S20: 2163751 | T20: 2390884 | U20: 2423584 | W20: 166517 | X20: 516465 | Y20: 4571543 | Z20: 10012647 | AA20: 7112856
A21: Revenue | C21: =SUM(C17:C20) -> 177402 | D21: =SUM(D17:D20) -> 260493 | E21: =SUM(E17:E20) -> 307040 | F21: =SUM(F17:F20) -> 360664 | G21: =SUM(G17:G20) -> 527642 | H21: =SUM(H17:H20) -> 1200269 | I21: =SUM(I17:I20) -> 2068595 | J21: =SUM(J17:J20) -> 2171880 | ... M21: =SUM(M17:M20) -> 2393632 | N21: 2552060 | O21: =SUM(O17:O20) -> 2462343 | P21: =SUM(P17:P20) -> 2622133 | Q21: 2684884 | R21: 2856750 | S21: =SUM(S17:S20) -> 3272305 | T21: =SUM(T17:T20) -> 3555447 | U21: =SUM(U17:U20) -> 3584958 | W21: =SUM(W17:W20) -> 430051 | X21: =SUM(X17:X20) -> 1105599 | Y21: =SUM(Y17:Y20) -> 5968386 | Z21: =SUM(Z17:Z20) -> 12315499 | AA21: 10626111
A22: Cost of revenue | C22: 92591 | D22: 155152 | E22: 183550 | F22: 216638 | G22: 344910 | H22: 919206 | I22: 1683471 | J22: 1795221 | K22: 3544131 | L22: 2784138 | M22: 1881916 | N22: 2034467 | O22: 1838684 | P22: 1917240 | Q22: 1910414 | R22: 2008806 | S22: 2341065 | T22: 2587402 | U22: 2601100 | W22: 235216 | X22: 647931 | Y22: 4742808 | Z22: =Z21-Z23 -> 10244652 | AA22: 7675144
A23: Gross profit | C23: =C21-C22 -> 84811 | D23: =D21-D22 -> 105341 | E23: =E21-E22 -> 123490 | F23: =F21-F22 -> 144026 | G23: =G21-G22 -> 182732 | H23: =H21-H22 -> 281063 | I23: =I21-I22 -> 385124 | J23: =J21-J22 -> 376659 | ... U23: =U21-U22 -> 983858 | W23: =W21-W22 -> 194835 | X23: =X21-X22 -> 457668 | Y23: =Y21-Y22 -> 1225578 | Z23: 2070847 | AA23: =AA21-AA22 -> 2950967
A25: Corporate and other(1)
A26: Transaction-based revenue
A27: Subscription and services-based revenue | L27: 38993 | M27: 57650 | N27: 55713 | O27: 54598 | P27: 56841 | Q27: 56135 | R27: 38073 | S27: 50592 | T27: 50079 | U27: 50183 | Z27: 152356 | AA27: 205646
A28: Hardware revenue
A29: Bitcoin revenue
A30: Revenue | L30: =SUM(L26:L29) -> 38993 | M30: =SUM(M26:M29) -> 57650 | N30: =SUM(N26:N29) -> 55713 | O30: =SUM(O26:O29) -> 54598 | P30: =SUM(P26:P29) -> 56841 | Q30: =Q27 -> 56135 | R30: =R27 -> 38073 | S30: =S27 -> 50592 | T30: =T27 -> 50079 | U30: =U27 -> 50183 | Z30: =SUM(Z26:Z29) -> 152356 | AA30: =SUM(AA26:AA29) -> 205646
A31: Cost of revenue | L31: 29119 | M31: 42377 | N31: =N30-N32 -> 48555 | O31: 44518 | P31: 47525 | Q31: 46484 | R31: 27172 | S31: 37523 | T31: 40296 | U31: 34561 | Z31: =Z30-Z32 -> 120051 | AA31: 165699
A32: Gross profit | L32: 9874 | M32: =M30-M31 -> 15273 | N32: 7158 | O32: =O30-O31 -> 10080 | P32: =P30-P31 -> 9316 | Q32: =Q30-Q31 -> 9651 | R32: =R30-R31 -> 10901 | S32: =S30-S31 -> 13069 | T32: =T30-T31 -> 9783 | U32: =U30-U31 -> 15622 | Z32: 32305 | AA32: =AA30-AA31 -> 39947
A35: Year-over-year growth
A36: Square ecosystem
A37: Transaction-based revenue | H37: =H8/D8-1 -> -0.17089187 | I37: =I8/E8-1 -> 0.059150546 | J37: =J8/F8-1 -> 0.057579334 | K37: =K8/G8-1 -> 0.18827248 | L37: =L8/H8-1 -> 0.77531463 | M37: =M8/I8-1 -> 0.41355217 | N37: =N8/J8-1 -> 0.40549483 | O37: =O8/K8-1 -> 0.29495468 | ... U37: =U8/Q8-1 -> 0.098935925 | X37: =X8/W8-1 -> 0.23859036 | Y37: =Y8/X8-1 -> 0.01762577 | Z37: =Z8/Y8-1 -> 0.43187561 | AA37: =AA8/Z8-1 -> 0.1943893
A38: Subscription and services-based revenue | H38: =H9/D9-1 -> -0.16116893 | I38: =I9/E9-1 -> -0.059437144 | J38: =J9/F9-1 -> 0.0056460473 | K38: =K9/G9-1 -> 0.18127012 | L38: =L9/H9-1 -> 1.0133388 | M38: =M9/I9-1 -> 0.73790305 | N38: =N9/J9-1 -> 1.1820341 | O38: =O9/K9-1 -> 1.3341757 | ... U38: =U9/Q9-1 -> 0.2123074 | X38: =X9/W9-1 -> 0.66130854 | Y38: =Y9/X9-1 -> 0.019045478 | Z38: =Z9/Y9-1 -> 0.76549201 | AA38: =AA9/Z9-1 -> 0.95681453
A39: Hardware revenue | H39: =H10/D10-1 -> -0.13198562 | I39: =I10/E10-1 -> 0.25397409 | J39: =J10/F10-1 -> 0.094130327 | K39: =K10/G10-1 -> 0.39240629 | L39: =L10/H10-1 -> 1.2630163 | M39: =M10/I10-1 -> 0.364952 | N39: =N10/J10-1 -> 0.47395641 | O39: =O10/K10-1 -> 0.29658191 | ... U39: =U10/Q10-1 -> -0.024131096 | X39: =X10/W10-1 -> 0.23359561 | Y39: =Y10/X10-1 -> 0.084598544 | Z39: =Z10/Y10-1 -> 0.58944509 | AA39: =AA10/Z10-1 -> 0.12863213
A40: Bitcoin revenue
A41: Revenue | H41: =H12/D12-1 -> -0.16889641 | I41: =I12/E12-1 -> 0.050944651 | J41: =J12/F12-1 -> 0.052650101 | K41: =K12/G12-1 -> 0.19237651 | L41: =L12/H12-1 -> 0.81306024 | M41: =M12/I12-1 -> 0.44356606 | N41: =N12/J12-1 -> 0.48999686 | O41: =O12/K12-1 -> 0.41865899 | ... U41: =U12/Q12-1 -> 0.11711886 | X41: =X12/W12-1 -> 0.27301529 | Y41: =Y12/X12-1 -> 0.019411968 | Z41: =Z12/Y12-1 -> 0.47154023 | AA41: =AA12/Z12-1 -> 0.29007916
A42: Cost of goods sold | H42: =H13/D13-1 -> -0.22076353 | I42: =I13/E13-1 -> 0.0024251582 | J42: =J13/F13-1 -> 0.002097025 | K42: =K13/G13-1 -> 0.10436048 | L42: =L13/H13-1 -> 0.78177434 | M42: =M13/I13-1 -> 0.41599394 | N42: =N13/J13-1 -> 0.45247019 | O42: =O13/K13-1 -> 0.42363337 | ... U42: =U13/Q13-1 -> 0.092611194 | X42: =X13/W13-1 -> 0.25776158 | Y42: =Y13/X13-1 -> -0.024232934 | Z42: =Z13/Y13-1 -> 0.42313867 | AA42: =AA13/Z13-1 -> 0.2858072
A43: Gross profit | H43: =H14/D14-1 -> -0.090746757 | I43: =I14/E14-1 -> 0.1248942 | J43: =J14/F14-1 -> 0.12723054 | K43: =K14/G14-1 -> 0.31550529 | L43: =L14/H14-1 -> 0.85345898 | M43: =M14/I14-1 -> 0.48101414 | N43: =N14/J14-1 -> 0.53921378 | O43: =O14/K14-1 -> 0.41281708 | ... U43: =U14/Q14-1 -> 0.14815548 | X43: =X14/W14-1 -> 0.29644027 | Y43: =Y14/X14-1 -> 0.084437371 | Z43: =Z14/Y14-1 -> 0.53642616 | AA43: =AA14/Z14-1 -> 0.29538376
A45: Cash App ecosystem
A46: Transaction-based revenue | H46: =H17/D17-1 -> 2.1626194 | I46: =I17/E17-1 -> 3.2007182 | J46: =J17/F17-1 -> 2.3429893 | K46: =K17/G17-1 -> 2.3056185 | L46: =L17/H17-1 -> 1.0677638 | M46: =M17/I17-1 -> 0.27837861 | N46: =N17/J17-1 -> 0.44993711 | O46: =O17/K17-1 -> 0.18793158 | ... U46: =U17/Q17-1 -> 0.019618602 | X46: =X17/W17-1 -> 0.70584104 | Y46: =Y17/X17-1 -> 2.2079462 | Z46: =Z17/Y17-1 -> 0.75336582 | AA46: =AA17/Z17-1 -> 0.13743522
A47: Subscription and services-based revenue | H47: =H18/D18-1 -> 1.2893568 | I47: =I18/E18-1 -> 1.5377135 | J47: =J18/F18-1 -> 1.1281247 | K47: =K18/G18-1 -> 1.2536534 | L47: =L18/H18-1 -> 0.82531458 | M47: =M18/I18-1 -> 0.34076417 | N47: =N18/J18-1 -> 0.41437933 | O47: =O18/K18-1 -> 0.42538864 | ... U47: =U18/Q18-1 -> 0.29479403 | X47: =X18/W18-1 -> 1.3379736 | Y47: =Y18/X18-1 -> 1.2528875 | Z47: =Z18/Y18-1 -> 0.62755955 | AA47: =AA18/Z18-1 -> 0.60965194
A48: Hardware revenue
A49: Bitcoin revenue | H49: =H20/D20-1 -> 5.9988888 | I49: =I20/E20-1 -> 10.017729 | J49: =J20/F20-1 -> 8.890492 | K49: =K20/G20-1 -> 10.470405 | L49: =L20/H20-1 -> 2.1118594 | M49: =M20/I20-1 -> 0.11133677 | N49: =N20/J20-1 -> 0.11695312 | O49: =O20/K20-1 -> -0.50704657 | ... U49: =U20/Q20-1 -> 0.37488654 | X49: =X20/W20-1 -> 2.1015752 | Y49: =Y20/X20-1 -> 7.8516027 | Z49: =Z20/Y20-1 -> 1.1902117 | AA49: =AA20/Z20-1 -> -0.28961283
A50: Revenue | H50: =H21/D21-1 -> 3.6076824 | I50: =I21/E21-1 -> 5.7372166 | J50: =J21/F21-1 -> 5.021893 | K50: =K21/G21-1 -> 6.6559789 | L50: =L21/H21-1 -> 1.7745372 | M50: =M21/I21-1 -> 0.15712936 | N50: =N21/J21-1 -> 0.1750465 | O50: =O21/K21-1 -> -0.39045122 | ... U50: =U21/Q21-1 -> 0.33523757 | X50: =X21/W21-1 -> 1.5708555 | Y50: =Y21/X21-1 -> 4.398328 | Z50: =Z21/Y21-1 -> 1.0634555 | AA50: =AA21/Z21-1 -> -0.13717577
A51: Cost of goods sold | H51: =H22/D22-1 -> 4.9245514 | I51: =I22/E22-1 -> 8.1717298 | J51: =J22/F22-1 -> 7.2867318 | K51: =K22/G22-1 -> 9.275524 | L51: =L22/H22-1 -> 2.028851 | M51: =M22/I22-1 -> 0.11787848 | N51: =N22/J22-1 -> 0.13326827 | O51: =O22/K22-1 -> -0.48120315 | ... U51: =U22/Q22-1 -> 0.36153734 | X51: =X22/W22-1 -> 1.7546213 | Y51: =Y22/X22-1 -> 6.3199276 | Z51: =Z22/Y22-1 -> 1.1600394 | AA51: =AA22/Z22-1 -> -0.25081457
A52: Gross profit | H52: =H23/D23-1 -> 1.6681254 | I52: =I23/E23-1 -> 2.1186655 | J52: =J23/F23-1 -> 1.6152153 | K52: =K23/G23-1 -> 1.7115393 | L52: =L23/H23-1 -> 0.94281353 | M52: =M23/I23-1 -> 0.32870452 | N52: =N23/J23-1 -> 0.37416868 | O52: =O23/K23-1 -> 0.25868392 | ... U52: =U23/Q23-1 -> 0.27036296 | X52: =X23/W23-1 -> 1.349003 | Y52: =Y23/X23-1 -> 1.6778757 | Z52: =Z23/Y23-1 -> 0.68969009 | AA52: =AA23/Z23-1 -> 0.42500484
A54: Corporate and other(1)
A55: Transaction-based revenue
A56: Subscription and services-based revenue | P56: =P27/L27-1 -> 0.45772318 | Q56: =Q27/M27-1 -> -0.026279271 | R56: =R27/N27-1 -> -0.31662269 | S56: =S27/O27-1 -> -0.073372651 | T56: =T27/P27-1 -> -0.11896342 | U56: =U27/Q27-1 -> -0.10603011 | AA56: =AA30/Z30-1 -> 0.3497729
A57: Hardware revenue
A58: Bitcoin revenue
A59: Revenue | P59: =P30/L30-1 -> 0.45772318 | Q59: =Q30/M30-1 -> -0.026279271 | R59: =R30/N30-1 -> -0.31662269 | S59: =S30/O30-1 -> -0.073372651 | T59: =T30/P30-1 -> -0.11896342 | U59: =U30/Q30-1 -> -0.10603011 | AA59: =AA30/Z30-1 -> 0.3497729
A60: Cost of goods sold | P60: =P31/L31-1 -> 0.63209588 | Q60: =Q31/M31-1 -> 0.09691578 | R60: =R31/N31-1 -> -0.44038719 | S60: =S31/O31-1 -> -0.15712745 | T60: =T31/P31-1 -> -0.15210942 | U60: =U31/Q31-1 -> -0.25649686 | AA60: =AA31/Z31-1 -> 0.3802384
A61: Gross profit | P61: =P32/L32-1 -> -0.056512052 | Q61: =Q32/M32-1 -> -0.36810057 | R61: =R32/N32-1 -> 0.52291143 | S61: =S32/O32-1 -> 0.29652778 | T61: =T32/P32-1 -> 0.050128811 | U61: =U32/Q32-1 -> 0.61869236 | AA61: =AA32/Z32-1 -> 0.23655781
A63: Note: Numbers for the six months and three months ended June 30, 2019 exclude Caviar (refer to "Pro Forma ex-Caviar" tab). In November 2019, the Company sold the Caviar business, a food ordering and delivery platform that does not align with and further contribute to the two operating segments.
A64: Note: On January 31, 2022, we completed our acquisition of Afterpay, a global BNPL platform. Afterpay began contributing to our results in February 2022. We recognize Afterpay revenue as subscription and services-based revenue and Afterpay gross profit as subscription and services-based gross profit, and have allocated 50% of Afterpay revenue and gross profit to each of Square and Cash App. Revenue from the BNPL platform includes fees generated from consumer receivables, late fees, and certain affiliate and advertising fees from the platform.
A65: (1) Corporate and other represents results related to products and services that are not assigned to a specific reportable segment, and intersegment eliminations. Comparable prior period amounts have not been disclosed as they were not material.

Sheet Combined Company Metrics
A1: Block, Inc.
A2: Combined Company Metrics
A3: (In millions, except for per share amounts)
A4: (Unaudited) | C4: Three months ended
C5: 44561 | D5: 44592
C6: Dec 31, | D6: Mar 31, | E6: Dec 31, | F6: Mar 31,
A7: Block | C7: 2021 | D7: 2022 | E7: 2022 | F7: 2023
A8: Gross profit (GAAP) | C8: ='GAAP IS'!AD24/1000 -> 1182.042 | D8: ='GAAP IS'!AE24/1000 -> 1294.96 | E8: ='GAAP IS'!AH24/1000 -> 1660.195 | F8: ='GAAP IS'!AI24/1000 -> 1714.584
A9: Plus: BNPL Platform contribution assuming our BNPL Platform was acquired on October 1, 2021 | C9: 185.2 | D9: 50.7 | E9: 0 | F9: 0
A10: Block combined company gross profit | C10: =C8+C9 -> 1367.242 | D10: =D8+D9 -> 1345.66 | E10: =E8+E9 -> 1660.195 | F10: =F8+F9 -> 1714.584
A12: Square
A13: Segment gross profit (GAAP) | C13: ='Segment Information'!N14/1000 -> 657.292 | D13: ='Segment Information'!O14/1000 -> 661.221 | E13: ='Segment Information'!R14/1000 -> 801.349 | F13: ='Segment Information'!S14/1000 -> 770.275
A14: Plus: BNPL Platform contribution assuming our BNPL Platform was acquired on October 1, 2021 | C14: =C9/2 -> 92.6 | D14: =D9/2 -> 25.35 | E14: 0 | F14: 0
A15: Square combined company gross profit | C15: =C13+C14 -> 749.892 | D15: =D13+D14 -> 686.571 | E15: =E13+E14 -> 801.349 | F15: =F13+F14 -> 770.275
A16: Less: PPP contribution to segment gross profit | C16: ='Operating Metrics'!AD54/1000 -> 0.058621759 | D16: ='Operating Metrics'!AE54/1000 -> 0.051454326 | E16: ='Operating Metrics'!AH54/1000 -> 0.002093696 | F16: ='Operating Metrics'!AI54/1000 -> 0.00069253663
A17: Square combined company gross profit, excluding PPP contributions | C17: =C15-C16 -> 749.83338 | D17: =D15-D16 -> 686.51955 | E17: =E15-E16 -> 801.34691 | F17: =F15-F16 -> 770.27431
A19: Cash App
A20: Segment gross profit (GAAP) | C20: ='Segment Information'!N23/1000 -> 517.593 | D20: ='Segment Information'!O23/1000 -> 623.659 | E20: ='Segment Information'!R23/1000 -> 847.944 | F20: ='Segment Information'!S23/1000 -> 931.24
A21: Plus: BNPL Platform contribution assuming our BNPL Platform was acquired on October 1, 2021 | C21: =C9/2 -> 92.6 | D21: =D9/2 -> 25.35 | E21: 0 | F21: 0
A22: Cash App combined company gross profit | C22: =C20+C21 -> 610.193 | D22: =D20+D21 -> 649.009 | E22: =E20+E21 -> 847.944 | F22: =F20+F21 -> 931.24
A24: Note: Given we acquired our BNPL platform on January 31, 2022 through the acquisition of Afterpay, we believe Block combined company gross profit is more representative of underlying growth trends in the fourth quarter of 2022 and the first quarter of 2023. Block combined company gross profit is calculated assuming a $185 million gross profit contribution from our BNPL platform in the fourth quarter of 2021, and a $51 million gross profit contribution from our BNPL platform in January 2022, as if our BNPL platform had been acquired on October 1, 2021.

Sheet Segment Information ex-BNPL
A1: Block, Inc.
A2: Segment Information ex-BNPL Platform
A3: (In thousands, except for per share amounts)
A4: (Unaudited) | C4: Three months ended | H4: Year ended
C5: 44651 | D5: 44742 | E5: 44834 | F5: 44926 | H5: 44926
C6: Mar 31, | D6: June 30, | E6: Sep 30, | F6: Dec 31, | H6: Dec 31,
A7: Square ecosystem | C7: 2022 | D7: 2022 | E7: 2022 | F7: 2022 | H7: 2022
A8: Segment revenue (GAAP) | C8: ='Segment Information'!O12 -> 1443704 | D8: ='Segment Information'!P12 -> 1725525 | E8: ='Segment Information'!Q12 -> 1774522 | F8: ='Segment Information'!R12 -> 1756079 | H8: ='Segment Information'!AA12 -> 6699830
A9: Less: BNPL Platform contribution to segment revenue | C9: 64882 | D9: 104063 | E9: 104966.5 | F9: 131782 | H9: =SUM(C9:F9) -> 405693.5
A10: Total segment revenue, excluding BNPL Platform | C10: =C8-C9 -> 1378822 | D10: =D8-D9 -> 1621462 | E10: =E8-E9 -> 1669555.5 | F10: =F8-F9 -> 1624297 | H10: =H8-H9 -> 6294136.5
A11: Segment cost of revenue (GAAP) | C11: ='Segment Information'!O13 -> 782483 | D11: ='Segment Information'!P13 -> 970086 | E11: ='Segment Information'!Q13 -> 991554 | F11: ='Segment Information'!R13 -> 954730 | H11: ='Segment Information'!AA13 -> 3698852
A12: Less: BNPL Platform contribution to segment cost of revenue | C12: 18741 | D12: 29239 | E12: 30101.5 | F12: 33536 | H12: =SUM(C12:F12) -> 111617.5
A13: Total segment cost of revenue, excluding BNPL Platform | C13: =C11-C12 -> 763742 | D13: =D11-D12 -> 940847 | E13: =E11-E12 -> 961452.5 | F13: =F11-F12 -> 921194 | H13: =H11-H12 -> 3587234.5
A14: Segment gross profit (GAAP) | C14: =C8-C11 -> 661221 | D14: =D8-D11 -> 755439 | E14: =E8-E11 -> 782968 | F14: =F8-F11 -> 801349 | H14: =H8-H11 -> 3000978
A15: Less: BNPL Platform contribution to segment gross profit | C15: =C9-C12 -> 46141 | D15: =D9-D12 -> 74824 | E15: =E9-E12 -> 74865 | F15: =F9-F12 -> 98246 | H15: =H9-H12 -> 294076
A16: Total segment gross profit, excluding BNPL Platform | C16: =C14-C15 -> 615080 | D16: =D14-D15 -> 680615 | E16: =E14-E15 -> 708103 | F16: =F14-F15 -> 703103 | H16: =H14-H15 -> 2706902
A18: Cash App ecosystem
A19: Segment revenue (GAAP) | C19: ='Segment Information'!O21 -> 2462343 | D19: ='Segment Information'!P21 -> 2622133 | E19: ='Segment Information'!Q21 -> 2684884 | F19: ='Segment Information'!R21 -> 2856750 | H19: ='Segment Information'!AA21 -> 10626111
A20: Less: BNPL Platform contribution to segment revenue | C20: 64882 | D20: 104063 | E20: 104966.5 | F20: 131782 | H20: =SUM(C20:F20) -> 405693.5
A21: Total segment revenue, excluding BNPL Platform | C21: =C19-C20 -> 2397461 | D21: =D19-D20 -> 2518070 | E21: =E19-E20 -> 2579917.5 | F21: =F19-F20 -> 2724968 | H21: =H19-H20 -> 10220418
A22: Segment cost of revenue (GAAP) | C22: ='Segment Information'!O22 -> 1838684 | D22: ='Segment Information'!P22 -> 1917240 | E22: ='Segment Information'!Q22 -> 1910414 | F22: ='Segment Information'!R22 -> 2008806 | H22: ='Segment Information'!AA22 -> 7675144
A23: Less: BNPL Platform contribution to segment cost of revenue | C23: 18741 | D23: 29239 | E23: 30101.5 | F23: 33536 | H23: =SUM(C23:F23) -> 111617.5
A24: Total segment cost of revenue, excluding BNPL Platform | C24: =C22-C23 -> 1819943 | D24: =D22-D23 -> 1888001 | E24: =E22-E23 -> 1880312.5 | F24: =F22-F23 -> 1975270 | H24: =H22-H23 -> 7563526.5
A25: Segment gross profit (GAAP) | C25: =C19-C22 -> 623659 | D25: =D19-D22 -> 704893 | E25: =E19-E22 -> 774470 | F25: =F19-F22 -> 847944 | H25: =H19-H22 -> 2950967
A26: Less: BNPL Platform contribution to segment gross profit | C26: =C20-C23 -> 46141 | D26: =D20-D23 -> 74824 | E26: =E20-E23 -> 74865 | F26: =F20-F23 -> 98246 | H26: =H20-H23 -> 294076
A27: Total segment gross profit, excluding BNPL Platform | C27: =C25-C26 -> 577518 | D27: =D25-D26 -> 630069 | E27: =E25-E26 -> 699605 | F27: =F25-F26 -> 749698 | H27: =H25-H26 -> 2656891

Sheet Pro Forma ex-Caviar
A1: Block, Inc.
A2: Select Financial Results, Pro Forma ex-Caviar
A3: (In thousands, except for per share amounts)
A4: (Unaudited) | C4: Three months ended | G4: Three months ended
C5: Mar 31, | D5: June 30, | E5: Sep 30, | F5: Dec 31, | G5: Mar 31, | H5: June 30, | I5: Sep 30, | J5: Oct 31,
C6: 2018 | D6: 2018 | E6: 2018 | F6: 2018 | G6: 2019 | H6: 2019 | I6: 2019 | J6: 2019
A7: Total net revenue, in accordance with GAAP | C7: ='GAAP IS'!O14 -> 668603 | D7: ='GAAP IS'!P14 -> 814938 | E7: ='GAAP IS'!Q14 -> 882108 | F7: ='GAAP IS'!R14 -> 932528 | G7: ='GAAP IS'!S14 -> 959359 | H7: ='GAAP IS'!T14 -> 1174238 | I7: ='GAAP IS'!U14 -> 1266474 | J7: ='GAAP IS'!V14 -> 1313429
A8: Caviar | C8: 27469 | D8: 36927 | E8: 39583 | F8: 44283 | G8: 46531 | H8: 43389 | I8: 40947 | J8: 15054
A9: Total net revenue ex-Caviar | C9: =C7-C8 -> 641134 | D9: =D7-D8 -> 778011 | E9: =E7-E8 -> 842525 | F9: =F7-F8 -> 888245 | G9: =G7-G8 -> 912828 | H9: =H7-H8 -> 1130849 | I9: =I7-I8 -> 1225527 | J9: =J7-J8 -> 1298375
A11: Subscription and services-based revenue | C11: ='GAAP IS'!O11 -> 97054 | D11: ='GAAP IS'!P11 -> 134332 | E11: ='GAAP IS'!Q11 -> 166203 | F11: ='GAAP IS'!R11 -> 194117 | G11: ='GAAP IS'!S11 -> 218857 | H11: ='GAAP IS'!T11 -> 251383 | I11: ='GAAP IS'!U11 -> 279801 | J11: ='GAAP IS'!V11 -> 281415
A12: Caviar | C12: =C8 -> 27469 | D12: =D8 -> 36927 | E12: =E8 -> 39583 | F12: =F8 -> 44283 | G12: =G8 -> 46531 | H12: =H8 -> 43389 | I12: =I8 -> 40947 | J12: =J8 -> 15054
A13: Subscription and services-based revenue ex-Caviar | C13: =C11-C12 -> 69585 | D13: =D11-D12 -> 97405 | E13: =E11-E12 -> 126620 | F13: =F11-F12 -> 149834 | G13: =G11-G12 -> 172326 | H13: =H11-H12 -> 207994 | I13: =I11-I12 -> 238854 | J13: =J11-J12 -> 266361
A15: Adjusted Revenue | C15: ='Non-GAAP IS'!O13 -> 306820 | D15: ='Non-GAAP IS'!P13 -> 385433 | E15: ='Non-GAAP IS'!Q13 -> 431136 | F15: ='Non-GAAP IS'!R13 -> 464252 | G15: ='Non-GAAP IS'!S13 -> 489050 | H15: ='Non-GAAP IS'!T13 -> 562800 | I15: ='Non-GAAP IS'!U13 -> 602219 | J15: ='Non-GAAP IS'!V13 -> 619610
A16: Caviar | C16: =C8 -> 27469 | D16: =D8 -> 36927 | E16: =E8 -> 39583 | F16: =F8 -> 44283 | G16: =G8 -> 46531 | H16: =H8 -> 43389 | I16: =I8 -> 40947
A17: Adjusted Revenue ex-Caviar | C17: =C15-C16 -> 279351 | D17: =D15-D16 -> 348506 | E17: =E15-E16 -> 391553 | F17: =F15-F16 -> 419969 | G17: =G15-G16 -> 442519 | H17: =H15-H16 -> 519411 | I17: =I15-I16 -> 561272
A19: Cost of revenue, in accordance with GAAP | C19: ='GAAP IS'!O23 -> 413433 | D19: ='GAAP IS'!P23 -> 499122 | E19: ='GAAP IS'!Q23 -> 529448 | F19: ='GAAP IS'!R23 -> 552474 | G19: ='GAAP IS'!S23 -> 562605 | H19: ='GAAP IS'!T23 -> 708393 | I19: ='GAAP IS'!U23 -> 766437 | J19: ='GAAP IS'!V23 -> 786380
A20: Caviar cost of revenue | C20: 21223 | D20: 27569 | E20: 29820 | F20: 33549 | G20: 35091 | H20: 30093 | I20: 28284 | J20: 10666
A21: Cost of revenue ex-Caviar | C21: =C19-C20 -> 392210 | D21: =D19-D20 -> 471553 | E21: =E19-E20 -> 499628 | F21: =F19-F20 -> 518925 | G21: =G19-G20 -> 527514 | H21: =H19-H20 -> 678300 | I21: =I19-I20 -> 738153 | J21: =J19-J20 -> 775714
A23: Gross profit, in accordance with GAAP | C23: ='GAAP IS'!O24 -> 255170 | D23: ='GAAP IS'!P24 -> 315816 | E23: ='GAAP IS'!Q24 -> 352660 | F23: ='GAAP IS'!R24 -> 380054 | G23: ='GAAP IS'!S24 -> 396754 | H23: ='GAAP IS'!T24 -> 465845 | I23: ='GAAP IS'!U24 -> 500037 | J23: ='GAAP IS'!V24 -> 527049
A24: Caviar | C24: 6246 | D24: 9358 | E24: 9763 | F24: 10734 | G24: 11440 | H24: 13296 | I24: 12663 | J24: 4380
A25: Gross profit ex-Caviar | C25: =C23-C24 -> 248924 | D25: =D23-D24 -> 306458 | E25: =E23-E24 -> 342897 | F25: =F23-F24 -> 369320 | G25: =G23-G24 -> 385314 | H25: =H23-H24 -> 452549 | I25: =I23-I24 -> 487374 | J25: =J23-J24 -> 522669
A27: Operating expenses, in accordance with GAAP | C27: ='GAAP IS'!O33 -> 276162 | D27: ='GAAP IS'!P33 -> 318463 | E27: ='GAAP IS'!Q33 -> 362527 | F27: ='GAAP IS'!R33 -> 383162 | G27: ='GAAP IS'!S33 -> 418796 | H27: ='GAAP IS'!T33 -> 466688 | I27: ='GAAP IS'!U33 -> 467943 | J27: ='GAAP IS'!V33 -> 509701
A28: Caviar product development | C28: 3095 | D28: 2759 | E28: 3709 | F28: 4100 | G28: 4711 | H28: 5413 | I28: 5591 | J28: 950
A29: Caviar sales and marketing | C29: 4165 | D29: 3883 | E29: 3428 | F29: 4533 | G29: 5229 | H29: 5593 | I29: 6205 | J29: 1893
A30: Caviar general and administrative | C30: 6338 | D30: 3983 | E30: 7540 | F30: 8976 | G30: 8108 | H30: 8908 | I30: 8949 | J30: 3980
A31: Caviar total operating expenses | C31: =SUM(C28:C30) -> 13598 | D31: =SUM(D28:D30) -> 10625 | E31: =SUM(E28:E30) -> 14677 | F31: =SUM(F28:F30) -> 17609 | G31: =SUM(G28:G30) -> 18048 | H31: =SUM(H28:H30) -> 19914 | I31: =SUM(I28:I30) -> 20745 | J31: =SUM(J28:J30) -> 6823
A32: Operating expenses ex-Caviar | C32: =C27-C31 -> 262564 | D32: =D27-D31 -> 307838 | E32: =E27-E31 -> 347850 | F32: =F27-F31 -> 365553 | G32: =G27-G31 -> 400748 | H32: =H27-H31 -> 446774 | I32: =I27-I31 -> 447198 | J32: =J27-J31 -> 502878
A34: Operating income (loss), in accordance with GAAP | C34: ='GAAP IS'!O34 -> -20992 | D34: ='GAAP IS'!P34 -> -2647 | E34: ='GAAP IS'!Q34 -> -9867 | F34: ='GAAP IS'!R34 -> -3108 | G34: ='GAAP IS'!S34 -> -22042 | H34: ='GAAP IS'!T34 -> -843 | I34: ='GAAP IS'!U34 -> 32094 | J34: ='GAAP IS'!V34 -> 17348
A35: Caviar operating income (loss) | C35: =C24-C31 -> -7352 | D35: =D24-D31 -> -1267 | E35: =E24-E31 -> -4914 | F35: =F24-F31 -> -6875 | G35: =G24-G31 -> -6608 | H35: =H24-H31 -> -6618 | I35: =I24-I31 -> -8082 | J35: =J24-J31 -> -2443
A36: Operating income ex-Caviar | C36: =C25-C32 -> -13640 | D36: =D25-D32 -> -1380 | E36: =E25-E32 -> -4953 | F36: =F25-F32 -> 3767 | G36: =G25-G32 -> -15434 | H36: =H25-H32 -> 5775 | I36: =I25-I32 -> 40176 | J36: =J25-J32 -> 19791
A38: Adjusted EBITDA (reported) | C38: ='Non-GAAP IS'!O32 -> 35894 | D38: ='Non-GAAP IS'!P32 -> 68322 | E38: ='Non-GAAP IS'!Q32 -> 70997 | F38: ='Non-GAAP IS'!R32 -> 81310 | G38: ='Non-GAAP IS'!S32 -> 61697 | H38: ='Non-GAAP IS'!T32 -> 105304 | I38: ='Non-GAAP IS'!U32 -> 131323 | J38: ='Non-GAAP IS'!V32 -> 118529
A39: =A35 -> Caviar operating income (loss) | C39: =C35 -> -7352 | D39: =D35 -> -1267 | E39: =E35 -> -4914 | F39: =F35 -> -6875 | G39: =G35 -> -6608 | H39: =H35 -> -6618 | I39: =I35 -> -8082 | J39: =J35 -> -2443
A40: Caviar share-based compensation expense | C40: 1734 | D40: 1837 | E40: 2254 | F40: 2293 | G40: 2592 | H40: 3483 | I40: 3729 | J40: -685
A41: Caviar depreciation and amortization | C41: 387 | D41: 539 | E41: 547 | F41: 659 | G41: 657 | H41: 544 | I41: 842 | J41: 0
A42: Caviar other (income) expense, net | C42: 152 | D42: -83 | E42: -50 | F42: 96 | G42: 18 | H42: 336 | I42: 104 | J42: 1018
A43: Caviar Adjusted EBITDA | C43: -5079 | D43: 1026 | E43: -2163 | F43: -3827 | G43: -3341 | H43: -2155 | I43: -3427 | J43: -2110
A44: Adjusted EBITDA ex-Caviar | C44: =C38-C43 -> 40973 | D44: =D38-D43 -> 67296 | E44: =E38-E43 -> 73160 | F44: =F38-F43 -> 85137 | G44: =G38-G43 -> 65038 | H44: =H38-H43 -> 107459 | I44: =I38-I43 -> 134750 | J44: =J38-J43 -> 120639
A46: Year-over-year growth metrics
A47: Total net revenue, in accordance with GAAP | G47: =G7/C7-1 -> 0.43487092 | H47: =H7/D7-1 -> 0.44089244 | I47: =I7/E7-1 -> 0.43573576 | J47: =J7/F7-1 -> 0.40846066
A48: Total net revenue ex-Caviar | G48: =G9/C9-1 -> 0.42377101 | H48: =H9/D9-1 -> 0.45351287 | I48: =I9/E9-1 -> 0.45458829 | J48: =J9/F9-1 -> 0.46173072
A50: Adjusted Revenue | G50: =G15/C15-1 -> 0.5939313 | H50: =H15/D15-1 -> 0.46017596 | I50: =I15/E15-1 -> 0.3968191
A51: Adjusted Revenue ex-Caviar | G51: =G17/C17-1 -> 0.58409671 | H51: =H17/D17-1 -> 0.49039328 | I51: =I17/E17-1 -> 0.4334509
A53: Subscription and services-based revenue | G53: =G11/C11-1 -> 1.2550024 | H53: =H11/D11-1 -> 0.87135604 | I53: =I11/E11-1 -> 0.68348947 | J53: =J11/F11-1 -> 0.44971847
A54: Subscription and services-based revenue ex-Caviar | G54: =G13/C13-1 -> 1.476482 | H54: =H13/D13-1 -> 1.1353524 | I54: =I13/E13-1 -> 0.88638446 | J54: =J13/F13-1 -> 0.77770733
A56: Gross profit, in accordance with GAAP | G56: =G23/C23-1 -> 0.55486146 | H56: =H23/D23-1 -> 0.47505193 | I56: =I23/E23-1 -> 0.41790109 | J56: =J23/F23-1 -> 0.38677398
A57: Gross profit ex-Caviar | G57: =G25/C25-1 -> 0.54791824 | H57: =H25/D25-1 -> 0.47670806 | I57: =I25/E25-1 -> 0.42134227 | J57: =J25/F25-1 -> 0.41521986
A59: Adjusted EBITDA | G59: =G38/C38-1 -> 0.71886666 | H59: =H38/D38-1 -> 0.54128977 | I59: =I38/E38-1 -> 0.84969787 | J59: =J38/F38-1 -> 0.45774198
A60: Adjusted EBITDA ex-Caviar | G60: =G44/C44-1 -> 0.587338 | H60: =H44/D44-1 -> 0.5968111 | I60: =I44/E44-1 -> 0.84185347 | J60: =J44/F44-1 -> 0.41699848
A62: Note: Adjusted EBITDA is excluded from both GAAP Revenue and Adjusted Revenue for the margin metrics. Adjusted EBITDA ex-Caviar is excluded from GAAP revenue ex-Caviar and Adjusted Revenue ex-Caviar for margin metrics.
